Workbook

Sheet SALARIO (2)
A1: MUNICIPIO DE MEDELLIN
A2: SECRETARIA DE BIENESTAR SOCIAL
A3: EQUIPO DE COSTOS
G5: Incremento SMMLV 2010 | J5: 0.0364258
A6: NIVEL DE FORMACION | B6: EXPERIENCIA | E6: ESTUDIOS | I6: SALARIO | O6: SUBSIDIO DE TRANSPORTE 2010 | Q6: Inflación 2011: 3,8% | R6: Inflación 2011: 4%
B7: SIN EXPERIENCIA | C7: 1 A 2 AÑOS | D7: 2 A 5 AÑOS | E7: PREGRADO | F7: ESPECIA LIZACION | G7: MAESTRIA | H7: BILINGÜE | I7: BASICO MENSUAL 2009 | J7: BASICO MENSUAL 2010 | K7: MINISTERIO DE EDUCACIÓN NACIONAL | L7: WWW.TUSALARIO.ORG/COLOMBIA/ | M7: COMPUTRABAJO.COM | N7: PROMEDIO | P7: Proyeccion 2011 al 2,7% | Q7: Proyeccion 2011 al 3,8% | R7: Proyeccion 2011 al 3,373%
A8: COORDINADOR
A9: Coordinador General del Programa (1) | B9: X | E9: X | L9: 1523738 | N9: =+L9 -> 1523738 | P9: =1.027*N9 -> 1564878.9 | Q9: =+N9*1.038 -> 1581640 | R9: =+Q9*1.0373 -> 1640635.2
A10: Coordinador General del Programa (2) | C10: X | E10: X | I10: 1915271.3 | J10: =I10*1.03 -> 1972729.4 | L10: 1951090 | N10: =+AVERAGE(J10:L10) -> 1961909.7 | O10: =+IF(N10<=1030000,61500,0) -> 0 | P10: =1.027*N10 -> 2014881.3 | Q10: =+N10*1.038 -> 2036462.3 | R10: =+Q10*1.0373 -> 2112422.3
A11: Coordinador General del Programa (3) | D11: X | F11: X | I11: 2992611.4 | J11: =I11*1.03 -> 3082389.8 | N11: =+AVERAGE(J11:L11) -> 3082389.8 | O11: =+IF(N11<=1030000,61500,0) -> 0 | P11: =1.027*N11 -> 3165614.3 | Q11: =+N11*1.038 -> 3199520.6 | R11: =+Q11*1.0373 -> 3318862.7
A12: Coordinador General del Programa (4) | D12: X | G12: X | I12: 3202707.2 | J12: =I12*1.03 -> 3298788.4 | N12: =+AVERAGE(J12:L12) -> 3298788.4 | O12: =+IF(N12<=1030000,61500,0) -> 0 | P12: =1.027*N12 -> 3387855.7 | Q12: =+N12*1.038 -> 3424142.4 | R12: =+Q12*1.0373 -> 3551862.9
A13: Coordinador Area | E13: x
A14: Auxiliar Coordinador (1) | C14: X | F14: X | I14: 2510202.9 | J14: =I14*1.03 -> 2585509 | N14: =+AVERAGE(J14:L14) -> 2585509 | O14: =+IF(N14<=1030000,61500,0) -> 0 | P14: =1.027*N14 -> 2655317.7 | Q14: =+N14*1.038 -> 2683758.3 | R14: =+Q14*1.0373 -> 2783862.5
A15: Auxiliar Coordinador (2) | C15: X | I15: 1631632 | J15: =I15*1.03 -> 1680581 | N15: =+AVERAGE(J15:L15) -> 1680581 | O15: =+IF(N15<=1030000,61500,0) -> 0 | P15: =1.027*N15 -> 1725956.7 | Q15: =+N15*1.038 -> 1744443 | R15: =+Q15*1.0373 -> 1809510.8
A16: Operador Coordinador (Bachiller) | D16: X | I16: 957635.65 | J16: =I16*1.03 -> 986364.72 | N16: =+AVERAGE(J16:L16) -> 986364.72 | O16: 63600 | P16: =1.027*N16 -> 1012996.6 | Q16: =+N16*1.038 -> 1023846.6 | R16: =+Q16*1.0373 -> 1062036.1
A17: TÉCNICO | P17: =1.027*N17 -> 0 | Q17: =+N17*1.038 -> 0 | R17: =+Q17*1.0373 -> 0
A18: Técnico (1) | B18: X | J18: 635270 | N18: =+AVERAGE(J18:L18) -> 635270 | O18: =+O16 -> 63600 | P18: =1.027*N18 -> 652422.29 | Q18: =+N18*1.038 -> 659410.26 | R18: =+Q18*1.0373 -> 684006.26
A19: Técnico (2) | C19: X | I19: 753061.1 | J19: =I19*1.03 -> 775652.94 | K19: 653081 | N19: =+AVERAGE(J19:L19) -> 714366.97 | O19: =+O18 -> 63600 | P19: =1.027*N19 -> 733654.88 | Q19: =+N19*1.038 -> 741512.91 | R19: =+Q19*1.0373 -> 769171.35
A20: Técnico (3) | D20: X | J20: 817850 | K20: 807446 | N20: =+AVERAGE(J20:L20) -> 812648 | O20: =+O19 -> 63600 | P20: =1.027*N20 -> 834589.5 | Q20: =+N20*1.038 -> 843528.62 | R20: =+Q20*1.0373 -> 874992.24
A21: Técnico (4) | D21: X | H21: X | K21: 1258666 | N21: =+AVERAGE(J21:L21) -> 1258666 | O21: =+IF(N21<=1030000,61500,0) -> 0 | P21: =1.027*N21 -> 1292650 | Q21: =+N21*1.038 -> 1306495.3 | R21: =+Q21*1.0373 -> 1355227.6
A22: TECNÓLOGO | P22: =1.027*N22 -> 0 | Q22: =+N22*1.038 -> 0 | R22: =+Q22*1.0373 -> 0
A23: Tecnólogo (1) | B23: X | K23: 831194 | N23: =+AVERAGE(J23:L23) -> 831194 | O23: =+O20 -> 63600 | P23: =1.027*N23 -> 853636.24 | Q23: =+N23*1.038 -> 862779.37 | R23: =+Q23*1.0373 -> 894961.04
A24: Tecnólogo (2) | C24: X | I24: 941326.38 | J24: =I24*1.03 -> 969566.17 | K24: 1128050 | N24: =+AVERAGE(J24:L24) -> 1048808.1 | O24: =+IF(N24<=1030000,61500,0) -> 0 | P24: =1.027*N24 -> 1077125.9 | Q24: =+N24*1.038 -> 1088662.8 | R24: =+Q24*1.0373 -> 1129269.9
A25: Tecnólogo (3) | C25: X | H25: X | K25: 1424905 | N25: =+AVERAGE(J25:L25) -> 1424905 | O25: =+IF(N25<=1030000,61500,0) -> 0 | P25: =1.027*N25 -> 1463377.4 | Q25: =+N25*1.038 -> 1479051.4 | R25: =+Q25*1.0373 -> 1534220
A26: Tecnólogo (4) | D26: X | I26: 1089519.1 | J26: =I26*1.03 -> 1122204.6 | K26: 1424905 | N26: =+AVERAGE(J26:L26) -> 1273554.8 | O26: =+IF(N26<=1030000,61500,0) -> 0 | P26: =1.027*N26 -> 1307940.8 | Q26: =+N26*1.038 -> 1321949.9 | R26: =+Q26*1.0373 -> 1371258.6
A27: PROFESIONAL | P27: =1.027*N27 -> 0 | Q27: =+N27*1.038 -> 0 | R27: =+Q27*1.0373 -> 0
A28: Profesional (1) | B28: X | E28: X | K28: 1455313 | L28: 1615279 | N28: =+AVERAGE(J28:L28) -> 1535296 | O28: =+IF(N28<=1030000,61500,0) -> 0 | P28: =1.027*N28 -> 1576749 | Q28: =+N28*1.038 -> 1593637.2 | R28: =+Q28*1.0373 -> 1653079.9
A29: Profesional (2) | B29: X | E29: X | H29: X | K29: 2015049 | N29: =+AVERAGE(J29:L29) -> 2015049 | O29: =+IF(N29<=1030000,61500,0) -> 0 | P29: =1.027*N29 -> 2069455.3 | Q29: =+N29*1.038 -> 2091620.9 | R29: =+Q29*1.0373 -> 2169638.3
A30: Profesional (3) | C30: X | E30: X | I30: 1506121.1 | J30: =I30*1.03 -> 1551304.7 | L30: 1669323 | N30: =+AVERAGE(J30:L30) -> 1610313.8 | O30: =+IF(N30<=1030000,61500,0) -> 0 | P30: =1.027*N30 -> 1653792.3 | Q30: =+N30*1.038 -> 1671505.8 | R30: =+Q30*1.0373 -> 1733852.9
A31: Profesional (4) | D31: X | E31: X | K31: 1791155 | L31: 1777980 | N31: =+AVERAGE(J31:L31) -> 1784567.5 | O31: =+IF(N31<=1030000,61500,0) -> 0 | P31: =1.027*N31 -> 1832750.8 | Q31: =+N31*1.038 -> 1852381.1 | R31: =+Q31*1.0373 -> 1921474.9
A32: Profesional (5) | D32: X | E32: X | H32: X | K32: 2359496 | P32: =1.027*N32 -> 0 | Q32: =+N32*1.038 -> 0 | R32: =+Q32*1.0373 -> 0
A33: Profesional (6) | B33: X | F33: X | K33: 2144996 | N33: =+AVERAGE(J33:L33) -> 2144996 | O33: =+IF(N33<=1030000,61500,0) -> 0 | P33: =1.027*N33 -> 2202910.9 | Q33: =+N33*1.038 -> 2226505.8 | R33: =+Q33*1.0373 -> 2309554.5
A34: Profesional (7) | B34: X | F34: X | H34: X | K34: 2681245 | N34: =+AVERAGE(J34:L34) -> 2681245 | O34: =+IF(N34<=1030000,61500,0) -> 0 | P34: =1.027*N34 -> 2753638.6 | Q34: =+N34*1.038 -> 2783132.3 | R34: =+Q34*1.0373 -> 2886943.1
A35: Profesional (8) | C35: X | F35: X | I35: 2259182.2 | J35: =I35*1.03 -> 2326957.6 | N35: =+AVERAGE(J35:L35) -> 2326957.6 | O35: =+IF(N35<=1030000,61500,0) -> 0 | P35: =1.027*N35 -> 2389785.5 | Q35: =+N35*1.038 -> 2415382 | R35: =+Q35*1.0373 -> 2505475.8
A36: Profesional (9) | D36: X | F36: X | K36: 2681245 | N36: =+AVERAGE(J36:L36) -> 2681245 | O36: =+IF(N36<=1030000,61500,0) -> 0 | P36: =1.027*N36 -> 2753638.6 | Q36: =+N36*1.038 -> 2783132.3 | R36: =+Q36*1.0373 -> 2886943.1
A37: Profesional (10) | D37: X | F37: X | H37: X | K37: 3002995 | N37: =+AVERAGE(J37:L37) -> 3002995 | O37: =+IF(N37<=1030000,61500,0) -> 0 | P37: =1.027*N37 -> 3084075.9 | Q37: =+N37*1.038 -> 3117108.8 | R37: =+Q37*1.0373 -> 3233377
A38: Profesional (11) | B38: X | G38: X | K38: 2788495 | N38: =+AVERAGE(J38:L38) -> 2788495 | O38: =+IF(N38<=1030000,61500,0) -> 0 | P38: =1.027*N38 -> 2863784.4 | Q38: =+N38*1.038 -> 2894457.8 | R38: =+Q38*1.0373 -> 3002421.1
A39: Profesional (12) | B39: X | G39: X | H39: X | K39: 3217494 | N39: =+AVERAGE(J39:L39) -> 3217494 | O39: =+IF(N39<=1030000,61500,0) -> 0 | P39: =1.027*N39 -> 3304366.3 | Q39: =+N39*1.038 -> 3339758.8 | R39: =+Q39*1.0373 -> 3464331.8
A40: Profesional (13) | D40: X | G40: X | I40: 2886732.3 | J40: =I40*1.03 -> 2973334.3 | K40: 3217494 | N40: =+AVERAGE(J40:L40) -> 3095414.1 | O40: =+IF(N40<=1030000,61500,0) -> 0 | P40: =1.027*N40 -> 3178990.3 | Q40: =+N40*1.038 -> 3213039.9 | R40: =+Q40*1.0373 -> 3332886.3
A41: Profesional (14) | D41: X | G41: X | H41: X | K41: 3753743 | N41: =+AVERAGE(J41:L41) -> 3753743 | O41: =+IF(N41<=1030000,61500,0) -> 0 | P41: =1.027*N41 -> 3855094.1 | Q41: =+N41*1.038 -> 3896385.2 | R41: =+Q41*1.0373 -> 4041720.4
A42: MEDICINA | P42: =1.027*N42 -> 0 | Q42: =+N42*1.038 -> 0 | R42: =+Q42*1.0373 -> 0
A43: Medico General | B43: X | E43: X | L43: 3366952 | N43: =+AVERAGE(J43:L43) -> 3366952 | O43: =+IF(N43<=1030000,61500,0) -> 0 | P43: =1.027*N43 -> 3457859.7 | Q43: =+N43*1.038 -> 3494896.2 | R43: =+Q43*1.0373 -> 3625255.8
A44: Medico General | C44: X | E44: X | I44: 2070916.9 | J44: =I44*1.03 -> 2133044.4 | L44: 3494911 | N44: =+AVERAGE(J44:L44) -> 2813977.7 | O44: =+IF(N44<=1030000,61500,0) -> 0 | P44: =1.027*N44 -> 2889955.1 | Q44: =+N44*1.038 -> 2920908.9 | R44: =+Q44*1.0373 -> 3029858.8
A45: Medico General | C45: X | F45: X | I45: 2864291.2 | J45: =I45*1.03 -> 2950219.9 | N45: =+AVERAGE(J45:L45) -> 2950219.9 | O45: =+IF(N45<=1030000,61500,0) -> 0 | P45: =1.027*N45 -> 3029875.8 | Q45: =+N45*1.038 -> 3062328.3 | R45: =+Q45*1.0373 -> 3176553.1
A46: Medico General | D46: X | E46: X | L46: 3623238 | N46: =+AVERAGE(J46:L46) -> 3623238 | O46: =+IF(N46<=1030000,61500,0) -> 0 | P46: =1.027*N46 -> 3721065.4 | Q46: =+N46*1.038 -> 3760921 | R46: =+Q46*1.0373 -> 3901203.4
A47: Enfermero Profesional | B47: X | M47: 1700000 | N47: =+AVERAGE(J47:M47) -> 1700000 | P47: =1.027*N47 -> 1745900 | Q47: =+N47*1.038 -> 1764600 | R47: =+Q47*1.0373 -> 1830419.6
A48: Enfermero Profesional | C48: X | M48: 1980000 | N48: =+AVERAGE(J48:M48) -> 1980000 | P48: =1.027*N48 -> 2033460 | Q48: =+N48*1.038 -> 2055240 | R48: =+Q48*1.0373 -> 2131900.5
A49: Auxiliar de Enfermería | C49: X | I49: 838091.6 | J49: =I49*1.03 -> 863234.35 | N49: =+AVERAGE(J49:L49) -> 863234.35 | O49: =+O50 -> 63600 | P49: =1.027*N49 -> 886541.67 | Q49: =+N49*1.038 -> 896037.25 | R49: =+Q49*1.0373 -> 929459.44
A50: Auxiliar de Gerontología | C50: X | I50: 753061.1 | J50: =I50*1.03 -> 775652.94 | N50: =+AVERAGE(J50:L50) -> 775652.94 | O50: =+O54 -> 63600 | P50: =1.027*N50 -> 796595.57 | Q50: =+N50*1.038 -> 805127.75 | R50: =+Q50*1.0373 -> 835159.01
A51: Medico Psiquiatra | D51: X | F51: X | I51: 3295628.8 | J51: =I51*1.03 -> 3394497.7 | N51: =+AVERAGE(J51:L51) -> 3394497.7 | O51: =+IF(N51<=1030000,61500,0) -> 0 | P51: =1.027*N51 -> 3486149.1 | Q51: =+N51*1.038 -> 3523488.6 | R51: =+Q51*1.0373 -> 3654914.7
A52: Odontologo | C52: X | I52: 2259182.2 | J52: =I52*1.03 -> 2326957.6 | N52: =+AVERAGE(J52:L52) -> 2326957.6 | O52: =+IF(N52<=1030000,61500,0) -> 0 | P52: =1.027*N52 -> 2389785.5 | Q52: =+N52*1.038 -> 2415382 | R52: =+Q52*1.0373 -> 2505475.8
A53: SECRETARIA | P53: =1.027*N53 -> 0 | Q53: =+N53*1.038 -> 0 | R53: =+Q53*1.0373 -> 0
A54: Secretaria General (Técnica) | C54: X | I54: 838091.6 | J54: =I54*1.03 -> 863234.35 | L54: 869687 | N54: =+AVERAGE(J54:L54) -> 866460.67 | O54: =+$O$62 -> 63600 | P54: =1.027*N54 -> 889855.11 | Q54: =+N54*1.038 -> 899386.18 | R54: =+Q54*1.0373 -> 932933.28
A55: Secretaria General (Atención al Público) | C55: X | L55: 918924 | N55: =L55 -> 918924 | O55: =+$O$62 -> 63600 | P55: =1.027*N55 -> 943734.95 | Q55: =+N55*1.038 -> 953843.11 | R55: =+Q55*1.0373 -> 989421.46
A56: Secretaria Auxiliar Contable (Tecnica) | C56: X | I56: 838091.6 | J56: =I56*1.03 -> 863234.35 | N56: =+AVERAGE(J56:L56) -> 863234.35 | O56: =+$O$62 -> 63600 | P56: =1.027*N56 -> 886541.67 | Q56: =+N56*1.038 -> 896037.25 | R56: =+Q56*1.0373 -> 929459.44
A57: Secretaria Digitadora | C57: X | I57: 515572.41 | J57: =I57*1.03 -> 531039.58 | N57: =+AVERAGE(J57:L57) -> 531039.58 | O57: =+$O$62 -> 63600 | P57: =1.027*N57 -> 545377.65 | Q57: =+N57*1.038 -> 551219.09 | R57: =+Q57*1.0373 -> 571779.56
A58: Secretarias administrativas y asistentes personales (Técnico) | B58: X | L58: 613625 | N58: =+AVERAGE(J58:L58) -> 613625 | O58: =+$O$62 -> 63600 | P58: =1.027*N58 -> 630192.88 | Q58: =+N58*1.038 -> 636942.75 | R58: =+Q58*1.0373 -> 660700.71
A59: Secretarias administrativas y asistentes personales (Técnico) | C59: X | L59: 642292 | N59: =+AVERAGE(J59:L59) -> 642292 | O59: =+$O$62 -> 63600 | P59: =1.027*N59 -> 659633.88 | Q59: =+N59*1.038 -> 666699.1 | R59: =+Q59*1.0373 -> 691566.97
A60: Secretarias administrativas y asistentes personales (Técnico) | D60: X | L60: 674184 | N60: =+AVERAGE(J60:L60) -> 674184 | O60: =+$O$62 -> 63600 | P60: =1.027*N60 -> 692386.97 | Q60: =+N60*1.038 -> 699802.99 | R60: =+Q60*1.0373 -> 725905.64
A61: VARIOS | P61: =1.027*N61 -> 0 | Q61: =+N61*1.038 -> 0 | R61: =+Q61*1.0373 -> 0
A62: Operador Calificado | C62: X | I62: 837931.2 | J62: =I62*1.03 -> 863069.13 | N62: =+AVERAGE(J62:L62) -> 863069.13 | O62: 63600 | P62: =1.027*N62 -> 886372 | Q62: =+N62*1.038 -> 895865.76 | R62: =+Q62*1.0373 -> 929281.55
A63: Auxiliar Educativo (Bachiller) | D63: X | I63: 496900 | J63: =I63*1.0364258 -> 514999.98 | N63: =+AVERAGE(J63:L63) -> 514999.98 | O63: =+O62 -> 63600 | P63: =+P66 -> 535600 | Q63: =+P63 -> 535600 | R63: 566700
A64: Bachiller | B64: X | I64: 496900 | J64: =I64*1.0364258 -> 514999.98 | N64: =+AVERAGE(J64:L64) -> 514999.98 | O64: =+O63 -> 63600 | P64: =+P63 -> 535600 | Q64: =+P64 -> 535600 | R64: 566700
A65: Oficios Varios | C65: X | I65: 496900 | J65: =I65*1.0364258 -> 514999.98 | N65: =+AVERAGE(J65:L65) -> 514999.98 | O65: =+O64 -> 63600 | P65: =+P64 -> 535600 | Q65: =+P65 -> 535600 | R65: 566700
A66: Vigilante | C66: X | I66: 496900 | J66: =I66*1.0364 -> 514987.16 | N66: =+AVERAGE(J66:L66) -> 514987.16 | O66: =+O65 -> 63600 | P66: 535600 | Q66: =+P66 -> 535600 | R66: 566700
A79: CRITERIOS TENIDOS EN CUENTA:
A80: La inflación y le incremento realizado por el Gobierno Nacional al Salario Minimo Legal | K80: SALARIO MÍNIMO INTEGRAL 2010
A81: el cual fue de 3,64% | K81: $ 6'695.000.00
A82: La diversidad de perfiles
A83: Contextualizamos en el tema de salarios y tendencias
A84: Incremento proporcional en aquellos salarios mas altos. | K84: Esta tabla no se aplica para:
K85: 1. Profesionales de la Salud
A86: SE ESTABLECIERON LAS SIGUIENTES CATEGORIAS PARA HACER EFECTIVO EL INCREMENTO | K86: 2. Derecho, en todos los casos ya definidos por el
A87: Para Técnicos, Tecnólogos: aplicara un incremento del 3,64% que fue el incremento del SMLV. | K87: Colegio de Abogados
A88: Para Pregrado, experiencia hasta 3 años, Bilingüe (3 primeras Categorias). Aplicara un 4,99% | K88: 3. Profesionales de la Educación
A89: Para Posgrado y Maestrias (Desde la 4 Categoria hacia adelante). Aplicara un incremento de 3,07%

Sheet KIT agrop..
A1: MUNICIPIO DE MEDELLIN
A2: SECRETARIA DE BIENESTAR SOCIAL
A3: ATENCION Y ORIENTACIÓN A LA POBLACION EN CONDICIÓN DE DESPLAZAMIENTO
A4: ESTUDIO DE COSTOS - VIGENCIA 2010 (Del 21 de enero al 31 de diciembre)
A7: SEGURIDAD ALIMENTARIA Y NUTRICIONAL
A10: KIT AGROPECUARIO
H12: 40082
A13: COMPONENTES DEL KIT | B13: UM | C13: Tierragro | E13: Agropecuaria la Miranda | F13: Agromayorista Ltda. | H13: Semillas y semillas | K13: Costo promedio | M13: Cantidad | N13: TOTAL COSTO
A14: Semillas | M14: Kilos
A15: Frijol ICA Quimbaya | B15: Kilo | E15: 7000 | F15: 7000 | G15: =F15*0.25 -> 1750 | H15: 7300 | I15: kilo | K15: =(E15+F15)/2 -> 7000 | M15: 0.25 | N15: =K15*0.25 -> 1750
A16: Maíz ICA 305 | B16: Kilo | C16: 4900 | D16: kilo | E16: 5200 | F16: 5200 | G16: =F16*0.25 -> 1300 | H16: 4200 | I16: Kilo | K16: =(E16+F16)/2 -> 5200 | M16: 0.25 | N16: =K16*0.25 -> 1300
A17: Hortalizas | M17: Gramos
A18: Arveja | B18: Libra | E18: 6000 | F18: 6000 | G18: =F18/500*20 -> 240 | H18: 6750 | I18: Libra | J18: =H18/454*20 -> 297.35683 | K18: =(E18+F18)/2 -> 6000 | M18: 20 | N18: =K18/500*20 -> 240
A19: Cilantro | B19: Libra | E19: 16300 | F19: 16300 | G19: =F19/500*20 -> 652 | H19: 9900 | I19: Libra | J19: =H19/454*20 -> 436.12335 | K19: =(E19+F19)/2 -> 16300 | M19: 20 | N19: =K19/500*20 -> 652
A20: Habichuela | B20: Libra | C20: 14900 | D20: Libra | E20: 16900 | F20: 16900 | G20: =F20/500*20 -> 676 | H20: 11700 | I20: Libra | J20: =H20/454*20 -> 515.4185 | K20: =(E20+F20)/2 -> 16900 | M20: 20 | N20: =K20/500*20 -> 676
A21: Pepino cohombro | B21: Libra | E21: 32500 | F21: 32500 | G21: =F21/500*20 -> 1300 | H21: 36000 | I21: Libra | J21: =H21/454*20 -> 1585.9031 | K21: =(E21+F21)/2 -> 32500 | M21: 20 | N21: =K21/500*20 -> 1300
A22: Remolacha | B22: Libra | C22: 29700 | D22: 454 gr. | E22: 23800 | F22: 23800 | G22: =F22/500*20 -> 952 | H22: 21600 | I22: Libra | J22: =H22/454*20 -> 951.54185 | K22: =(E22+F22)/2 -> 23800 | M22: 20 | N22: =K22/500*20 -> 952
A23: Tomate | B23: Libra | E23: 93800 | F23: 93800 | G23: =F23/500*20 -> 3752 | H23: 81000 | I23: Libra | J23: =H23/454*20 -> 3568.2819 | K23: =(E23+F23)/2 -> 93800 | M23: 20 | N23: =K23/500*20 -> 3752
A24: Zanahoria | B24: Libra | E24: 25000 | F24: 25000 | G24: =F24/500*20 -> 1000 | H24: 16200 | I24: Libra | J24: =H24/454*20 -> 713.65639 | K24: =(E24+F24)/2 -> 25000 | M24: 20 | N24: =K24/500*20 -> 1000
A25: Lechuga batavia | B25: Libra | E25: 56300 | F25: 56300 | G25: =F25/500*20 -> 2252 | H25: 45000 | I25: Libra | J25: =H25/454*20 -> 1982.3789 | K25: =(E25+F25)/2 -> 56300 | M25: 20 | N25: =K25/500*20 -> 2252
A26: Plantulas | M26: Unidad
A27: Fresa | B27: Unidad | E27: 4000 | F27: 4200 | G27: 4200 | K27: =(E27+F27)/2 -> 4100 | M27: 5 | N27: =K27*5 -> 20500
A28: Caléndula | B28: Unidad | E28: 4000 | F28: 4200 | G28: 4200 | K28: =(E28+F28)/2 -> 4100 | M28: 2 | N28: =K28*2 -> 8200
A29: Limoncillo | B29: Unidad | E29: 4000 | F29: 4200 | G29: 4200 | K29: =(E29+F29)/2 -> 4100 | M29: 2 | N29: =K29*2 -> 8200
A30: Ruda | B30: Unidad | E30: 4000 | F30: 4200 | G30: 4200 | K30: =(E30+F30)/2 -> 4100 | M30: 2 | N30: =K30*2 -> 8200
A31: Uchuva | B31: Unidad | E31: 4000 | F31: 4200 | G31: 4200 | K31: =(E31+F31)/2 -> 4100 | M31: 5 | N31: =K31*5 -> 20500
A32: Yerbabuena | B32: Unidad | E32: 4000 | F32: 4200 | G32: 4200 | K32: =(E32+F32)/2 -> 4100 | M32: 2 | N32: =K32*2 -> 8200
F33: Costo unitario apoyo | N33: =SUM(N15:N32) -> 87674
F34: Costo unitario + Inc.2010 | N34: =N33*1.03 -> 90304.22
F35: Familias beneficiadas | N35: 200
F36: Costo total | N36: =N35*N34 -> 18060844
A40: Nota: Las plantulas, semillas y hortalizas se encuentran exentas de IVA.
A44: Elaboró: Paula Andrea Mosquera Quiroz
A45: 40134

Sheet ELECTROD - Gerencia
A1: DESCRIPCION | B1: Cant. | C1: Foto Japón | D1: Flascamaras | E1: Metrocamaras | F1: Fotolandia | G1: Camaras y acces | H1: COSTO PROMEDIO
A3: Camara digital 12MGP, KODACK V 1273 | B3: 1 | C3: 449000 | D3: 510000 | E3: 450000 | H3: =(C3+D3+E3+F3+G3)/3 -> 469666.67
C4: Credihogar | D4: LM Electrodomest | E4: Navarro Ospina
A5: TV 32" LCD | B5: 1 | C5: 1160000 | E5: 1105000 | H5: =(C5+E5)/2 -> 1132500
A6: Telefono Inhalambrico | B6: 7 | C6: 140000 | E6: 119000 | H6: =(C6+E6)/2 -> 129500
A7: DVD Multizona | B7: 1 | E7: 140000 | H7: =E7 -> 140000
A8: VIDEO BEN | B8: 1
A9: Grabadora digital periodista de voz, 290 horas, con auricular estereo, SONY ICD UX70RED, | B9: 1
A10: Filmadora SONY DCR SR-47, Zoom optico LCD 2.7, Disco duro de 60GB | B10: 1 | C10: 1199000
A11: Impresora, MULTIFUNCIONAL ( Impresion, Escaneo, Fax, Copia, velocidad 28 ppm, resolucion 1200 * 1200 DPI, Duplex incorporado, memoria 128MB, interfase USB 50.000 PAGINAS MES, SANSUNG scx-4828fn | B11: 1

Sheet Insumos
A1: MUNICIPIO DE MEDELLIN
A2: SECRETARIA DE BIENESTAR SOCIAL
A3: ATENCION Y ORIENTACIÓN A LA POBLACION EN CONDICIÓN DE DESPLAZAMIENTO
A4: ESTUDIO DE COSTOS - VIGENCIA 2010 (Del 21 de enero al 31 de diciembre)
A7: SEGURIDAD ALIMENTARIA Y NUTRICIONAL
A10: INSUMOS
A12: PROVEEDOR | B12: PRODUCTO | D12: UM | E12: $ COTIZ. | F12: Equiv.
A13: Vigor Ltda. | B13: Abono orgánico compostado | D13: bulto | E13: 9500 | F13: 50 kilos
A14: Agromayorista ltda. | B14: Abono orgánico compostado | D14: bulto | E14: 12120 | F14: 50 kilos
B15: Cal agrícola | D15: bulto | E15: 9240 | F15: 50 kilos
A16: Promical Ltda. | B16: Cal agrícola | D16: tonelada | E16: 205000 | F16: 1000 kilos
A17: Promical | B17: Cal agrícola | D17: bulto | E17: 4300 | F17: 50 kilos
A18: Tierragro | B18: Cal agrícola | D18: bulto | E18: 8000 | F18: 50 kilos
B19: Sulfato de cobre | D19: 25 kilos | E19: 204800 | F19: 25000 gr.
A20: Quimicos JM SA | B20: Sulfato de cobre | D20: Libra | E20: 3800 | F20: 500 gr.
A21: Quimicos LM | B21: Sulfato de cobre | D21: Libra | E21: 5000 | F21: 500 gr.
A22: abaquim Ltda. | B22: Sulfato de cobre | D22: Libra | E22: 5000 | F22: 500 gr.
A23: Protokimica | B23: Roca fosfórica | D23: bulto | E23: 25000 | F23: 50 kilos
A24: Multiquimica Ltda. | B24: Roca fosfórica | D24: bulto | E24: 20000 | F24: 50 kilos
A25: Quimicotienda | B25: Roca fosfórica | D25: bulto | E25: 20000 | F25: 50 kilos
A30: COMPONENTES DEL KIT | B30: Cantidad | C30: abaquim Ltda. | D30: Vigor Ltda. | E30: Promical | F30: Tierragro | G30: Quimicos JM SA | H30: Quimicos LM | I30: Agromayorista ltda. | J30: Promical Ltda. | K30: Protokimica | L30: Multiquimica Ltda. | M30: Quimicotienda | N30: Costo promedio
A31: Abono orgánico compostado | B31: 25 kilos | D31: =9500/50*25 -> 4750 | I31: =12120/50*25 -> 6060 | N31: =(I31+D31)/2 -> 5405
A32: Cal agrícola | B32: 5 kilos | E32: =4300/50*5 -> 430 | F32: =8000/50*5 -> 800 | I32: =9240/50*5 -> 924 | J32: =205000/1000*5 -> 1025 | N32: =(J32+I32+F32)/3 -> 916.33333
A33: Sulfato de cobre | B33: 200 gr. | C33: =5000/500*200 -> 2000 | F33: =(176552*1.16)/25000*200 -> 1638.4026 | G33: =3800/500*200 -> 1520 | H33: =5000/500*200 -> 2000 | N33: =(H33+F33)/2 -> 1819.2013
A34: Roca fosfórica | B34: 200 gr. | K34: =25000/50/1000*200 -> 100 | L34: =20000/50/1000*200 -> 80 | M34: =20000/50/1000*200 -> 80 | N34: =(K34+L34)/2 -> 90
K35: Costo unitario apoyo | N35: =SUM(N31:N34) -> 8230.5346
K36: Costo unitario + Inc.2010 | N36: =N35*1.03 -> 8477.4507
K37: Familias beneficiadas | N37: 200
K38: Costo total | N38: =N36*N37 -> 1695490.1
A40: Elaboró: Paula Andrea Mosquera Quiroz
A41: 40134

Sheet Herram.
A1: MUNICIPIO DE MEDELLIN
A2: SECRETARIA DE BIENESTAR SOCIAL
A3: ATENCION Y ORIENTACIÓN A LA POBLACION EN CONDICIÓN DE DESPLAZAMIENTO
A4: ESTUDIO DE COSTOS - VIGENCIA 2010 (Del 21 de enero al 31 de diciembre)
A6: SEGURIDAD ALIMENTARIA Y NUTRICIONAL
A8: Codima | B8: Alambre de púas k 16 | D8: 65000 | E8: 400 mts
A9: Agroempaques | B9: Alambre de púas k 16 | D9: 64000 | E9: 400 mts
A11: HERRAMIENTAS
A13: COMPONENTES DEL KIT | D13: Ferrenac. | E13: Ferreteria actual Ltda. | F13: Agromayorista | G13: Codima | H13: Agroempaques | I13: Éxito | J13: Codistribelt Ltda. | K13: Inmuniz. Rionegro | L13: Maderinco S.A. | M13: Maderas Gilberto Builes | N13: Fibolca Distrib. | O13: Agencia de empaques | P13: ESTRA | Q13: Costo promedio | R13: Cant. | S13: Costo total * producto
A14: Azadón con cabo | D14: =19950*1.16 -> 23142 | E14: =18100*1.16 -> 20996 | Q14: =(D14+E14)/2 -> 22069 | R14: 1 | S14: =Q14*R14 -> 22069
A15: Machete 18" | D15: 8000 | E15: =8500*1.16 -> 9860 | Q15: =(D15+E15)/2 -> 8930 | R15: 1 | S15: =Q15*R15 -> 8930
A16: Mangera de 3/4" de 20 mts con acoples | D16: =72000*1.16 -> 83520 | I16: =56000+5950 -> 61950 | J16: 170000 | R16: 1
A17: Kit herram.jardinera (pala, tenedor y rastrillo) | E17: =13990/2*1.16 -> 8114.2 | F17: 8636 | I17: 8350 | Q17: =(E17+F17)/2 -> 8375.1 | R17: 1 | S17: =Q17*R17 -> 8375.1
A18: Canasta para almacenamiento de frutas (60cm*40cm*13 alto) Recuperado | P18: 22400 | Q18: =P18 -> 22400 | R18: 1 | S18: =Q18*R18 -> 22400
A19: Rollo de fibra para amarrar (750 mts) | H19: 8000 | N19: 4500 | O19: 8000 | R19: 1 | S19: =Q19*R19 -> 0
A20: Alambre de púas k 16, 20 mts | G20: =65000/400*20 -> 3250 | H20: =64000/400*20 -> 3200 | Q20: =(G20+H20)/2 -> 3225 | R20: 1 | S20: =Q20 -> 3225 | T20: pendiente que marcela hable con jader
A21: Astilla ganadera (5,5 cm-espesor*2,2-alto) | K21: =5600*1.16 -> 6496 | L21: 6500 | M21: 6500 | Q21: =(K21+L21)/2 -> 6498 | R21: 8 | S21: =Q21*R21 -> 51984
A22: Grapas (caja) | D22: =4800*1.16 -> 5568 | E22: =4400*1.16 -> 5104 | Q22: =(D22+E22)/2 -> 5336 | R22: 31 | S22: =Q22*R22 -> 165416
P23: Costo unitario apoyo | S23: =SUM(S14:S22) -> 282399.1
A24: kit agropecuario | C24: ='KIT agrop..'!N34 -> 90304.22
A25: Insumos | C25: =Insumos!N36 -> 8477.4507
A26: Herramientas | C26: =S23 -> 282399.1
A27: Costo apoyo | C27: =SUM(C24:D26) -> 381180.77
A29: KIT DE CULINARIA
A31: ARTÍCULOS | D31: Makro | E31: Carrefour | F31: Éxito | G31: Casa Gómez | I31: Multihogar | K31: Costo promedio | L31: Cant. | M31: Costo total
A33: Olla de aluminio con tapa, 3 litros | F33: 20900 | G33: 18000 | K33: =(F33+G33)/2 -> 19450 | L33: 4 | M33: =K33*L33 -> 77800
A34: Perol mediano con tapa | F34: 14600 | I34: 28000 | L34: 3 | M34: =K34*L34 -> 0
A35: Cuchillo 5" | E35: 6990 | F35: 6990 | G35: 8000 | K35: =(F35+G35)/2 -> 7495 | L35: 4 | M35: =K35*L35 -> 29980
A36: Cucharón de nylon | E36: 4990 | F36: 4450 | K36: =(E36+F36)/2 -> 4720 | L36: 3 | M36: =K36*L36 -> 14160
A37: Espumadera de nylon | E37: 5990 | F37: 4450 | G37: 5000 | K37: =(E37+F37+G37)/3 -> 5146.6667 | L37: 2 | M37: =K37*L37 -> 10293.333
A38: Tabla plástica para picar | F38: 8900 | I38: 10500 | K38: =(F38+I38)/2 -> 9700 | L38: 3 | M38: =K38*L38 -> 29100
A39: Delantal cocinero en tela | D39: 12990 | F39: 15490 | K39: =(D39+F39)/2 -> 14240 | L39: 40 | M39: =K39*L39 -> 569600
A40: Gorro cocinero en tela | D40: 9990 | F40: 5450 | K40: =(D40+F40)/2 -> 7720 | L40: 40 | M40: =K40*L40 -> 308800
A41: Recipientes plásticos (tazones) | F41: 3590 | I41: 2000 | K41: =(F41+I41)/2 -> 2795 | L41: 5 | M41: =K41*L41 -> 13975
M42: =SUM(M33:M41) -> 1053708.3
A45: Elaboró: Paula Andrea Mosquera Quiroz
A46: 40135

Sheet Partic (3)
A1: ALCALDÍA DE MEDELLÍN
A2: =+'Consolidado '!A2:C2 -> SECRETARIA DE GOBIERNO
A3: UNIDAD DE SEGURIDAD ALIMENTARIA
A4: ALBERGUE TEMPORAL
A5: ESTUDIO DE COSTOS
A7: =+TODAY() -> 43735 | C7: Duración en Dias | D7: =+'Consolidado '!B9 -> 110 | E7: =+'Consolidado '!B8 -> 1
A8: Porcentaje de Participación | C8: =+C25/B25 -> #REF! | D8: =+D25/B25 -> #REF!
A9: CONCEPTO | B9: Costo | C9: Aporte Municipio | D9: Cooperante
A10: RECURSO HUMANO | B10: =+'Consolidado '!#REF! -> #REF! | C10: 0 | D10: =+B10-C10 -> #REF!
A11: GASTOS GENERALES
A12: =+'Consolidado '!A16 -> RECURSO HUMANO | B12: =+'Consolidado '!C16 -> 0 | C12: =+B12 -> 0 | D12: =+B12-C12 -> 0
A13: =+'Consolidado '!#REF! -> #REF! | B13: =+'Consolidado '!#REF! -> #REF! | C13: =+B13 -> #REF! | D13: =+B13-C13 -> #REF!
A14: =+'Consolidado '!#REF! -> #REF! | B14: =+'Consolidado '!#REF! -> #REF! | C14: =+B14 -> #REF! | D14: =+B14-C14 -> #REF!
A15: =+'Consolidado '!#REF! -> #REF! | B15: =+'Consolidado '!#REF! -> #REF! | C15: 0 | D15: =+B15-C15 -> #REF!
A16: =+'Consolidado '!#REF! -> #REF! | B16: =+'Consolidado '!#REF! -> #REF! | C16: 0 | D16: =+B16-C16 -> #REF!
A17: =+'Consolidado '!#REF! -> #REF! | B17: =+'Consolidado '!#REF! -> #REF! | C17: 0 | D17: =+B17-C17 -> #REF!
A18: =+'Consolidado '!#REF! -> #REF! | B18: =+'Consolidado '!#REF! -> #REF! | C18: =+B18 -> #REF! | D18: =+B18-C18 -> #REF!
D20: =+B20-C20 -> 0
A21: TOTAL COSTOS GENERALES | B21: =SUM(B12:B20) -> #REF! | C21: =SUM(C12:C20) -> #REF! | D21: =SUM(D12:D20) -> #REF!
A22: Total Recurso Humano + Generales | B22: =+B10+B21 -> #REF! | C22: =+C10+C21 -> #REF! | D22: =+D10+D21 -> #REF!
A23: Costos Indirectos | B23: =+'Consolidado '!#REF! -> #REF! | C23: 0 | D23: =+#REF! -> #REF!
A25: VALOR TOTAL | B25: =B22+B23 -> #REF! | C25: =C22+C23 -> #REF! | D25: =D22+D23+D24 -> #REF!
A27: Presupuesto Oficial | C27: 1456000000
A28: Diferencia | C28: =+C27-C25 -> #REF!

Sheet Partic (2)
A3: FUNDACION BANCO ARQUIDIOCESANO DE ALIMENTOS DE MEDELLIN
A4: ALCALDIA DE MEDELLIN - SECRETARIA DE INCLUSION SOCIAL Y FAMILIA
A5: PRESUPUESTO GENERAL PROYECTO FORTALECIMIENTO INSTITUCIONAL VITANUT 2013
A6: RUBROS | B6: Alcaldia | C6: FUBAM | D6: VALOR TOTAL | E6: % ALCALDIA | F6: % FUBAM | G6: % TOTAL
A7: Complemento Nutricional - Vitanut | B7: 1500000000 | C7: 0 | D7: =+B7+C7 -> 1500000000 | E7: =+D7/$D$12 -> 0.81753154 | F7: 0 | G7: =SUM(E7:F7) -> 0.81753154
A8: Complemento Nutricional Tipo Compota | B8: =+Compota!H7 -> 0 | C8: 0 | D8: =+B8+C8 -> 0 | E8: =+D8/$D$12 -> 0 | F8: 0 | G8: =SUM(E8:F8) -> 0
A9: Gestion Humana | B9: 0 | C9: 97343382 | D9: =+B9+C9 -> 97343382 | E9: 0 | F9: =+D9/$D$12 -> 0.05305419 | G9: =SUM(E9:F9) -> 0.05305419
A10: Costos Generales | B10: 0 | C10: 189053173 | D10: =+B10+C10 -> 189053173 | E10: 0 | F10: =+D10/$D$12 -> 0.10303795 | G10: =SUM(E10:F10) -> 0.10303795
A11: Costos Indirectos - Gastos Legales | B11: 0 | C11: 48395044 | D11: =+B11+C11 -> 48395044 | E11: 0 | F11: =+D11/$D$12 -> 0.026376317 | G11: =SUM(E11:F11) -> 0.026376317
A12: TOTAL CONTRATO | B12: =SUM(B7:B11) -> 1500000000 | C12: =SUM(C7:C11) -> 334791599 | D12: =SUM(D7:D11) -> 1834791599 | E12: =+B12/D12 -> 0.81753154 | F12: =+C12/D12 -> 0.18246846 | G12: =SUM(E12:F12) -> 1

Sheet Consolidado  (2)
A1: MUNICIPIO DE MEDELLIN
A2: SECRETARIA DE INCLUSION SOCIAL Y FAMILIA
A3: UNIDAD DE SEGURIDAD ALIMENTARIA
A4: CONSOLIDADO - ESTUDIO DE COSTOS
A6: Objeto: Convenio de Asociación para la prevencion de la desnutricion de las mujeres gestantes y lactantes, escolares y familias con vulnerabilidad alimenentaria, favoreciendo los niveles de inseguridad alimentaria
A8: DURACION EN MESES | B8: 7
A9: DURACION EN DIAS CALENDARIO | B9: 110
A10: N° CUPOS | B10: 1
A11: VALOR CUPO MES | B11: 1.2826863e+10
A13: 42397
A14: CONCEPTO | B14: COSTO MES | C14: COSTO TOTAL
A15: COSTOS DIRECTOS
A16: RECURSO HUMANO | B16: 23143029 | C16: 1.620012e+08
A17: COSTOS GENERALES | D17: -35123270
A18: Alquiler de Activos | B18: 866250 | C18: 6063750
A19: Jugo de Naranja | C19: 910770000
A20: Paquete | B20: 5.2541107e+08 | C20: 3.6778775e+09
A21: Empaque | B21: 6098309 | C21: 42688163
A22: Transporte | B22: 0 | C22: 0
A23: Papeleria | B23: 136251.98 | C23: 953763.84
A24: Alquiler de Oficina y Bodega | B24: 3993620 | C24: 27955340
A25: Complemento Alimentario | B25: 1020771600 | C25: 7145401200
A26: TOTAL COSTOS GENERALES | B26: 1.5572771e+09 | C26: 1.181171e+10
A27: TOTAL COSTOS DIRECTOS (RECURSO HUMANO + COSTOS GENERALES) | B27: 1.5804201e+09 | C27: 1.1973711e+10
A28: Costos Indirectos | B28: 28163331 | C28: 1.9714332e+08
A29: Honorarios por Servicios | B29: 0 | C29: 0
A30: TOTAL ESTUDIO DE COSTOS | B30: 1.6085835e+09 | C30: 1.2826863e+10 | D30: Inflacion | E30: 0.0539 | G30: 12612278413 | H30: -2.1458483e+08
A32: DESAGREGACION DEL IVA
A33: BASE DE IVA | C33: 2.3690029e+08
A34: IVA | C34: 37904046
A35: EXCLUIDOS O EXENTOS (Ayuda alimentaria población vulnerable) | C35: 1.098528e+10
A36: TOTAL IVA INCLUIDO | C36: 1.1260084e+10
A38: PRESUPUESTO OFICIAL | C38: 6267000000
A39: DIFERENCIA FRENTE AL ESTUDIO DE COSTOS | C39: -6.5598632e+09
C40: 2685262971 | E40: 3293262971
C41: -8.5748212e+09
A42: OBSERVACIONES
A43: El artículo 92 de la ley 30 de 1992 y el artículo 476 númeral 6 del Estatuto Tributario establecen que las instituciones de educacion superior, los colegios de bachillerato y las instituciones de educacion no formal, no son responsables del IVA.
A44: El Estudio de Costos se realiza de acuerdo a la metodología de costeo establecida por el Municipio de Medellín y a las Especificaciones Técnicas remitidas por la Subsecretaria de Grupos Poblacionles
A45: El Estudio de Costos cobra validez (todos sus componentes y detalles) solo a través de la aprobación por medio del Acta del Comité Interno de Contratación.
A46: Esteban Gallego Restrepo
A47: Director Unidad de Seguridad Alimentaria
A54: Fabian Rodriguez Garro | C54: Marta Gomez Piza
A55: Profesional Universitario | C55: Lider de Programa - E

Sheet Consolidado 
A1: MUNICIPIO DE TURBANA BOLIVAR
A2: SECRETARIA DE GOBIERNO
A3: ESAL-007-2019
A4: FORMATO PARA PRESENTACION DE OFERTA
A6: AUNAR ESFUERZOS ADMINISTRATIVOS, TÉCNICOS Y FINANCIEROS PARA EL ACOMPAÑAMIENTO DEL MANEJO DE RESIDUOS SOLIDOS CON LA COMUNIDAD EN GENERAL DEL MUNICIPIO DE TURBANA
A8: DURACION EN MESES | B8: 1
A9: DURACION EN DIAS CALENDARIO | B9: 110
A10: N° CUPOS | B10: 1
A11: VALOR CUPO MES | B11: =+#REF!/B10 -> #REF!
A13: SEPTIEMBRE DE 2019
A14: CONCEPTO | B14: COSTOS | C14: TIEMP0 | D14: TIPO DE APORTE ASOCIADO
A15: COSTOS DIRECTOS | D15: Dinero | E15: Especie
A16: RECURSO HUMANO | B16: =RH!G14 -> 0
A17: Actividades | B17: =Actividades!E6 -> 0
A18: Transporte | B18: =Transporte!N10 -> 0
A19: Dotacion | B19: =Dotacion!H18 -> 0
A20: Alquiler Equipos y Oficina | B20: =Alqul_Equip!J11 -> 0
A21: Refrigerios e hidratación | B21: =Refrigerios!J10 -> 0
A22: Gestión Documental | B22: ='Gestión documental'!F10 -> 0
A23: Publicidad y Medios de Comunicación | B23: =SUM(D23:E23) -> 0
A24: Valores en Dinero | B24: =SUM(D24:E24) -> 0
A25: TOTAL COSTOS DIRECTOS (RECURSO HUMANO + COSTOS GENERALES + Publicidad Medios de Comunicación y Dinero en Efectivo ) | B25: =SUM(B16:B24) -> 0
A26: Honorarios por Servicios | B26: =+C26/$B$8 -> 0
A28: DESAGREGACION DEL IVA
A29: BASE DE IVA
A30: IVA
A31: EXCLUIDOS O EXENTOS (Ayuda alimentaria población vulnerable)
A32: TOTAL IVA INCLUIDO
A34: PRESUPUESTO OFICIAL | C34: 6267000000
A35: DIFERENCIA FRENTE AL ESTUDIO DE COSTOS | C35: =+C34-#REF! -> #REF!
C36: =2316796953+368466018 -> 2685262971
C37: =+C36-C32 -> 2685262971

Sheet Hoja1 (3)
B5: Presupuesto | C5: % Part.
A6: Paquetes | B6: 3150000000 | C6: =+B6/$B$10 -> 0.41176471 | E6: =+#REF!+#REF! -> #REF! | F6: =+E6/$E$10 -> #REF!
A7: Compota | B7: 0 | C7: =+B7/$B$10 -> 0 | E7: =+Compota!H15 -> 0 | F7: =+E7/$E$10 -> #REF!
A8: Mezcla | B8: 2500000000 | C8: =+B8/$B$10 -> 0.32679739 | E8: =+Vit_Mez!G16 -> 0 | F8: =+E8/$E$10 -> #REF!
A9: Vitanut | B9: 2000000000 | C9: =+B9/$B$10 -> 0.26143791 | E9: =+Vit_Mez!G15 -> 0 | F9: =+E9/$E$10 -> #REF!
A10: Total Presupuesto | B10: =SUM(B6:B9) -> 7650000000 | C10: =+B10/$B$10 -> 1 | E10: =SUM(E6:E9) -> #REF! | F10: =SUM(F6:F9) -> #REF!
F14: =+D27 -> #REF!
A18: Concepto | B18: Alimento | C18: Empaque | D18: Trasporte | E18: R. Humano | F18: Logistica | G18: Bodega y Servicios | H18: Papeleria | I18: Dotacion | J18: Impresos | K18: Indirectos | L18: Total | M18: Presupuesto | N18: Diferencia
A19: Paquetes | B19: =+B47 -> #REF! | C19: =+C47 -> #REF! | D19: =+D47 -> #REF! | E19: =+E47 -> #REF! | F19: =+F47 -> #REF! | G19: =+G47 -> #REF! | H19: =+H47 -> 317921.28 | I19: 0 | J19: 0 | K19: =+#REF!*C6 -> #REF! | L19: =SUM(B19:K19) -> #REF! | M19: =+B6 -> 3150000000 | N19: =+M19-L19 -> #REF! | P19: =SUM(B19:H19) -> #REF! | Q19: =+#REF! -> #REF! | R19: =+P19-Q19 -> #REF! | S19: =+E19 -> #REF! | T19: =+R19-S19 -> #REF!
A20: Vitanut | B20: =+B48 -> 0 | C20: =+C48 -> 0 | D20: =+D48 -> #VALUE! | E20: =+E48 -> #REF! | F20: =+F48 -> #VALUE! | G20: =+G48 -> #REF! | H20: =+H48 -> 317921.28 | I20: 0 | J20: 0 | K20: =+#REF!*C8 -> #REF! | L20: =SUM(B20:K20) -> #VALUE! | M20: 2500000000 | N20: =+M20-L20 -> #VALUE! | P20: =SUM(B20:H20) -> #VALUE! | R20: =+P20-Q20 -> #VALUE! | S20: =+E20 -> #REF! | T20: =+R20-S20 -> #VALUE!
A21: Mezcla | B21: =+B49 -> 0 | C21: =+C49 -> 0 | D21: =+D49 -> #REF! | E21: =+E49 -> #REF! | F21: =+F49 -> #REF! | G21: =+G49 -> #REF! | H21: =+H49 -> 317921.28 | I21: 0 | J21: 0 | K21: =+#REF!*C9 -> #REF! | L21: =SUM(B21:K21) -> #REF! | M21: =+B9 -> 2000000000 | N21: =+M21-L21 -> #REF! | P21: =SUM(B21:H21) -> #REF! | R21: =+P21-Q21 -> #REF! | S21: =+E21 -> #REF! | T21: =+R21-S21 -> #REF!
A22: Total Estudio | B22: =SUM(B19:B21) -> #REF! | C22: =SUM(C19:C21) -> #REF! | D22: =SUM(D19:D21) -> #REF! | E22: =SUM(E19:E21) -> #REF! | F22: =SUM(F19:F21) -> #REF! | G22: =SUM(G19:G21) -> #REF! | H22: =SUM(H19:H21) -> 953763.84 | I22: =SUM(I19:I21) -> 0 | ... N22: =SUM(N19:N21) -> #REF! | P22: =SUM(P19:P21) -> #REF! | S22: =SUM(S19:S21) -> #REF! | T22: =SUM(T19:T21) -> #REF!
A23: Consolidado | B23: =+'Consolidado '!C17+'Consolidado '!#REF! -> #REF! | C23: =+'Consolidado '!#REF! -> #REF! | D23: =+'Consolidado '!#REF! -> #REF! | E23: =+'Consolidado '!#REF! -> #REF! | F23: =+'Consolidado '!C16 -> 0 | G23: =+'Consolidado '!C20 -> 0 | H23: =+'Consolidado '!#REF! -> #REF! | I23: 0 | J23: 0 | K23: =+'Consolidado '!#REF! -> #REF! | L23: =+'Consolidado '!#REF! -> #REF! | M23: =+B10 -> 7650000000 | N23: =+M23-L23 -> #REF! | T23: 3742658565
A24: % Participacion | B24: =+B22/$L$22 -> #REF! | C24: =+C22/$L$22 -> #REF! | D24: =+D22/$L$22 -> #REF! | E24: =+E22/$L$22 -> #REF! | F24: =+F22/$L$22 -> #REF! | G24: =+G22/$L$22 -> #REF! | H24: =+H22/$L$22 -> #REF! | I24: =+I22/$L$22 -> #REF! | ... K24: =+K22/$L$22 -> #REF! | M24: =+M23-L23+#REF! -> #REF! | T24: =+T22-T23 -> #REF!
C26: Numero de Paquetes | D26: Costo Unitario | G26: =+L27 -> 10000 | H26: =+L26 -> 3200 | L26: =+'Consolidado '!B8*3200 -> 3200 | S26: =+S22+Q19 -> #REF!
C27: =+#REF! -> #REF! | D27: =+L19/C27 -> #REF! | F27: Vitanut | G27: 840000 | L27: =+'Consolidado '!B8*10000 -> 10000 | N27: 4667 | S27: =+S26+K22 -> #REF!
F28: Mezcla | G28: 185000 | L28: =+'Consolidado '!B8*140000 -> 140000
A29: Participacion | B29: =+B35/$D$35 -> #REF! | C29: =+C35/$D$35 -> #REF! | L29: =(+'Consolidado '!B8-1.5)*60000 -> -30000
A30: Concepto | B30: Aporte Muncipio | C30: Aporte Fubam | D30: Total
A31: Paquetes | B31: =+D31-C31 -> #REF! | C31: =+K19+H31+C19+D19+E19+F19+G19+H19 -> #REF! | D31: =+L19 -> #REF! | F31: =+B6-B31 -> #REF! | H31: =(9632+K31)*#REF! -> #REF! | K31: 240 | M31: =+M19/D27 -> #REF!
A32: Compota | B32: =+D32-C32 -> #REF! | C32: =+#REF!+#REF!+#REF!+#REF!+#REF!+#REF! -> #REF! | D32: =+#REF! -> #REF! | F32: =+B7-B32 -> #REF! | H32: =8418*#REF! -> #REF!
A33: Mezcla | B33: =+D33-C33 -> #VALUE! | C33: =+K20+D20+E20+F20+G20+H20 -> #REF! | D33: =+L20 -> #VALUE! | F33: =+B8-B33 -> #VALUE!
A34: Vitanut | B34: =+D34-C34 -> #REF! | C34: =+K21+D21+E21+F21+G21+H21 -> #REF! | D34: =+L21 -> #REF! | F34: =+B9-B34 -> #REF! | H34: =9632+8418 -> 18050
A35: Total Estudio | B35: =SUM(B31:B34) -> #REF! | C35: =SUM(C31:C34) -> #REF! | D35: =SUM(D31:D34) -> #REF! | F35: =SUM(F31:F34) -> #REF!
B37: =+B35 -> #REF!
B38: =+B11 -> 0
B39: =+B37-B38 -> #REF! | G39: 2780206
G40: =+G39/#REF! -> #REF!
B43: =+B19/$C$27 -> #REF! | C43: =+C19/$C$27 -> #REF! | D43: =+D19/$C$27 -> #REF! | E43: =+E19/$C$27 -> #REF! | F43: =+F19/$C$27 -> #REF! | G43: =+G19/$C$27 -> #REF! | H43: =+H19/$C$27 -> #REF! | I43: =+I19/$C$27 -> #REF! | ... K43: =+K19/$C$27 -> #REF! | O43: =+L19/#REF! -> #REF!
R45: =+L21/30000 -> #REF!
A46: Concepto | B46: Alimento | C46: Empaque | D46: Trasporte | E46: R. Humano | F46: Logistica | G46: Bodega y Servicios | H46: Papeleria | I46: Dotacion | J46: Impresos | K46: Indirectos | L46: Total | M46: Presupuesto | N46: Diferencia
A47: Paquetes | B47: =+#REF! -> #REF! | C47: =+#REF! -> #REF! | D47: =+Transp!$M$11*C54 -> #REF! | E47: =+#REF!*C54 -> #REF! | F47: =+Alquiact!$K$13*C54 -> #REF! | G47: =+'Bodeg y Log'!$H$21*C54 -> #REF! | H47: =+'Papelería '!$L$60/3 -> 317921.28 | I47: =+I19 -> 0 | J47: =+J19 -> 0 | K47: =+K19 -> #REF! | L47: =+L19 -> #REF! | M47: =+M19 -> 3150000000 | N47: =+L47-M47 -> #REF!
A48: Vitanut | B48: =+Vit_Mez!G7 -> 0 | C48: 0 | D48: =+Transp!$M$11*C55 -> #VALUE! | E48: =+#REF!*C55 -> #REF! | F48: =+Alquiact!$K$13*C55 -> #VALUE! | G48: =+'Bodeg y Log'!$H$21*C55 -> #REF! | H48: =+'Papelería '!$L$60/3 -> 317921.28 | N48: 0
A49: Mezcla | B49: =+Vit_Mez!G8 -> 0 | C49: 0 | D49: =+Transp!$M$11*C56 -> #REF! | E49: =+#REF!*C56 -> #REF! | F49: =+Alquiact!$K$13*C56 -> #REF! | G49: =+'Bodeg y Log'!$H$21*C56 -> #REF! | H49: =+'Papelería '!$L$60/3 -> 317921.28 | K49: =+K47*Transp!P14 -> #REF! | L49: =SUM(B49:K49) -> #REF! | M49: 2000000000 | N49: =+L49-M49 -> #REF!
A50: Mujer Gestante | L50: =SUM(B50:K50) -> 0 | M50: 1500000000 | N50: =+L50-M50 -> -1500000000
A51: Total Estudio | B51: =SUM(B47:B50) -> #REF! | C51: =SUM(C47:C50) -> #REF! | D51: =SUM(D47:D50) -> #REF! | E51: =SUM(E47:E50) -> #REF! | F51: =SUM(F47:F50) -> #REF! | G51: =SUM(G47:G50) -> #REF! | H51: =SUM(H47:H50) -> 953763.84 | I51: =SUM(I47:I50) -> 0 | ... K51: =SUM(K47:K50) -> #REF! | L51: =+L47-L49-L50 -> #REF! | M51: =+M47-M49-M50 -> -350000000 | N51: -3.0749713e+08
A54: Paquete | B54: =+#REF! -> #REF! | C54: =+B54/$B$57 -> #REF! | D54: =+D22-D20-D21 -> #REF! | E54: =+E22-E20-E21 -> #REF! | F54: =+F22-F20-F21 -> #REF! | G54: =+G22-G20-G21 -> #REF! | I54: =+I22-I20-I21 -> 0 | J54: =+J22-J20-J21 -> 0 | K54: =+K22-K20-K21 -> #REF! | L54: =+L22-L20-L21 -> #REF!
A55: Vitanut | B55: =+Vit_Mez!I7 | C55: =+B55/$B$57 -> #VALUE!
A56: Mezcla | B56: =+Vit_Mez!I8 -> 0 | C56: =+B56/$B$57 -> #REF!
B57: =SUM(B54:B56) -> #REF! | L57: =+L49/L54 -> #REF!
C58: No Paquetes | D58: Costo Unitario | L58: =+L50/L54 -> #REF!
C59: =+L27 -> 10000 | D59: =+L49/C59 -> #REF!
C60: =+H26 -> 3200 | D60: =+(L50-(#REF!*#REF!))/'Hoja1 (3)'!C60 -> #REF!

Sheet Hoja1
B2: Peso Unitariio
A3: P F Vulne | B3: =+[1]Paq_FV!$J$28 -> 9420 | C3: =+#REF! -> #REF! | D3: =+B3*C3 -> #REF!
A4: Paquet Victimas | B4: =+'[1]Paq_Vic '!$H$31 -> 25255 | C4: =+#REF! -> #REF! | D4: =+B4*C4 -> #REF!
A5: Vitanut | B5: =+Vit_Mez!H7 -> 0 | C5: 7 | D5: =+B5*C5 -> 0
A6: Mezcla | B6: =+Vit_Mez!H8 -> 0 | C6: 7 | D6: =+B6*C6 -> 0
A9: Producto | B9: Alimento | C9: Empaque | D9: Sub - Total | E9: Indirectos | F9: Total | G9: Costo Unitario
A10: P F Vulne | B10: =+#REF! -> #REF! | C10: =+#REF!+(#REF!*#REF!) -> #REF! | D10: =SUM(B10:C10) -> #REF! | E10: =+#REF!*H10 -> #REF! | F10: =+D10+E10 -> #REF! | G10: =+F10/C3 -> #REF! | H10: =+D10/$D$14 -> #REF! | I10: =+G10+(G11*5) -> #REF!
A11: Mezcla | B11: =+Vit_Mez!G8 -> 0 | C11: =+#REF!/2 -> #REF! | D11: =SUM(B11:C11) -> #REF! | E11: =+#REF!*H11 -> #REF! | F11: =+D11+E11 -> #REF! | G11: =+F11/D6 -> #REF! | H11: =+D11/$D$14 -> #REF!
A12: Paquet Victimas | B12: =+#REF! -> #REF! | C12: =+#REF!+(#REF!*#REF!) -> #REF! | D12: =SUM(B12:C12) -> #REF! | E12: =+#REF!*H12 -> #REF! | F12: =+D12+E12 -> #REF! | G12: =+F12/C4 -> #REF! | H12: =+D12/$D$14 -> #REF! | I12: =+G12 -> #REF!
A13: Vitanut | B13: =+Vit_Mez!G7 -> 0 | C13: =+C11 -> #REF! | D13: =SUM(B13:C13) -> #REF! | E13: =+#REF!*H13 -> #REF! | F13: =+D13+E13 -> #REF! | G13: =+F13/D5 -> #REF! | H13: =+D13/$D$14 -> #REF! | I13: =+G13*20 -> #REF!
B14: =SUM(B10:B13) -> #REF! | C14: =SUM(C10:C13) -> #REF! | D14: =SUM(D10:D13) -> #REF! | E14: =SUM(E10:E13) -> #REF! | F14: =SUM(F10:F13) -> #REF! | H14: =SUM(H10:H13) -> #REF!
F16: =+F14-#REF! -> #REF!

Sheet RH
A1: MUNICIPIO DE TURBANA BOLIVAR
A2: SECRETARIA DE GOBIERNO
A3: ESAL-007-2019
A4: FORMATO PARA PRESENTACION DE OFERTA
A6: RECURSO HUMANO
A8: RECURSO HUMANO | B8: TOTAL SUELDOS | C8: IVA | D8: TOTAL SUELDO MENSUAL | E8: CANTIDAD | F8: PERIODO CONTRATO | G8: COSTO TOTAL
A9: Coordinador General-Area Administrativa o Social | C9: 0 | E9: 1 | F9: 1 | G9: =+D9*F9*E9 -> 0
A10: Profesionales del Ambiental | E10: 3 | F10: 1 | G10: =+D10*F10*E10 -> 0
A11: Profesionales del área de Trabajo Social | E11: 1 | F11: 1 | G11: =+D11*F11*E11 -> 0
A12: Auxliares | E12: 12 | F12: 1 | G12: =+D12*F12*E12 -> 0
A13: Auxiliar Administrativo | E13: 1 | F13: 1 | G13: =+D13*F13*E13 -> 0
A14: Total periodo contractual | E14: =SUM(E9:E13) -> 18 | G14: =SUM(G9:G13) -> 0

Sheet Paquete_FV
A2: N° | B2: GRUPO DE ALIMENTOS | C2: ALIMENTOS | D2: Unidad de Medida | J2: Promedio | K2: Familias Vulnerables | M2: Gestantes y Lactantes | O2: Peso x Paquete
E3: Olimpico | F3: Éxito | G3: Boom | H3: Euro | K3: Cantidad | L3: Costo Total | M3: Cantidad | N3: Costo Total
A4: 1 | B4: AZUCARES Y DULCES | C4: Azúcar | D4: Libras | E4: 970 | F4: 950 | G4: 920 | H4: 1000 | J4: =+VLOOKUP(C4,[2]Estudiomdo!$A$9:$I$70,9,0) -> 962.7984 | L4: =+#REF!*J4 -> #REF! | N4: 500
A5: 2 | C5: Panela | D5: Libras | E5: 1100 | F5: 1240 | G5: 1150 | H5: 1370 | J5: =+VLOOKUP(C5,#REF!,9,0) -> #REF! | K5: 2 | L5: =+K5*J5 -> #REF! | M5: 2 | N5: =+M5*J5 -> #REF! | O5: 500 | P5: =+O5*K5 -> 1000 | Q5: =+M5*O5 -> 1000
C6: Azúcar | D6: Libras | J6: =+VLOOKUP(C6,#REF!,9,0) -> #REF! | K6: 1 | L6: =+K6*J6 -> #REF! | M6: 0 | N6: =+M6*J6 -> #REF! | O6: 500 | P6: =+O6*K6 -> 500 | Q6: =+M6*O6 -> 0
A7: 3 | B7: BEBIDAS | C7: Bebida Achocolatada | D7: Bolsa de 200 gramos | E7: 2700 | F7: 2980 | J7: =+VLOOKUP(C7,#REF!,9,0) -> #REF! | K7: 1 | L7: =+K7*J7 -> #REF! | M7: 1 | N7: =+M7*J7 -> #REF! | O7: 200 | P7: =+O7*K7 -> 200 | Q7: =+M7*O7 -> 200
A8: 4 | B8: CARNES Y HUEVOS | C8: Atun Aceite | D8: Latas de 170 gramos | E8: 2800 | F8: 3290 | G8: 2580 | H8: 3140 | J8: =+VLOOKUP(C8,#REF!,9,0) -> #REF! | K8: 2 | L8: =+K8*J8 -> #REF! | M8: 2 | N8: =+M8*J8 -> #REF! | O8: 170 | P8: =+O8*K8 -> 340 | Q8: =+M8*O8 -> 340
A9: 5 | C9: Sardina en Salsa | D9: Lata de 425 gramos | E9: 3360 | F9: 3360 | G9: 3680 | H9: 3630 | J9: =+VLOOKUP(C9,#REF!,9,0) -> #REF! | K9: 1 | L9: =+K9*J9 -> #REF! | M9: 1 | N9: =+M9*J9 -> #REF! | O9: 425 | P9: =+O9*K9 -> 425 | Q9: =+M9*O9 -> 425
A10: 6 | C10: Huevo (unidad x 50grs) | D10: Unidad tipo A | E10: 236 | F10: 378.33333 | G10: 338.33333 | H10: 329.16667 | J10: =+VLOOKUP(C10,#REF!,9,0) -> #REF! | K10: 15 | L10: =+K10*J10 -> #REF! | M10: 12 | N10: =+M10*J10 -> #REF! | O10: 58 | P10: =+O10*K10 -> 870 | Q10: =+M10*O10 -> 696
A11: 7 | B11: CEREALES | C11: Arroz | D11: Libras | E11: 1200 | F11: 1230 | G11: 1200 | H11: 1250 | J11: =+VLOOKUP(C11,#REF!,9,0) -> #REF! | K11: 3 | L11: =+K11*J11 -> #REF! | M11: 3 | N11: =+M11*J11 -> #REF! | O11: 500 | P11: =+O11*K11 -> 1500 | Q11: =+M11*O11 -> 1500
A12: 8 | C12: Harina para arepas | D12: Libras | E12: 1250 | F12: 1610 | G12: 1590 | H12: 1430 | J12: =+VLOOKUP(C12,#REF!,9,0) -> #REF! | K12: 1 | L12: =+K12*J12 -> #REF! | M12: 1 | N12: =+M12*J12 -> #REF! | O12: 500 | P12: =+O12*K12 -> 500 | Q12: =+M12*O12 -> 500
A13: 10 | C13: Pastas | D13: Paquete 250 gramos | E13: 1240 | F13: 1270 | G13: 1330 | H13: 1320 | J13: =+VLOOKUP(C13,#REF!,9,0) -> #REF! | K13: 1 | L13: =+K13*J13 -> #REF! | M13: 1 | N13: =+M13*J13 -> #REF! | O13: 500 | P13: =+O13*K13 -> 500 | Q13: =+M13*O13 -> 500
A14: 11 | C14: Espaguetis | D14: Paquete de 250 gramos | E14: 1240 | F14: 1400 | G14: 1330 | H14: 1320 | J14: =+VLOOKUP(C14,#REF!,9,0) -> #REF! | K14: 1 | L14: =+K14*J14 -> #REF! | M14: 1 | N14: =+M14*J14 -> #REF! | O14: 250 | P14: =+O14*K14 -> 250 | Q14: =+M14*O14 -> 250
A15: 14 | C15: Avena Molida | D15: Paquete 250 gramos | E15: 1300 | G15: 1230 | H15: 1540 | J15: =+VLOOKUP(C15,#REF!,9,0) -> #REF! | K15: 1 | L15: =+K15*J15 -> #REF! | M15: 1 | N15: =+M15*J15 -> #REF! | O15: 250 | P15: =+O15*K15 -> 250 | Q15: =+M15*O15 -> 250
A16: 15 | B16: ACEITES Y GRASAS | C16: Aceite | D16: Litro | E16: 4690 | F16: 4930 | G16: 4750 | H16: 4700 | J16: =+VLOOKUP(C16,#REF!,9,0) -> #REF! | K16: 1 | L16: =+K16*J16 -> #REF! | M16: 1 | N16: =+M16*J16 -> #REF! | O16: 1000 | P16: =+O16*K16 -> 1000 | Q16: =+M16*O16 -> 1000
A17: 17 | B17: LECHES Y LÁCTEOS | C17: Leche en polvo _P | D17: Bolsa de 380 gramos | E17: 6130 | F17: 6010 | G17: 6130 | H17: 6660 | J17: =+VLOOKUP(C17,#REF!,9,0) -> #REF! | K17: 1 | L17: =+K17*J17 -> #REF! | M17: 1 | N17: =+M17*J17 -> #REF! | O17: 500 | P17: =+O17*K17 -> 500 | Q17: =+M17*O17 -> 500
A18: 18 | B18: LEGUMINOSAS | C18: Fríjol cargamanto | D18: Libras | E18: 1860 | G18: 2170 | J18: =+VLOOKUP(C18,#REF!,9,0) -> #REF! | K18: 1 | L18: =+K18*J18 -> #REF! | M18: 1 | N18: =+M18*J18 -> #REF! | O18: 500 | P18: =+O18*K18 -> 500 | Q18: =+M18*O18 -> 500
A19: 19 | C19: Lenteja | D19: Libras | E19: 1150 | F19: 1290 | G19: 1150 | J19: =+VLOOKUP(C19,#REF!,9,0) -> #REF! | K19: 1 | L19: =+K19*J19 -> #REF! | M19: 1 | N19: =+M19*J19 -> #REF! | O19: 500 | P19: =+O19*K19 -> 500 | Q19: =+M19*O19 -> 500
A20: 21 | B20: OTROS | C20: Jugo de Naranja | D20: 400 Grs | E20: 430 | F20: 440 | G20: 440 | J20: =+VLOOKUP(C20,#REF!,9,0) -> #REF! | K20: 0 | L20: =+K20*J20 -> #REF! | M20: 1 | N20: =+M20*J20 -> #REF! | O20: 400 | P20: =+O20*K20 -> 0 | Q20: =+M20*O20 -> 400
C21: Verdura en Lata | D21: Lata por 300 gr | E21: 2000 | F21: 2040 | G21: 2000 | J21: =+VLOOKUP(C21,#REF!,9,0) -> #REF! | K21: 1 | L21: =+K21*J21 -> #REF! | M21: 0 | N21: =+M21*J21 -> #REF! | O21: 300 | P21: =+O21*K21 -> 300 | Q21: =+M21*O21 -> 0
A22: 22 | C22: Sal con yodo y flour | D22: Libras | E22: 2000 | F22: 2040 | G22: 2000 | J22: =+VLOOKUP(C22,#REF!,9,0) -> #REF! | K22: 1 | L22: =+K22*J22 -> #REF! | M22: 0 | N22: =+M22*J22 -> #REF! | O22: 500 | P22: =+O22*K22 -> 500 | Q22: =+M22*O22 -> 0
C23: Total Paquete | L23: =SUM(L5:L22) -> #REF! | N23: =SUM(N5:N22) -> #REF! | O23: =SUM(O5:O22) -> 7553 | P23: =SUM(P5:P22) -> 9635 | Q23: =SUM(Q5:Q22) -> 8561 | R23: =+[3]Paquete!$L$25 -> 53330.955
C25: Numero de Paquetes | L25: =+#REF! -> #REF! | N25: =+#REF! -> #REF! | P25: =+L25*P23 -> #REF! | Q25: =+N25*Q23 -> #REF! | R25: =+L25 -> #REF!
C27: Costo Total | L27: =+L23*L25 -> #REF! | N27: =+N23*N25 -> #REF! | R27: =+R23*R25 -> #REF! | S27: =+R27-L27 -> #REF!

Sheet Dotac
A1: =+[4]Web!A1 -> Municipio de Medellin
A2: =+[4]RHno!A2 -> Secretaria de Inclusion Social y Familia
A3: Unidad de Seguridad Alimentaria
A4: =+[4]Web!A5 -> Estudio de Costos
A6: Dotacion
A8: ARTICULO | B8: Unidad | C8: Cantidad | D8: Burgos Dotaciones | E8: Napsa | G8: PRECIO PROMEDIO | H8: VALOR TOTAL
A9: Camisetas | B9: Unidad | C9: 0 | D9: =52000*1.19 -> 61880 | E9: =75000*1.19 -> 89250 | G9: =+AVERAGE(D9:E9) -> 75565 | H9: =C9*G9 -> 0
A10: Gorras | B10: Unidad | C10: 0 | D10: =19000*1.19 -> 22610 | G10: =+D10 -> 22610 | H10: =C10*G10 -> 0
A11: Chalecos | B11: Unidad | C11: 0 | D11: =10000*1.19 -> 11900 | G11: =+D11 -> 11900 | H11: =C11*G11 -> 0
A12: Costo Total | H12: =SUM(H9:H11) -> 0

Sheet Actividades
A1: MUNICIPIO DE TURBANA BOLIVAR
A2: SECRETARIA DE GOBIERNO
A3: ESAL-007-2019
A4: FORMATO PARA PRESENTACION DE OFERTA
D5: TOTAL ACTIVIDADES | E5: 63
C6: TOTAL VALOR | E6: =SUM(E8:E15) -> 0
A7: CANT | B7: Componente | C7: ACTIVIDAD | D7: Valor Unitario de la Actividad | E7: Valor Total de las Actividades
A8: 15 | B8: COMPONENTE SOCIAL | C8: Charlas de trabajo en equipo con los comunidad para el acompañamiento de residuos solidos por los diferentes puntos criticos del municipio | E8: =A8*D8 -> 0
A9: 15 | B9: COMPONENTE SOCIAL | C9: sensibilización a comunidades dirigidos a la comunidad educativa y campesinos, sobre temas de conservación, biodiversidad y métodos de recoleccion de residuos solidos | E9: =A9*D9 -> 0
A10: 15 | B10: COMPONENTE SOCIAL | C10: Talleres con la comunidad para Generar un cambio positivo en los hábitos de consumo, procurando la reducción y reutilización en los residuos generados | E10: =A10*D10 -> 0
A11: 15 | B11: COMPONENTE SOCIAL | C11: Socialización de las normas de código de policía sobre delitos ambientales | E11: =A11*D11 -> 0
A12: 30 | B12: COMPONENTE SOCIAL | C12: Limpieza y recoleccion de franjas lateral sobre las orillas en diferentes barrios del municipio de Turbana | E12: =A12*D12 -> 0
A13: 200 | B13: COMPONENTE SOCIAL | C13: Actividades con la comunidad para el almacenamiento transitorio y/o acondicionamiento de residuos para su transporte
A14: 200 | B14: COMPONENTE SOCIAL | C14: Actividades con la comunidad para Tratamiento: comprende el conjunto de operaciones tendientes al acondicionamiento y valorización de los residuos. Se entiende por acondicionamiento a las operaciones realizadas a fin de adecuar los residuos para su valorización o disposición final. Se entiende por valorización a todo procedimiento que permita el aprovechamiento de los recursos contenidos en los residuos, mediante el reciclaje en sus formas físicos, químicos, mecánicos o biológicos, y la reutilización | E14: =A14*D14 -> 0
A15: 200 | B15: COMPONENTE SOCIAL | C15: Retiro y disposición final l: comprende al conjunto de operaciones destinadas a lograr el depósito permanente de los residuos domiciliarios, así como de las fracciones de rechazo inevitables resultantes de los métodos de tratamiento adoptados. Asimismo, quedan comprendidas en esta etapa las actividades propias de la clausura y postclausura de los centros de disposición fin para una cantidad de 200 metros cubicos | E15: =A15*D15 -> 0

Sheet Transporte
A1: MUNICIPIO DE TURBANA BOLIVAR
A2: SECRETARIA DE GOBIERNO
A3: ESAL-007-2019
A4: FORMATO PARA PRESENTACION DE OFERTA
F5: INCLUYE COMBUSTIBLE Y CONDUCTOR
A6: DESCRIPCIÓN | B6: CANTIDAD DE VEHICULOS | C6: Cotización 1 | D6: Cotización 2 | E6: Cotización 3 | F6: Cotización 4 | G6: Cotización 5 | H6: PROMEDIO VALOR HORA | I6: CANTIDAD DE MESES | J6: VALOR MENSUAL | K6: VALOR TOTAL POR MES | L6: TOTAL MESES | M6: TOTAL | N6: VALOR DEL PROPONENTE ESAL
C7: VALOR MENSUAL | D7: VALOR MENSUAL | E7: VALOR MENSUAL | F7: VALOR MENSUAL | G7: VALOR MENSUAL
A8: Camioneta Doble Cabina 4X4 con volco recorrido área Urbana y Rural del Municipio de TURBANA | B8: 2 | C8: 3600000 | D8: 3400000 | E8: 3500000 | F8: 3900000 | G8: 3500000 | H8: =+(C8+D8+E8+F8+G8)/5 -> 3580000 | I8: 1 | J8: =+H8*I8 -> 3580000 | K8: =+J8 -> 3580000 | L8: =+'Consolidado '!B8 -> 1 | M8: =K8 -> 3580000
A9: transporte y recoleccion , Vehiculo de 12 Metros cubicos en el área Urbana y Rural del Municipio de TURBANA | B9: 3 | C9: 6000000 | D9: 5800000 | E9: 6500000 | F9: 5700000 | G9: 6500000 | H9: =+(C9+D9+E9+F9+G9)/5 -> 6100000 | I9: 1 | J9: =+H9*I9 -> 6100000 | K9: =+J9 -> 6100000 | L9: =+'Consolidado '!B9 -> 110 | M9: =K9 -> 6100000
A10: Total | M10: =+M8 -> 3580000 | N10: =SUM(N8:N9) -> 0
B14: ojo se cmabiaron cantidades de transporte para incrementar el valor | D14: dato real en la descripcion
A17: ZONA | B17: 22- 25 PASAJEROS | C17: 40 PASAJEROS
A18: URBANA | B18: 160000 | C18: 220000
A19: SANTA ELENA | B19: 280000 | C19: 380000
A20: PALMITAS | B20: 280000 | C20: 380000
A21: SAN CRISTOBAL | B21: 200000 | C21: 300000
A22: SAN ANTONIO | B22: 200000 | C22: 300000
A23: ALTAVISTA | B23: 200000 | C23: 300000

Sheet Dotacion
A1: MUNICIPIO DE TURBANA BOLIVAR
A2: SECRETARIA DE GOBIERNO
A3: ESAL-007-2019
A4: FORMATO PARA PRESENTACION DE OFERTA
A6: DOTACION-INCLUYE IMPUESTOS
A8: DESCRIPCIÓN | B8: CANTIDADES | C8: HOME CENTER | D8: MERCADO LIBRE | E8: PROMEDIO | F8: VALOR TOTAL | G8: Valor Unitario del Proponente ESAL | H8: VALOR TOTAL
A9: Chaleco | B9: 100 | C9: =52000*1.19 -> 61880 | D9: 70000 | E9: =+AVERAGE(C9:D9) -> 65940 | F9: =+B9*E9 -> 6594000 | H9: =B9*G9 -> 0
A10: Gorra | B10: 100 | C10: =10000*1.19 -> 11900 | D10: 10000 | E10: =+C10 -> 11900 | F10: =+B10*E10 -> 1190000 | H10: =B10*G10 -> 0
A11: Camisetas | B11: 100 | C11: =9000*1.19 -> 10710 | D11: 10900 | E11: =+C11 -> 10710 | F11: =+B11*E11 -> 1071000 | H11: =B11*G11 -> 0
A12: Guantes | B12: 500 | C12: 5000 | D12: 4500 | E12: =+AVERAGE(C12:D12) -> 4750 | F12: =+B12*E12 -> 2375000 | H12: =B12*G12 -> 0
A13: Tapabocas | B13: 1000 | C13: 600 | D13: 800 | E13: =+AVERAGE(C13:D13) -> 700 | F13: =+B13*E13 -> 700000 | H13: =B13*G13 -> 0
A14: Bolsas de Basura | B14: 5000 | C14: 200 | D14: 250 | E14: =+AVERAGE(C14:D14) -> 225 | F14: =+B14*E14 -> 1125000 | H14: =B14*G14 -> 0
A15: Palas | B15: 12 | C15: 25000 | D15: 24000 | E15: =+AVERAGE(C15:D15) -> 24500 | F15: =+B15*E15 -> 294000 | H15: =B15*G15 -> 0
A16: Rastrillos | B16: 12 | C16: 20000 | D16: 18000 | E16: =+AVERAGE(C16:D16) -> 19000 | F16: =+B16*E16 -> 228000 | H16: =B16*G16 -> 0
A17: Carretillas | B17: 5 | C17: 140000 | D17: 130000 | E17: =+AVERAGE(C17:D17) -> 135000 | F17: =+B17*E17 -> 675000 | H17: =B17*G17 -> 0
A18: VALOR TOTAL DOTACIÓN | F18: =SUM(F9:F10) -> 7784000 | H18: =SUM(H9:H17) -> 0

Sheet Alqul_Equip
A1: MUNICIPIO DE TURBANA BOLIVAR
A2: SECRETARIA DE GOBIERNO
A3: ESAL-007-2019
A4: FORMATO PARA PRESENTACION DE OFERTA
A5: ALQUILER EQUIPOS DE COMPUTO POR 30 DIAS
A6: DESCRIPCIÓN | B6: ALQUILES Y PC | C6: TECCOMPUTO | E6: Promedio | F6: Cantidad | G6: TIEMPO | H6: VALOR T | I6: VALOR UNITARIO DEL PROPONENTE ESAL | J6: VALOR TOTAL DEL PROPONENTE ESAL
A7: PORTATIL ICORE 3 Computador Portatil core i3, Minimo 4GB de memoria RAM, disco minimo de 500 gb, puerto de red, DVD, conexión inalambrica, puertos USB, puerto VGA, puerto HDMI, Licencia Windows original, Licencia Office original | B7: 126140 | C7: 129900 | E7: =+C7 -> 129900 | F7: 1 | G7: 1 | H7: =+E7*G7*F7 -> 129900 | J7: =F7*I7 -> 0
A8: Computador de escritorio core i5, Mínimo 4GB de memoria RAM, disco mínimo de 500 gb, puerto de red, DVD, conexión inalámbrica, puertos USB, puerto VGA, puerto HDMI, Licencia Windows original, Licencia Office original | C8: 119000 | E8: =+C8 -> 119000 | F8: 1 | G8: =+G7 -> 1 | H8: =+E8*G8*F8 -> 119000 | J8: =F8*I8 -> 0
A9: Video Beam | C9: PANAMERICANA | E9: =+C10 -> 83300 | F9: 1 | G9: 1 | H9: =+E9*G9*F9 -> 83300 | J9: =F9*I9 -> 0
C10: 83300
A11: TOTAL ALQUILER DE EQUIPOS DE COMPUTO | H11: =SUM(H7:H10) -> 332200 | J11: =SUM(J7:J10) -> 0

Sheet Vit_Mez
A1: Municipio de Medellin
A2: Secrteraia de Inclusion Social y Familia
A3: Unidad de Seguridad Alimentaria
A5: Complementos
A6: Producto | B6: Caracteristicas | C6: Presentacion | D6: CANTIDAD | E6: Itakate | F6: Promedio Incluido Iva | G6: COSTO TOTAL
A7: Vitanut | B7: Harina de soya, pasta de maní, aceitede canola, avena, maltodextrina,mono y diglicéridos, vitaminas yminerales, cebada malteada, gomacarragena y sucralosa (se anexa ficha nutricional) | C7: 50 Gramos | D7: =+H7*'Consolidado '!$B$8 -> 0 | E7: 2470 | F7: =+E7 -> 2470 | G7: =+D7*F7 -> 0 | H7: 0
A8: Mezcla de Lentejas y Verduras Deshidratadas | B8: Complemento nutricional a base de vegetales; Proteina vegetal texturizada y aislada, arroz y lentejas | C8: 500 Gramos | D8: =+H8*'Consolidado '!$B$8 -> 0 | E8: 14106 | F8: =+E8 -> 14106 | G8: =+D8*F8 -> 0 | H8: 0
A9: Total | G9: =SUM(G7:G8) -> 0
D13: =+D8/5 -> 0
H16: =+G9*1.01 -> 0
D17: =+D8/100 -> 0 | F17: =+H8/100 -> 0 | H17: =+H16-G9 -> 0
F19: =10000*5 -> 50000

Sheet Transp
A1: Municipio de Medellin
A2: Secretaria de Inclusion Social y Familia
A3: Unidad de Seguridad Alimentaria
A4: Estudio de Costos
A6: TRANSPORTE | N6: 4.33 | O6: Semanas
N7: =+'Consolidado '!B8 -> 1 | O7: Meses
A8: Transporte Camión | D8: Observaciones | E8: Tramitar | F8: GRC | G8: Jhony valbuena | H8: GR LOGISTICA | I8: Wilmar Molina | J8: Costo Promedio (por dìa) | K8: Costo por mes | L8: Tiempo | M8: Costo total | N8: 24 | O8: Dias
A9: CAMIÓN | B9: 2 | C9: De 2 Tonelada para el transporte de alimentos. | D9: Los vehículos se requieren por ocho (8) horas semanales al mes | E9: =230000*1.05 -> 241500 | F9: 240000 | G9: 241500 | H9: 250000 | I9: 241500 | J9: =+AVERAGE(E9:G9) -> 241000 | K9: =B9*J9*N6 -> 2087060 | L9: =+N7 -> 1 | M9: =+K9*L9 -> 2087060
A11: Totales | M11: 0

Sheet Alquiact
A1: Municipio de Medellin
A2: Secretaria deIncluson Social y Familia
A3: Unidad de Seguridad Alimentaria
A4: Area Financiera
A5: Estudio de Costos
A7: ALQUILER DE ACTIVOS
A9: ELEMENTOS | B9: CANTIDAD | C9: ESPECIFICACIONES | D9: Tiempo | E9: IEO | F9: Smart Plus | G9: Oscar Ochoa | H9: Òscar Ochoa | I9: PROMEDIO | J9: TOTAL COSTO MES | K9: TOTAL COSTO
A10: COMPUTADORES | B10: 4 | C10: Equipos de mesa con procesador CORE i3, CON 4GB de RAM, Disco duro de 500GB, Tarjeta de red integrada. Puerto de Video y sonido de alta definición HDMI, Puertos USB. Tarjeta de Red inalámbrica PCI. Pantalla LCD 21" Teclado Mouse óptico. | D10: =+'Consolidado '!B8 -> 1 | E10: 130000 | F10: 100000 | G10: 100000 | I10: =+F10 -> 100000 | J10: =+I10*B10*1.05 -> 420000 | K10: =+D10*J10 -> 420000
A11: Scaner | B11: 1 | C11: Con conversor a pdf | D11: =+D10 -> 1 | F11: 325000 | G11: 325000 | I11: =+F11 -> 325000 | J11: =+I11*B11*1.05 -> 341250 | K11: =+D11*J11 -> 341250
A12: Impresora multifuncional (3 en 1) | B12: 1 | C12: Alquiler, Imprime-fotocopia y escanea, monocromática, tarjeta de red, Láser jet, 27 ppm, ciclo de trabajo hasta 15.000 mes. | D12: =+D10 -> 1 | E12: 100000 | F12: 100000 | G12: 100000 | H12: 250000 | I12: =+AVERAGE(E12:F12) -> 100000 | J12: =+I12*B12*1.05 -> 105000 | K12: =+D12*J12 -> 105000
A13: Total | K13: =SUM(K10:K12) -> 866250
B16: COMPUTADOR
A17: Coordinador General | B17: 1
A18: Coordinadora Auxiliar Administrativo y Financiera | B18: 1
A19: Coordinadora Auxiliar Operativo | B19: 2
A20: Profesional Asistente Administrativo | B20: 1
A21: Profesional Asistente Contable | B21: 1
A22: Auxiliar procesos internos | B22: 2
A23: Auxiliar de enlace Medellín Solidaria - Secretaría de Bienestar Social | B23: 0
A24: Profesional Especializado | B24: 2
A25: Profesional Promoción Social | B25: 2
A26: Secretaria | B26: 1
A27: Coordinadores Locales | B27: 14
A28: Profesionales de familias en acción | B28: 18
... A37: Bachiller | B37: 0
B38: =SUM(B17:B37) -> 150

Sheet KitBebe
A1: Municipio de Medellín
A2: Secretaria de Inclusion y Social y Familia
A3: Unidad De Seguridad Alimentaria
A4: Estudio de Costos
A6: Kit Escolar
A8: Concepto | B8: Unidad | C8: Cantidad | D8: Éxito | E8: La Rebaja | F8: Boom | G8: Precio Promedio | H8: Costo Total
A9: Crema Antipañalitis (12 Grs) | B9: Unidad | C9: 1 | D9: 3253 | E9: 1870 | G9: =+E9*1.0251 -> 1916.937 | H9: =+C9*G9 -> 1916.937
A10: Copitos | B10: Unidad | C10: 1 | D10: 2979 | E10: 2800 | F10: 2990 | G10: =+E10*1.0251 -> 2870.28 | H10: =+C10*G10 -> 2870.28
A11: Jabon de Baño | B11: Unidad | C11: 1 | D11: 1845 | E11: 2200 | F11: 1953.3333 | G11: =+AVERAGE(D11,F11)*1.0251 -> 1946.8357 | H11: =+C11*G11 -> 1946.8357
A12: Bolsa | B12: Unidad | C12: 1 | G12: =200*1.0251 -> 205.02 | H12: 200
A13: TOTAL | H13: =SUM(H9:H12) -> 6934.0527
A15: Numero de Kit | H15: 20000
A17: TOTAL | H17: =+H13*H15 -> 1.3868105e+08
A19: Fecha:

Sheet Kitescolar
A1: Municipio de Medellín
A2: Secretaria de Inclusion y Social y Familia
A3: Unidad De Seguridad Alimentaria
A4: Estudio de Costos
A6: Kit Escolar
A8: Concepto | B8: Unidad | C8: Cantidad | D8: Distripel | E8: Papeleria Cucuta | F8: Distripel | G8: Panafargo | H8: Precio Promedio | I8: Costo Total
A9: Cuadernos rayados | B9: 100 Hojas | C9: 2 | E9: 650 | F9: 650 | G9: 675 | H9: =+E9*1.0251 -> 666.315 | I9: =+C9*H9 -> 1332.63
A10: Cuadernos cuadriculados | B10: 100 Hojas | C10: 2 | E10: 650 | F10: 650 | G10: 675 | H10: =+AVERAGE(D10:F10)*1.0251 -> 666.315 | I10: =+C10*H10 -> 1332.63
A11: Lápices | B11: Unidad | C11: 2 | E11: 475 | F11: 472.72727 | G11: 483.33333 | H11: =+AVERAGE(D11:F11)*1.0251 -> 485.75761 | I11: =+C11*H11 -> 971.51523
A12: Lapiceros | B12: Unidad | C12: 2 | E12: 283 | F12: 275 | G12: 275 | H12: =+G12*1.0251 -> 281.9025 | I12: =+C12*H12 -> 563.805
A13: Borrador | B13: Unidad | C13: 2 | E13: 275 | F13: 267.5 | G13: 550 | H13: =+F13*1.0251 -> 274.21425 | I13: =+C13*H13 -> 548.4285
A14: Sacapuntas | B14: Unidad | C14: 1 | E14: 250 | F14: 350 | H14: =+E14*1.0251 -> 256.275 | I14: =+C14*H14 -> 256.275
A15: Cartuchera | B15: Unidad | C15: 1 | E15: 900 | F15: 750 | G15: 1000 | H15: =+F15*1.0251 -> 768.825 | I15: =+C15*H15 -> 768.825
A16: Bolsa | B16: Unidad | C16: 1 | H16: =200*1.0251 -> 205.02 | I16: 200
A17: TOTAL | I17: =SUM(I9:I16) -> 5974.1087
A19: Numero de Kit | I19: 20000
A21: TOTAL | I21: =+I17*I19 -> 1.1948217e+08
A23: Fecha:

Sheet Gtodesp
A1: Municipio de Medellin
A2: Secrteraia de Inclusion Social y Familia
A3: Unidad de Seguridad Alimentaria
A5: CURSO DE MANIPUALACION DE ALIMENTOS
A6: CONCEPTO | B6: CANTIDAD | C6: Tiempo | D6: Promedio | E6: COSTO TOTAL
A7: Gastos de desplazamiento para profesionales | B7: 15 | C7: =+'Consolidado '!B8 -> 1 | D7: 200000 | E7: =+B7*C7*D7 -> 3000000
A8: TOTAL | E8: 0
A10: Fecha: | B10: =+'Consolidado '!A13 -> SEPTIEMBRE DE 2019

Sheet Papelería 
A1: Municipio de Medellin
A2: Secretaria de Inclusion Social y Familia
A3: Unidad de Seguridad Alimentaria
A4: Area Financiera
A5: Estudio de Costos
A7: PAPELERÍA
A9: Implementos | B9: Cantidad | C9: Unidad de Medida | D9: la 14 | H9: Cucuta | I9: Panafargo | K9: Precio Promedio | L9: Costo total
A10: AZ | B10: 20 | C10: Unidad Oficio | H10: 3750 | K10: =+IF(AND(#REF!=0,#REF!=0,#REF!=0,H10=0,I10=0),O,AVERAGEIF(D10:I10,"<>")) -> #REF! | L10: =+K10*B10 -> #REF!
A11: CD | B11: 2 | C11: x 100 Unds Reescribible | H11: 35000 | I11: 33700 | K11: =+IF(AND(#REF!=0,#REF!=0,#REF!=0,H11=0,I11=0),O,AVERAGEIF(D11:I11,"<>")) -> #REF! | L11: =+K11*B11 -> #REF!
A12: Estuche para CD | C12: x 100 Unds | D12: 2500 | K12: =+IF(AND(#REF!=0,#REF!=0,#REF!=0,H12=0,I12=0),O,AVERAGEIF(D12:I12,"<>")) -> #REF! | L12: =+K12*B12 -> #REF!
A13: Post It Guia | B13: 10 | C13: unidad | D13: 3450 | K13: =+IF(AND(#REF!=0,#REF!=0,#REF!=0,H13=0,I13=0),O,AVERAGEIF(D13:I13,"<>")) -> #REF! | L13: =+K13*B13 -> #REF!
A14: Papel Bond Carta | B14: 200 | C14: Resma carta | H14: 7300 | I14: 7200 | K14: =+IF(AND(#REF!=0,#REF!=0,#REF!=0,H14=0,I14=0),O,AVERAGEIF(D14:I14,"<>")) -> #REF! | L14: =+K14*B14 -> #REF!
A15: Papel Bond Oficio | B15: 30 | C15: Resma Oficio | H15: 9400 | I15: 9200 | K15: =+IF(AND(#REF!=0,#REF!=0,#REF!=0,H15=0,I15=0),O,AVERAGEIF(D15:I15,"<>")) -> #REF! | L15: =+K15*B15 -> #REF!
A16: Tóner | C16: Unidad | K16: =+IF(AND(#REF!=0,#REF!=0,#REF!=0,H16=0,I16=0),O,AVERAGEIF(D16:I16,"<>")) -> #REF! | L16: =+K16*B16 -> #REF!
A17: Boligrafo Negro | B17: 10 | C17: Caja x 12 Unds | H17: =250*12 -> 3000 | I17: 3300 | K17: =+IF(AND(#REF!=0,#REF!=0,#REF!=0,H17=0,I17=0),O,AVERAGEIF(D17:I17,"<>")) -> #REF! | L17: =+K17*B17 -> #REF!
A18: Borrador tablero seco | C18: Unidad | H18: 1000 | I18: 1000 | K18: =+IF(AND(#REF!=0,#REF!=0,#REF!=0,H18=0,I18=0),O,AVERAGEIF(D18:I18,"<>")) -> #REF! | L18: =+K18*B18 -> #REF!
A19: Ganchos Cosedora | B19: 20 | C19: caja | H19: 1500 | I19: 1500 | K19: =+IF(AND(#REF!=0,#REF!=0,#REF!=0,H19=0,I19=0),O,AVERAGEIF(D19:I19,"<>")) -> #REF! | L19: =+K19*B19 -> #REF!
A20: Clip Pequeño | B20: 40 | C20: caja | H20: 343.65 | I20: 350 | K20: =+IF(AND(#REF!=0,#REF!=0,#REF!=0,H20=0,I20=0),O,AVERAGEIF(D20:I20,"<>")) -> #REF! | L20: =+K20*B20 -> #REF!
A21: Clip Mariposa | B21: 20 | C21: caja | D21: 1950 | H21: 1250 | I21: 1550 | K21: =+IF(AND(#REF!=0,#REF!=0,#REF!=0,H21=0,I21=0),O,AVERAGEIF(D21:I21,"<>")) -> #REF! | L21: =+K21*B21 -> #REF!
A22: Ganchos legajador | B22: 20 | C22: caja | D22: 2150 | H22: 1500 | K22: =+IF(AND(#REF!=0,#REF!=0,#REF!=0,H22=0,I22=0),O,AVERAGEIF(D22:I22,"<>")) -> #REF! | L22: =+K22*B22 -> #REF!
A23: Resaltadores | B23: 80 | C23: Unidad | H23: 750 | I23: 800 | K23: =+IF(AND(#REF!=0,#REF!=0,#REF!=0,H23=0,I23=0),O,AVERAGEIF(D23:I23,"<>")) -> #REF! | L23: =+K23*B23 -> #REF!
A24: Sobre manila carta | B24: 200 | C24: Unidades | D24: 190 | H24: 68 | I24: 69 | K24: =+AVERAGE(D24:D24) -> 190 | L24: =+K24*B24 -> 38000
A25: Sobre manila oficio | B25: 2 | C25: Unidades x 100 | H25: 8200 | I25: 8000 | K25: =+IF(AND(#REF!=0,#REF!=0,#REF!=0,H25=0,I25=0),O,AVERAGEIF(D25:I25,"<>")) -> #REF! | L25: =+K25*B25 -> #REF!
A26: Pegante Colbon | B26: 4 | C26: Unidad x 225 Grs | D26: 4350 | H26: 3500 | K26: =+IF(AND(#REF!=0,#REF!=0,#REF!=0,H26=0,I26=0),O,AVERAGEIF(D26:I26,"<>")) -> #REF! | L26: =+K26*B26 -> #REF!
A27: Tijera | B27: 40 | C27: Unidad | D27: 2100 | H27: 2500 | K27: =+IF(AND(#REF!=0,#REF!=0,#REF!=0,H27=0,I27=0),O,AVERAGEIF(D27:I27,"<>")) -> #REF! | L27: =+K27*B27 -> #REF!
A28: Carpeta Plastica | C28: Unidad | K28: =+IF(AND(#REF!=0,#REF!=0,#REF!=0,H28=0,I28=0),O,AVERAGEIF(D28:I28,"<>")) -> #REF! | L28: =+K28*B28 -> #REF!
A29: Marcador Permanente | B29: 45 | C29: Unidad | I29: 750 | K29: =+IF(AND(#REF!=0,#REF!=0,#REF!=0,H29=0,I29=0),O,AVERAGEIF(D29:I29,"<>")) -> #REF! | L29: =+K29*B29 -> #REF!
A30: Marcador Borrable | B30: 40 | C30: Unidad | D30: 1600 | H30: 1000 | I30: 1000 | K30: =+IF(AND(#REF!=0,#REF!=0,#REF!=0,H30=0,I30=0),O,AVERAGEIF(D30:I30,"<>")) -> #REF! | L30: =+K30*B30 -> #REF!
A31: Grapadora | B31: 50 | C31: Unidad | D31: 6900 | K31: =+IF(AND(#REF!=0,#REF!=0,#REF!=0,H31=0,I31=0),O,AVERAGEIF(D31:I31,"<>")) -> #REF! | L31: =+K31*B31 -> #REF!
A32: Sacagrapa | B32: 70 | C32: Unidad | I32: 650 | K32: =+IF(AND(#REF!=0,#REF!=0,#REF!=0,H32=0,I32=0),O,AVERAGEIF(D32:I32,"<>")) -> #REF! | L32: =+K32*B32 -> #REF!
A33: Cartulina legajadora para Archivar | C33: Pquetes de 50 Unidades tamaño Oficio | D33: 10950 | K33: =+IF(AND(#REF!=0,#REF!=0,#REF!=0,H33=0,I33=0),O,AVERAGEIF(D33:I33,"<>")) -> #REF! | L33: =+K33*B33 -> #REF!
A34: Perforadora | B34: 50 | C34: Unidad | K34: =+IF(AND(#REF!=0,#REF!=0,#REF!=0,H34=0,I34=0),O,AVERAGEIF(D34:I34,"<>")) -> #REF! | L34: =+K34*B34 -> #REF!
A35: DVD | C35: Unidad | D35: 950 | K35: =+IF(AND(#REF!=0,#REF!=0,#REF!=0,H35=0,I35=0),O,AVERAGEIF(D35:I35,"<>")) -> #REF! | L35: =+K35*B35 -> #REF!
A36: Marcadores para CD | C36: Unidad | D36: 1600 | K36: =+IF(AND(#REF!=0,#REF!=0,#REF!=0,H36=0,I36=0),O,AVERAGEIF(D36:I36,"<>")) -> #REF! | L36: =+K36*B36 -> #REF!
A37: Corrector | C37: Unidad | K37: =+IF(AND(#REF!=0,#REF!=0,#REF!=0,H37=0,I37=0),O,AVERAGEIF(D37:I37,"<>")) -> #REF! | L37: =+K37*B37 -> #REF!
A38: Cuaderno 50 hojas | C38: unidad | K38: =+IF(AND(#REF!=0,#REF!=0,#REF!=0,H38=0,I38=0),O,AVERAGEIF(D38:I38,"<>")) -> #REF! | L38: =+K38*B38 -> #REF!
A39: Tinta para sellos colores variados | C39: unidad | D39: 1680 | K39: =+IF(AND(#REF!=0,#REF!=0,#REF!=0,H39=0,I39=0),O,AVERAGEIF(D39:I39,"<>")) -> #REF! | L39: =+K39*B39 -> #REF!
C40: unidad | K40: =+IF(AND(#REF!=0,#REF!=0,#REF!=0,H40=0,I40=0),O,AVERAGEIF(D40:I40,"<>")) -> #REF! | L40: =+K40*B40 -> #REF!
A41: Borrador de Nata | B41: 80 | C41: Unidad | K41: =+IF(AND(#REF!=0,#REF!=0,#REF!=0,H41=0,I41=0),O,AVERAGEIF(D41:I41,"<>")) -> #REF! | L41: =+K41*B41 -> #REF!
I43: Totales | L43: =SUM(L10:L41) -> #REF!
A45: Fecha: | B45: =+[5]Alquiact!B16 -> 41507
L46: 1.03
A47: Implementos | B47: Cantidad | C47: Unidad de Medida | D47: Papeleria Marion | E47: Papeleria Marin | F47: Papeleria Colombia | G47: Papeleria Panamericana | H47: Makro | I47: Materiales de Oficina | J47: Papeleria Cucuta | K47: Precio Promedio | L47: Costo total | N47: para 6 meses
A48: Papel Bond Carta | B48: 7 | C48: Resma carta | D48: 8294 | E48: 9500 | F48: =6897*1.16 -> 8000.52 | G48: 8600 | H48: 7450 | I48: 6999 | J48: 8800 | K48: =+AVERAGE(H48:I48) -> 7224.5 | L48: =+K48*B48 -> 50571.5 | N48: Papel Bond Carta | O48: 10
A49: Tóner Negro Impresora 1120 | B49: 4 | C49: Unidad | D49: PC Madrigal | E49: Mercado Libre | F49: OXL | K49: =+AVERAGE(D50:E50) -> 115000 | L49: =+K49*B49 -> 460000 | N49: Tóner Negro Impresora 1120 | O49: 6
D50: 110000 | E50: 120000 | F50: 209000
A51: Carpetas de Carton | B51: 40 | C51: =+VLOOKUP(A51,'[6]Papelería '!$A$2:$B$61,2,0) -> Unidad | D51: 156.6 | G51: 400 | H51: 325 | I51: 168 | K51: =+AVERAGE(D51,H51) -> 240.8 | L51: =+K51*B51 -> 9632 | N51: Carpetas de Carton | O51: 40
A52: Boligrafo Negro | B52: 600 | C52: Unidad | D52: 329.44 | E52: 450 | F52: =233*1.16 -> 270.28 | G52: 573 | H52: 375 | I52: 326 | J52: 350 | K52: =+F52 -> 270.28 | L52: =+K52*B52 -> 162168 | N52: Boligrafo Negro | O52: 800
A53: Cinta de Embalaje | B53: 3 | C53: Unidad | D53: 3202.76 | E53: 3400 | F53: =1396*1.16 -> 1619.36 | G53: 2400 | H53: 3916 | I53: 1506 | J53: 1500 | K53: =+AVERAGE(F53,I53) -> 1562.68 | L53: =+K53*B53 -> 4688.04 | N53: Cinta de Embalaje | O53: 3
A54: Macador Borrable | B54: 5 | C54: Unidad | D54: 2547.36 | E54: 3100 | F54: =973*1.16 -> 1128.68 | G54: 2500 | H54: 2280 | I54: 1437 | J54: 1100 | K54: =+AVERAGE(F54,I54) -> 1282.84 | L54: =+K54*B54 -> 6414.2 | N54: Macador Borrable | O54: 5
A55: Marcador Permanente | B55: 5 | C55: Unidad | D55: 1061.4 | E55: 1700 | F55: =741*1.16 -> 859.56 | G55: 2000 | H55: 875 | I55: 826 | J55: 800 | K55: =+AVERAGE(F55,I55) -> 842.78 | L55: =+K55*B55 -> 4213.9 | N55: Marcador Permanente | O55: 5
A56: Fotocopias – Formatos | B56: 5000 | D56: 100 | E56: 50 | F56: 50 | K56: =+AVERAGE(E56,H56) -> 50 | L56: =+K56*B56 -> 250000 | N56: Fotocopias – Formatos | O56: 8000
A57: Sacagrapa | B57: 1 | C57: =+VLOOKUP(A57,'[6]Papelería '!$A$2:$B$61,2,0) -> Unidad | D57: 916.4 | E57: 1300 | F57: =961*1.16 -> 1114.76 | G57: 4400 | I57: 976 | J57: 900 | K57: =+AVERAGE(D57,I57) -> 946.2 | L57: =+K57*B57 -> 946.2 | N57: Sacagrapa | O57: 1
A58: Carpetas de Carton | B58: 36 | C58: Unidad | E58: 145 | F58: 548 | H58: 140 | I58: =600*1.03 -> 618 | J58: 150 | K58: =+AVERAGE(E58,H58) -> 142.5 | L58: =+K58*B58 -> 5130 | N58: Carpetas de Carton | O58: 36
A60: Total | L60: =SUM(L48:L59) -> 953763.84

Sheet Compota
A1: Municipio de Medellin
A2: Secrteraia de Inclusion Social y Familia
A3: Unidad de Seguridad Alimentaria
A5: COMPOTA
A6: CONCEPTO | B6: Presentacion | C6: CANTIDAD | D6: Konfyt | E6: Doña Paula | F6: Nebraska | G6: Promedio | H6: COSTO TOTAL
A7: Supercompota Rica en Proteína, Vitaminas y Minerales, para niños con edad de 7 meses a 1 año. | B7: 120 Gramos | C7: 0 | D7: 2970 | E7: 3000 | F7: 3097 | G7: =+D7 -> 2970 | H7: =+C7*G7 -> 0
A8: TOTAL | H8: =+SUM(H7:H7) -> 0
A10: Fecha: | C10: =+'Consolidado '!A13 -> SEPTIEMBRE DE 2019
C14: =+C15 -> 375640
C15: =370000+D15 -> 375640 | D15: 5640 | H15: =+C7*120 -> 0
D17: =+D15/30 -> 188
D18: =184*30 -> 5520

Sheet Bodeg y Log
A1: Municipio de Medellin
A2: Secretaria de Inclusion Social y Familia
A3: Unidad de Seguridad Alimentaria
A4: Estudio de Costos
A6: Bodega
A8: Concepto | B8: Cantidad | C8: Coltebienes | D8: Bodegas y Locales | E8: Finca Raiz | F8: Promedio Mes | G8: Tiempo | H8: Costo total
A9: Bodega de 500 Mts | B9: 1 | C9: 6254000 | D9: 6000000 | E9: 7000000 | F9: =+AVERAGE(C9:D9) -> 6127000 | G9: =+ROUND('Consolidado '!$B$8,0) -> 1 | H9: 0 | J9: 500
A10: Oficina | C10: Ramon H | D10: Bodegas y Locales | E10: Finca Raiz | F10: =+AVERAGE(C11,E11) -> 800000 | G10: =+G9 -> 1 | H10: =+F10*G10 -> 800000
B11: 1 | C11: 800000 | D11: 800000 | E11: 800000
A12: Puestos de Trabajo | B12: 13 | C12: Mi Tula | D12: SBS Colombia | E12: Parquesoft | F12: =+AVERAGE(D13:E13) -> #REF! | G12: =+G10 -> 1 | H12: =+B12*G12*F12 -> #REF!
C13: =300000*(1+#REF!) -> #REF! | D13: =120000*(1+#REF!) -> #REF! | E13: =130000*(1+#REF!) -> #REF!
A14: Internet | B14: 1 | C14: Une | D14: Tigo | E14: Movistar | F14: =+C15 -> 75284 | G14: =+G10 -> 1 | H14: =+F14*G14*B14 -> 75284
C15: 75284 | D15: 62000 | E15: 61350
A16: Telefonia Fija | B16: 1 | C16: 54520 | D16: =83889*(1+#REF!) -> #REF! | E16: =53916*(1+#REF!) -> #REF! | F16: =+AVERAGE(C16,E16) -> #REF! | G16: =+G14 -> 1 | H16: =+F16*G16*B16 -> #REF!
A17: Planes de Celular ( 2.100 Minutos Promedio) | B17: 2 | C17: Claro | D17: Movistar | E17: Tigo | F17: =+C18 -> 71900 | G17: =+G16 -> 1 | H17: =+F17*G17*B17 -> 143800
C18: 71900 | D18: 94500 | E18: 134900
A19: Servicios Publicos | B19: 1 | F19: 1200000 | G19: =+G10 -> 1 | H19: =+F19*G19 -> 1200000
A21: Totales | H21: =SUM(H9:H20) -> #REF!

Sheet Bodega
A1: Municipio de Medellin
A2: Secrteraia de Inclusion Social y Familia
A3: Unidad de Seguridad Alimentaria
A5: Alquiler de Oficina
A6: CONCEPTO | B6: Finca Raiz | C6: Santa Fe | D6: Bemsa | E6: Coltebienes | F6: Bodegas y Locales | G6: Promedio | H6: Tiempo | I6: COSTO TOTAL
A7: Alquiler de Oficina , con Espacio para 15 puestos de Trabajo | B7: 870000 | C7: 825000 | D7: 900000 | G7: =+AVERAGE(B7:F7)*1.0251 -> 886711.5 | H7: =+'Consolidado '!B8 -> 1 | I7: =+G7*H7 -> 886711.5
A8: Bodega con capacidad de aproximadamente de 500 mtr2. | B8: 10000000 | E8: 10000000 | F8: 9000000 | G8: =+AVERAGE(B8:F8)*1.0251 -> 9909300 | H8: =+H7 -> 1 | I8: =+G8*H8 -> 9909300
A9: Servicios Publicos | G9: =1191493.625*1.0251 -> 1221400.1 | H9: =+H8 -> 1 | I9: =+G9*H9 -> 1221400.1
A10: TOTAL | I10: =SUM(I7:I9) -> 12017412
A12: Fecha: | C12: =+'Consolidado '!A13 -> SEPTIEMBRE DE 2019

Sheet E. Precios
A2: RESUMEN ESTUDIO DE PRECIOS
C4: S1 | D4: S2 | E4: S3 | F4: S4 | G4: S5
A5: PRODUCTO | B5: MEDIDA | C5: Precio Promedio | D5: Precio Promedio | E5: Precio Promedio | F5: Precio Promedio | G5: Precio Promedio | H5: PRECIO PROMEDIO GLOBAL | I5: PRECIO PROM UNID MEDIDA | J5: Cantidad
A7: =+'[7] E.PRECIOS'!A6 -> Aceite | B7: =+'[7] E.PRECIOS'!B6 -> Cm3 | C7: =+'[7] E.PRECIOS'!AM6 -> 0 | D7: =+'[7] E.PRECIOS'!AN6 -> 6105.3333 | E7: =+'[7] E.PRECIOS'!AO6 -> 6282 | F7: =+'[7] E.PRECIOS'!AP6 -> 6170 | G7: =+'[7] E.PRECIOS'!AQ6 -> 7016.6667 | H7: =+'[7] E.PRECIOS'!AR6 -> 6393.5 | I7: =+'[7] E.PRECIOS'!AS6 -> 6.3935 | J7: =+'[7] E.PRECIOS'!AT6 -> 0
A8: =+'[7] E.PRECIOS'!A7 -> Acelga | B8: Kilogramo | C8: =+'[7] E.PRECIOS'!AM7 -> 1000 | D8: =+'[7] E.PRECIOS'!AN7 -> 0 | E8: =+'[7] E.PRECIOS'!AO7 -> 0 | F8: =+'[7] E.PRECIOS'!AP7 -> 0 | G8: =+'[7] E.PRECIOS'!AQ7 -> 0 | H8: =+'[7] E.PRECIOS'!AR7 -> 1000 | I8: =+'[7] E.PRECIOS'!AS7 -> 1
A9: =+'[7] E.PRECIOS'!A8 -> Agua | B9: =+'[7] E.PRECIOS'!B8 -> Cm3 | C9: =+'[7] E.PRECIOS'!AM8 -> 0 | D9: =+'[7] E.PRECIOS'!AN8 -> 1330 | E9: =+'[7] E.PRECIOS'!AO8 -> 0 | F9: =+'[7] E.PRECIOS'!AP8 -> 4490 | G9: =+'[7] E.PRECIOS'!AQ8 -> 4440 | H9: =+'[7] E.PRECIOS'!AR8 -> 3420 | I9: =+'[7] E.PRECIOS'!AS8 -> 0.684 | J9: =+'[7] E.PRECIOS'!AT8 -> 0
A10: =+'[7] E.PRECIOS'!A9 -> Ahuyama | B10: =+'[7] E.PRECIOS'!B9 -> Kilogramo | C10: =+'[7] E.PRECIOS'!AM9 -> 0 | D10: =+'[7] E.PRECIOS'!AN9 -> 1200 | E10: =+'[7] E.PRECIOS'!AO9 -> 1350 | F10: =+'[7] E.PRECIOS'!AP9 -> 680 | G10: =+'[7] E.PRECIOS'!AQ9 -> 580 | H10: =+'[7] E.PRECIOS'!AR9 -> 952.5 | I10: =+'[7] E.PRECIOS'!AS9 -> 0.9525 | J10: =+'[7] E.PRECIOS'!AT9 -> 0
A11: =+'[7] E.PRECIOS'!A10 -> Ajo | B11: =+'[7] E.PRECIOS'!B10 -> Gramos | C11: =+'[7] E.PRECIOS'!AM10 -> 0 | D11: =+'[7] E.PRECIOS'!AN10 -> 246 | E11: =+'[7] E.PRECIOS'!AO10 -> 400 | F11: =+'[7] E.PRECIOS'!AP10 -> 810 | G11: =+'[7] E.PRECIOS'!AQ10 -> 7933.3333 | H11: =+'[7] E.PRECIOS'!AR10 -> 2347.3333 | I11: =+'[7] E.PRECIOS'!AS10 -> 46.946667 | J11: =+'[7] E.PRECIOS'!AT10 -> 0
A12: =+'[7] E.PRECIOS'!A11 -> Almojabana | B12: =+'[7] E.PRECIOS'!B11 -> unidades | C12: =+'[7] E.PRECIOS'!AM11 -> 0 | D12: =+'[7] E.PRECIOS'!AN11 -> 1272.6667 | E12: =+'[7] E.PRECIOS'!AO11 -> 1178 | F12: =+'[7] E.PRECIOS'!AP11 -> 969.44444 | G12: =+'[7] E.PRECIOS'!AQ11 -> 1286.6667 | H12: =+'[7] E.PRECIOS'!AR11 -> 1176.6944 | I12: =+'[7] E.PRECIOS'!AS11 -> 1176.6944 | J12: =+'[7] E.PRECIOS'!AT11 -> 0
A13: =+'[7] E.PRECIOS'!A12 -> Apio | B13: =+'[7] E.PRECIOS'!B12 -> Kilogramo | C13: =+'[7] E.PRECIOS'!AM12 -> 800 | D13: =+'[7] E.PRECIOS'!AN12 -> 0 | E13: =+'[7] E.PRECIOS'!AO12 -> 0 | F13: =+'[7] E.PRECIOS'!AP12 -> 0 | G13: =+'[7] E.PRECIOS'!AQ12 -> 0 | H13: =+'[7] E.PRECIOS'!AR12 -> 800 | I13: =+'[7] E.PRECIOS'!AS12 -> 0.8 | J13: =+'[7] E.PRECIOS'!AT12 -> 0
A14: =+'[7] E.PRECIOS'!A13 -> Arepa de chocolo | B14: =+'[7] E.PRECIOS'!B13 -> Gramos | C14: =+'[7] E.PRECIOS'!AM13 -> 0 | D14: =+'[7] E.PRECIOS'!AN13 -> 2450 | E14: =+'[7] E.PRECIOS'!AO13 -> 2143 | F14: =+'[7] E.PRECIOS'!AP13 -> 3403.3333 | G14: =+'[7] E.PRECIOS'!AQ13 -> 1753.3333 | H14: =+'[7] E.PRECIOS'!AR13 -> 2437.4167 | I14: =+'[7] E.PRECIOS'!AS13 -> 8.1247222 | J14: =+'[7] E.PRECIOS'!AT13 -> 0
A15: =+'[7] E.PRECIOS'!A14 -> Arepa redonda | B15: =+'[7] E.PRECIOS'!B14 -> Gramos | C15: =+'[7] E.PRECIOS'!AM14 -> 0 | D15: =+'[7] E.PRECIOS'!AN14 -> 1756.6667 | E15: =+'[7] E.PRECIOS'!AO14 -> 1870 | F15: =+'[7] E.PRECIOS'!AP14 -> 1560 | G15: =+'[7] E.PRECIOS'!AQ14 -> 1500 | H15: =+'[7] E.PRECIOS'!AR14 -> 1671.6667 | I15: =+'[7] E.PRECIOS'!AS14 -> 4.1791667 | J15: =+'[7] E.PRECIOS'!AT14 -> 0
A16: =+'[7] E.PRECIOS'!A15 -> Arepa tela | B16: =+'[7] E.PRECIOS'!B15 -> Gramos | C16: =+'[7] E.PRECIOS'!AM15 -> 0 | D16: =+'[7] E.PRECIOS'!AN15 -> 2890.3333 | E16: =+'[7] E.PRECIOS'!AO15 -> 2852 | F16: =+'[7] E.PRECIOS'!AP15 -> 0 | G16: =+'[7] E.PRECIOS'!AQ15 -> 2810 | H16: =+'[7] E.PRECIOS'!AR15 -> 2850.7778 | I16: =+'[7] E.PRECIOS'!AS15 -> 4.0725397 | J16: =+'[7] E.PRECIOS'!AT15 -> 0
A17: =+'[7] E.PRECIOS'!A16 -> Arequipe | B17: =+'[7] E.PRECIOS'!B16 -> Gramos | C17: =+'[7] E.PRECIOS'!AM16 -> 0 | D17: =+'[7] E.PRECIOS'!AN16 -> 3260 | E17: =+'[7] E.PRECIOS'!AO16 -> 3088.3333 | F17: =+'[7] E.PRECIOS'!AP16 -> 2990 | G17: =+'[7] E.PRECIOS'!AQ16 -> 2715 | H17: =+'[7] E.PRECIOS'!AR16 -> 3013.3333 | I17: =+'[7] E.PRECIOS'!AS16 -> 12.053333 | J17: =+'[7] E.PRECIOS'!AT16 -> 0
A18: =+'[7] E.PRECIOS'!A17 -> Arracacha | B18: =+'[7] E.PRECIOS'!B17 -> Kilogramo | C18: =+'[7] E.PRECIOS'!AM17 -> 0 | D18: =+'[7] E.PRECIOS'!AN17 -> 2570 | E18: =+'[7] E.PRECIOS'!AO17 -> 4000 | F18: =+'[7] E.PRECIOS'!AP17 -> 1880 | G18: =+'[7] E.PRECIOS'!AQ17 -> 0 | H18: =+'[7] E.PRECIOS'!AR17 -> 2816.6667 | I18: =+'[7] E.PRECIOS'!AS17 -> 2.8166667 | J18: =+'[7] E.PRECIOS'!AT17 -> 0
A19: =+'[7] E.PRECIOS'!A18 -> Arroz | B19: =+'[7] E.PRECIOS'!B18 -> Kilogramo | C19: =+'[7] E.PRECIOS'!AM18 -> 0 | D19: =+'[7] E.PRECIOS'!AN18 -> 2763.3333 | E19: =+'[7] E.PRECIOS'!AO18 -> 3006.6667 | F19: =+'[7] E.PRECIOS'!AP18 -> 3480 | G19: =+'[7] E.PRECIOS'!AQ18 -> 2383.3333 | H19: =+'[7] E.PRECIOS'!AR18 -> 2908.3333 | I19: =+'[7] E.PRECIOS'!AS18 -> 2.9083333 | J19: =+'[7] E.PRECIOS'!AT18 -> 0
A20: =+'[7] E.PRECIOS'!A19 -> Arveja seca | B20: =+'[7] E.PRECIOS'!B19 -> Kilogramo | C20: =+'[7] E.PRECIOS'!AM19 -> 0 | D20: =+'[7] E.PRECIOS'!AN19 -> 1020 | E20: =+'[7] E.PRECIOS'!AO19 -> 2720 | F20: =+'[7] E.PRECIOS'!AP19 -> 2780 | G20: =+'[7] E.PRECIOS'!AQ19 -> 2340 | H20: =+'[7] E.PRECIOS'!AR19 -> 2215 | I20: =+'[7] E.PRECIOS'!AS19 -> 2.215 | J20: =+'[7] E.PRECIOS'!AT19 -> 0
... A36: =+'[7] E.PRECIOS'!A35 -> Caladitos | B36: =+'[7] E.PRECIOS'!B35 -> Gramos | C36: =+'[7] E.PRECIOS'!AM35 -> 0 | D36: =+'[7] E.PRECIOS'!AN35 -> 2820 | E36: =+'[7] E.PRECIOS'!AO35 -> 2770 | F36: =+'[7] E.PRECIOS'!AP35 -> 2015.2083 | G36: =+'[7] E.PRECIOS'!AQ35 -> 3130 | H36: =+'[7] E.PRECIOS'!AR35 -> 2683.8021 | I36: =+'[7] E.PRECIOS'!AS35 -> 15.787071 | J36: =+'[7] E.PRECIOS'!AT35 -> 0
A37: Caldo concentrado | B37: =+'[7] E.PRECIOS'!B36 -> unidades | C37: =+'[7] E.PRECIOS'!AM36 -> 0 | D37: =+'[7] E.PRECIOS'!AN36 -> 2003.3333 | E37: =+'[7] E.PRECIOS'!AO36 -> 2159 | F37: =+'[7] E.PRECIOS'!AP36 -> 0 | G37: =+'[7] E.PRECIOS'!AQ36 -> 1773.3333 | H37: =+'[7] E.PRECIOS'!AR36 -> 1978.5556 | I37: =+'[7] E.PRECIOS'!AS36 -> 247.31944 | J37: =+'[7] E.PRECIOS'!AT36 -> 0
A38: =+'[7] E.PRECIOS'!A37 -> Canela en polvo | B38: =+'[7] E.PRECIOS'!B37 -> Gramos | C38: =+'[7] E.PRECIOS'!AM37 -> 0 | D38: =+'[7] E.PRECIOS'!AN37 -> 3260 | E38: =+'[7] E.PRECIOS'!AO37 -> 1980.6667 | F38: =+'[7] E.PRECIOS'!AP37 -> 2035 | G38: =+'[7] E.PRECIOS'!AQ37 -> 2003.3333 | H38: =+'[7] E.PRECIOS'!AR37 -> 2319.75 | I38: =+'[7] E.PRECIOS'!AS37 -> 46.395 | J38: =+'[7] E.PRECIOS'!AT37 -> 0
A39: =+'[7] E.PRECIOS'!A38 -> Carne de hamburguesa | B39: =+'[7] E.PRECIOS'!B38 -> Gramos | C39: =+'[7] E.PRECIOS'!AM38 -> 0 | D39: =+'[7] E.PRECIOS'!AN38 -> 12280 | E39: =+'[7] E.PRECIOS'!AO38 -> 6605 | F39: =+'[7] E.PRECIOS'!AP38 -> 7795 | G39: =+'[7] E.PRECIOS'!AQ38 -> 5180 | H39: =+'[7] E.PRECIOS'!AR38 -> 7965 | I39: =+'[7] E.PRECIOS'!AS38 -> 19.9125 | J39: =+'[7] E.PRECIOS'!AT38 -> 0
A40: =+'[7] E.PRECIOS'!A39 -> Carne de res 1ra | B40: =+'[7] E.PRECIOS'!B39 -> Kilogramo | C40: =+'[7] E.PRECIOS'!AM39 -> 13151 | D40: =+'[7] E.PRECIOS'!AN39 -> 0 | E40: =+'[7] E.PRECIOS'!AO39 -> 0 | F40: =+'[7] E.PRECIOS'!AP39 -> 0 | G40: =+'[7] E.PRECIOS'!AQ39 -> 0 | H40: =+'[7] E.PRECIOS'!AR39 -> 13151 | I40: =+'[7] E.PRECIOS'!AS39 -> 13.151 | J40: =+'[7] E.PRECIOS'!AT39 -> 0
A41: =+'[7] E.PRECIOS'!A40 -> Carne de res 2da | B41: =+'[7] E.PRECIOS'!B40 -> Kilogramo | C41: =+'[7] E.PRECIOS'!AM40 -> 11670 | D41: =+'[7] E.PRECIOS'!AN40 -> 0 | E41: =+'[7] E.PRECIOS'!AO40 -> 0 | F41: =+'[7] E.PRECIOS'!AP40 -> 0 | G41: =+'[7] E.PRECIOS'!AQ40 -> 0 | H41: =+'[7] E.PRECIOS'!AR40 -> 11670 | I41: =+'[7] E.PRECIOS'!AS40 -> 11.67 | J41: =+'[7] E.PRECIOS'!AT40 -> 0
A42: =+'[7] E.PRECIOS'!A41 -> Carne molida | B42: =+'[7] E.PRECIOS'!B41 -> Kilogramo | C42: =+'[7] E.PRECIOS'!AM41 -> 11670 | D42: =+'[7] E.PRECIOS'!AN41 -> 0 | E42: =+'[7] E.PRECIOS'!AO41 -> 0 | F42: =+'[7] E.PRECIOS'!AP41 -> 0 | G42: =+'[7] E.PRECIOS'!AQ41 -> 0 | H42: =+'[7] E.PRECIOS'!AR41 -> 11670 | I42: =+'[7] E.PRECIOS'!AS41 -> 11.67 | J42: =+'[7] E.PRECIOS'!AT41 -> 0
A43: =+'[7] E.PRECIOS'!A42 -> Cebolla de huevo | B43: =+'[7] E.PRECIOS'!B42 -> Kilogramo | C43: =+'[7] E.PRECIOS'!AM42 -> 0 | D43: =+'[7] E.PRECIOS'!AN42 -> 2707 | E43: =+'[7] E.PRECIOS'!AO42 -> 2000 | F43: =+'[7] E.PRECIOS'!AP42 -> 2850 | G43: =+'[7] E.PRECIOS'!AQ42 -> 2220 | H43: =+'[7] E.PRECIOS'!AR42 -> 2444.25 | I43: =+'[7] E.PRECIOS'!AS42 -> 2.44425 | J43: =+'[7] E.PRECIOS'!AT42 -> 0
A44: =+'[7] E.PRECIOS'!A43 -> Cebolla de rama | B44: =+'[7] E.PRECIOS'!B43 -> Kilogramo | C44: =+'[7] E.PRECIOS'!AM43 -> 0 | D44: =+'[7] E.PRECIOS'!AN43 -> 2380 | E44: =+'[7] E.PRECIOS'!AO43 -> 1175 | F44: =+'[7] E.PRECIOS'!AP43 -> 3500 | G44: =+'[7] E.PRECIOS'!AQ43 -> 1980 | H44: =+'[7] E.PRECIOS'!AR43 -> 2258.75 | I44: =+'[7] E.PRECIOS'!AS43 -> 2.25875 | J44: =+'[7] E.PRECIOS'!AT43 -> 0
A45: =+'[7] E.PRECIOS'!A44 -> Cebolla junca | B45: =+'[7] E.PRECIOS'!B44 -> Kilogramo | C45: =+'[7] E.PRECIOS'!AM44 -> 0 | D45: =+'[7] E.PRECIOS'!AN44 -> 2540 | E45: =+'[7] E.PRECIOS'!AO44 -> 3000 | F45: =+'[7] E.PRECIOS'!AP44 -> 2640 | G45: =+'[7] E.PRECIOS'!AQ44 -> 1980 | H45: =+'[7] E.PRECIOS'!AR44 -> 2540 | I45: =+'[7] E.PRECIOS'!AS44 -> 2.54 | J45: =+'[7] E.PRECIOS'!AT44 -> 0
A46: =+'[7] E.PRECIOS'!A45 -> Choco krispis | B46: =+'[7] E.PRECIOS'!B45 -> Gramos | C46: =+'[7] E.PRECIOS'!AM45 -> 0 | D46: =+'[7] E.PRECIOS'!AN45 -> 7820 | E46: =+'[7] E.PRECIOS'!AO45 -> 9210 | F46: =+'[7] E.PRECIOS'!AP45 -> 6308.5714 | G46: =+'[7] E.PRECIOS'!AQ45 -> 8010 | H46: =+'[7] E.PRECIOS'!AR45 -> 7837.1429 | I46: =+'[7] E.PRECIOS'!AS45 -> 24.491071 | J46: =+'[7] E.PRECIOS'!AT45 -> 0
A47: =+'[7] E.PRECIOS'!A46 -> Chocolate pastilla | B47: =+'[7] E.PRECIOS'!B46 -> Gramos | C47: =+'[7] E.PRECIOS'!AM46 -> 0 | D47: =+'[7] E.PRECIOS'!AN46 -> 2445 | E47: =+'[7] E.PRECIOS'!AO46 -> 2698.3333 | F47: =+'[7] E.PRECIOS'!AP46 -> 2450 | G47: =+'[7] E.PRECIOS'!AQ46 -> 2380 | H47: =+'[7] E.PRECIOS'!AR46 -> 2493.3333 | I47: =+'[7] E.PRECIOS'!AS46 -> 19.946667 | J47: =+'[7] E.PRECIOS'!AT46 -> 0
A48: =+'[7] E.PRECIOS'!A47 -> Chocolatina jet | B48: =+'[7] E.PRECIOS'!B47 -> Gramos | C48: =+'[7] E.PRECIOS'!AM47 -> 0 | D48: =+'[7] E.PRECIOS'!AN47 -> 3390 | E48: =+'[7] E.PRECIOS'!AO47 -> 3620 | F48: =+'[7] E.PRECIOS'!AP47 -> 4090 | G48: =+'[7] E.PRECIOS'!AQ47 -> 3150 | H48: =+'[7] E.PRECIOS'!AR47 -> 3562.5 | I48: =+'[7] E.PRECIOS'!AS47 -> 29.6875 | J48: =+'[7] E.PRECIOS'!AT47 -> 0
A49: =+'[7] E.PRECIOS'!A48 -> Chocolisto | B49: =+'[7] E.PRECIOS'!B48 -> Gramos | C49: =+'[7] E.PRECIOS'!AM48 -> 0 | D49: =+'[7] E.PRECIOS'!AN48 -> 2245 | E49: =+'[7] E.PRECIOS'!AO48 -> 3150 | F49: =+'[7] E.PRECIOS'!AP48 -> 2940 | G49: =+'[7] E.PRECIOS'!AQ48 -> 2870 | H49: =+'[7] E.PRECIOS'!AR48 -> 2801.25 | I49: =+'[7] E.PRECIOS'!AS48 -> 14.00625 | J49: =+'[7] E.PRECIOS'!AT48 -> 0
... A207: =+'[7] E.PRECIOS'!A206 -> Uvas | B207: =+'[7] E.PRECIOS'!B206 -> Kilogramo | C207: =+'[7] E.PRECIOS'!AM206 -> 0 | D207: =+'[7] E.PRECIOS'!AN206 -> 7860 | E207: =+'[7] E.PRECIOS'!AO206 -> 7450 | F207: =+'[7] E.PRECIOS'!AP206 -> 6240 | G207: =+'[7] E.PRECIOS'!AQ206 -> 0 | H207: =+'[7] E.PRECIOS'!AR206 -> 7183.3333 | I207: =+'[7] E.PRECIOS'!AS206 -> 7.1833333 | J207: =+'[7] E.PRECIOS'!AT206 -> 0
A208: =+'[7] E.PRECIOS'!A208 -> Vinagre | B208: =+'[7] E.PRECIOS'!B208 -> Cm3 | C208: =+'[7] E.PRECIOS'!AM208 -> 0 | D208: =+'[7] E.PRECIOS'!AN208 -> 1733.3333 | E208: =+'[7] E.PRECIOS'!AO208 -> 2030 | F208: =+'[7] E.PRECIOS'!AP208 -> 1376.6667 | G208: =+'[7] E.PRECIOS'!AQ208 -> 2096.6667 | H208: =+'[7] E.PRECIOS'!AR208 -> 1809.1667 | I208: =+'[7] E.PRECIOS'!AS208 -> 3.6183333 | J208: =+'[7] E.PRECIOS'!AT208 -> 0
A209: =+'[7] E.PRECIOS'!A209 -> Vinagreta | B209: =+'[7] E.PRECIOS'!B209 -> Gramos | C209: =+'[7] E.PRECIOS'!AM209 -> 0 | D209: =+'[7] E.PRECIOS'!AN209 -> 4520 | E209: =+'[7] E.PRECIOS'!AO209 -> 3704.2222 | F209: =+'[7] E.PRECIOS'!AP209 -> 1347.1591 | G209: =+'[7] E.PRECIOS'!AQ209 -> 1774.3333 | H209: =+'[7] E.PRECIOS'!AR209 -> 2836.4287 | I209: =+'[7] E.PRECIOS'!AS209 -> 11.345715 | J209: =+'[7] E.PRECIOS'!AT209 -> 0
A210: =+'[7] E.PRECIOS'!A210 -> Vinagreta de mago | B210: =+'[7] E.PRECIOS'!B210 -> Gramos | C210: =+'[7] E.PRECIOS'!AM210 -> 0 | D210: =+'[7] E.PRECIOS'!AN210 -> 6735 | E210: =+'[7] E.PRECIOS'!AO210 -> 9350 | F210: =+'[7] E.PRECIOS'!AP210 -> 0 | G210: =+'[7] E.PRECIOS'!AQ210 -> 0 | H210: =+'[7] E.PRECIOS'!AR210 -> 8042.5 | I210: =+'[7] E.PRECIOS'!AS210 -> 33.934599 | J210: =+'[7] E.PRECIOS'!AT210 -> 0
A211: =+'[7] E.PRECIOS'!A211 -> Yogurt | B211: =+'[7] E.PRECIOS'!B211 -> Cm3 | C211: =+'[7] E.PRECIOS'!AM211 -> 0 | D211: =+'[7] E.PRECIOS'!AN211 -> 5536.6667 | E211: =+'[7] E.PRECIOS'!AO211 -> 3785.6667 | F211: =+'[7] E.PRECIOS'!AP211 -> 2535 | G211: =+'[7] E.PRECIOS'!AQ211 -> 3360 | H211: =+'[7] E.PRECIOS'!AR211 -> 3804.3333 | I211: =+'[7] E.PRECIOS'!AS211 -> 3.8043333 | J211: =+'[7] E.PRECIOS'!AT211 -> 0
A212: =+'[7] E.PRECIOS'!A212 -> Yuca | B212: =+'[7] E.PRECIOS'!B212 -> Kilogramo | C212: =+'[7] E.PRECIOS'!AM212 -> 0 | D212: =+'[7] E.PRECIOS'!AN212 -> 1430 | E212: =+'[7] E.PRECIOS'!AO212 -> 2800 | F212: =+'[7] E.PRECIOS'!AP212 -> 1460 | G212: =+'[7] E.PRECIOS'!AQ212 -> 1740 | H212: =+'[7] E.PRECIOS'!AR212 -> 1857.5 | I212: =+'[7] E.PRECIOS'!AS212 -> 1.8575 | J212: =+'[7] E.PRECIOS'!AT212 -> 0
A213: =+'[7] E.PRECIOS'!A213 -> Zanahoria | B213: =+'[7] E.PRECIOS'!B213 -> Kilogramo | C213: =+'[7] E.PRECIOS'!AM213 -> 0 | D213: =+'[7] E.PRECIOS'!AN213 -> 930 | E213: =+'[7] E.PRECIOS'!AO213 -> 1350 | F213: =+'[7] E.PRECIOS'!AP213 -> 880 | G213: =+'[7] E.PRECIOS'!AQ213 -> 1040 | H213: =+'[7] E.PRECIOS'!AR213 -> 1050 | I213: =+'[7] E.PRECIOS'!AS213 -> 1.05 | J213: =+'[7] E.PRECIOS'!AT213 -> 0
A214: =+'[7] E.PRECIOS'!A214 -> Zucaritas | B214: =+'[7] E.PRECIOS'!B214 -> Gramos | C214: =+'[7] E.PRECIOS'!AM214 -> 0 | D214: =+'[7] E.PRECIOS'!AN214 -> 9490 | E214: =+'[7] E.PRECIOS'!AO214 -> 8699 | F214: =+'[7] E.PRECIOS'!AP214 -> 9540 | G214: =+'[7] E.PRECIOS'!AQ214 -> 9390 | H214: =+'[7] E.PRECIOS'!AR214 -> 9279.75 | I214: =+'[7] E.PRECIOS'!AS214 -> 22.094643 | J214: =+'[7] E.PRECIOS'!AT214 -> 0
A215: =+'[7] E.PRECIOS'!A215 -> Rosquitas | B215: =+'[7] E.PRECIOS'!B215 -> Gramos | C215: =+'[7] E.PRECIOS'!AM215 -> 0 | D215: =+'[7] E.PRECIOS'!AN215 -> 454.94118 | E215: =+'[7] E.PRECIOS'!AO215 -> 501.2 | F215: =+'[7] E.PRECIOS'!AP215 -> 0 | G215: =+'[7] E.PRECIOS'!AQ215 -> 420.39444 | H215: =+'[7] E.PRECIOS'!AR215 -> 458.84521 | I215: =+'[7] E.PRECIOS'!AS215 -> 30.58968 | J215: =+'[7] E.PRECIOS'!AT215 -> 0
A216: =+'[7] E.PRECIOS'!A216 -> Tocino | B216: =+'[7] E.PRECIOS'!B216 -> Kilogramo | C216: =+'[7] E.PRECIOS'!AM216 -> 11425 | D216: =+'[7] E.PRECIOS'!AN216 -> 0 | E216: =+'[7] E.PRECIOS'!AO216 -> 0 | F216: =+'[7] E.PRECIOS'!AP216 -> 0 | G216: =+'[7] E.PRECIOS'!AQ216 -> 0 | H216: =+'[7] E.PRECIOS'!AR216 -> 11425 | I216: =+'[7] E.PRECIOS'!AS216 -> 11.425 | J216: =+'[7] E.PRECIOS'!AT216 -> 0
A217: =+'[7] E.PRECIOS'!A217 -> Pierna | B217: =+'[7] E.PRECIOS'!B217 -> Kilogramo | C217: =+'[7] E.PRECIOS'!AM217 -> 11755 | D217: =+'[7] E.PRECIOS'!AN217 -> 0 | E217: =+'[7] E.PRECIOS'!AO217 -> 0 | F217: =+'[7] E.PRECIOS'!AP217 -> 0 | G217: =+'[7] E.PRECIOS'!AQ217 -> 0 | H217: =+'[7] E.PRECIOS'!AR217 -> 11755 | I217: =+'[7] E.PRECIOS'!AS217 -> 11.755 | J217: =+'[7] E.PRECIOS'!AT217 -> 0
A218: =+'[7] E.PRECIOS'!A218 -> Tocino | B218: =+'[7] E.PRECIOS'!B218 -> Kilogramo | C218: =+'[7] E.PRECIOS'!AM218 -> 11425 | D218: =+'[7] E.PRECIOS'!AN218 -> 0 | E218: =+'[7] E.PRECIOS'!AO218 -> 0 | F218: =+'[7] E.PRECIOS'!AP218 -> 0 | G218: =+'[7] E.PRECIOS'!AQ218 -> 0 | H218: =+'[7] E.PRECIOS'!AR218 -> 11425 | I218: =+'[7] E.PRECIOS'!AS218 -> 11.425 | J218: =+'[7] E.PRECIOS'!AT218 -> 0
A219: =+'[7] E.PRECIOS'!A219 -> Carne de cerdo | B219: =+'[7] E.PRECIOS'!B219 -> Kilogramo | C219: =+'[7] E.PRECIOS'!AM219 -> 11590 | D219: =+'[7] E.PRECIOS'!AN219 -> 0 | E219: =+'[7] E.PRECIOS'!AO219 -> 0 | F219: =+'[7] E.PRECIOS'!AP219 -> 0 | G219: =+'[7] E.PRECIOS'!AQ219 -> 0 | H219: =+'[7] E.PRECIOS'!AR219 -> 11590 | I219: =+'[7] E.PRECIOS'!AS219 -> 11.59 | J219: =+'[7] E.PRECIOS'!AT219 -> 0
... A227: =+'[7] E.PRECIOS'!A227 -> 0 | B227: =+'[7] E.PRECIOS'!B227 -> 0 | C227: =+'[7] E.PRECIOS'!AM227 -> 0 | D227: =+'[7] E.PRECIOS'!AN227 -> 0 | E227: =+'[7] E.PRECIOS'!AO227 -> 0 | F227: =+'[7] E.PRECIOS'!AP227 -> 0 | G227: =+'[7] E.PRECIOS'!AQ227 -> 0 | H227: =+'[7] E.PRECIOS'!AR227 -> 0 | I227: =+'[7] E.PRECIOS'!AS227 -> 0 | J227: =+'[7] E.PRECIOS'!AT227 -> 0

Sheet Grupos
A1: MUNICIPIO DE MEDELLIN
A2: SECRETARIA DE BIENESTAR SOCIAL
A3: UNIDAD DE PROGRAMAS SOCIALES ESPECIALES
A5: CONTRATACION DEL SERVICIO DE SUMINISTRO PROCESAMIENTO Y DISTRIBUCION DE LA ALIMENTACION PARA CALOR DE HOGAR 1,2,3 SOCIAL
A6: COSTOS VIVERES POR GRUPO CONTRATACION AÑO 2009
A8: DESAYUNO HOMBRES Y MUJERES | B8: Alimento | C8: Precio mayorista | E8: Valor x porcion
A10: 1. Bebida caliente
A11: Leche | B11: Leche líquida | C11: =+VLOOKUP(B11,'[7]Resumen E.P'!A6:I204,9,0) -> 2.0751667 | D11: lts | E11: 200 | F11: cc | G11: =E11*C11 -> 415.03333
A12: Azucar blancoes y dulces | B12: Panela | C12: =+VLOOKUP(B12,'[7]Resumen E.P'!A8:I205,9,0) -> 2.69875 | D12: lb | E12: 30 | F12: gr | G12: =E12*C12 -> 80.9625
B13: Azúcar | C13: =+VLOOKUP(B13,'[7]Resumen E.P'!A9:I206,9,0) -> 2.2658333 | D13: lb | E13: 25 | F13: gr | G13: =E13*C13 -> 56.645833
G14: =SUM(G12:G13)/2 -> 68.804167 | H14: X
A16: Sabor | B16: Chocolate pastilla | C16: =+VLOOKUP(B16,'[7]Resumen E.P'!A13:I209,9,0) -> 19.946667 | D16: lb | E16: 0.75 | F16: pasta | G16: =E16*C16 -> 14.96
B17: Cocoa | C17: =+VLOOKUP(B17,'[7]Resumen E.P'!A14:I210,9,0) -> 17.671 | D17: lb | E17: 7 | F17: gr | G17: =E17*C17 -> 123.697
B18: Chocolisto | C18: =+VLOOKUP(B18,'[7]Resumen E.P'!A15:I211,9,0) -> 14.00625 | D18: lb | E18: 15 | F18: gr | G18: =E18*C18 -> 210.09375
B19: Café granulado | C19: =+VLOOKUP(B19,'[7]Resumen E.P'!A16:I212,9,0) -> 61.122549 | D19: lb | E19: 7 | F19: gr | G19: =E19*C19 -> 427.85784
G20: =SUM(G16:G19)/4 -> 194.15215 | H20: X
A22: 2. Arepa delgada | B22: Arepa tela | C22: =+VLOOKUP(B22,'[7]Resumen E.P'!A4:I215,9,0) -> 4.0725397 | D22: g | E22: 1 | F22: undx60gr | G22: =E22*60*C22 -> 244.35238
A24: 3. Acompañante o | B24: Galleta ducales | C24: =+VLOOKUP(B24,'[7]Resumen E.P'!A21:I217,9,0) -> 10.817308 | D24: taco X 40 | E24: 3 | F24: und | G24: =E24*C24 -> 32.451923
A25: energético | B25: Galleta de soda | C25: =+VLOOKUP(B25,'[7]Resumen E.P'!A22:I218,9,0) -> 11.034722 | D25: taco X 36 | E25: 3 | F25: und | G25: =E25*C25 -> 33.104167
B26: Pan tajado | C26: =+VLOOKUP(B26,'[7]Resumen E.P'!A23:I219,9,0) -> 5.3680792 | D26: paq x 500gr | E26: 1 | F26: undx22gr | G26: =E26*C26 -> 5.3680792
B27: Pan bola | C27: =+VLOOKUP(B27,'[7]Resumen E.P'!A24:I220,9,0) -> 13.292857 | D27: undx26gr | E27: 1 | F27: undx26gr | G27: =E27*C27 -> 13.292857
B28: Tostadas | C28: =+VLOOKUP(B28,'[7]Resumen E.P'!A25:I221,9,0) -> 10.04883 | D28: undx16gr | E28: 2 | F28: undx16gr | G28: =E28*C28 -> 20.097661
B29: Caladitos | C29: =+VLOOKUP(B29,'[7]Resumen E.P'!A26:I222,9,0) -> 15.787071 | D29: undx16gr | E29: 2 | F29: undx16gr | G29: =E29*C29/1 -> 31.574142
B30: Buñuelo | C30: =+VLOOKUP(B30,'[7]Resumen E.P'!A27:I223,9,0) -> 0 | D30: undx28gr | E30: 1 | F30: undx28gr | G30: =E30*C30/1 -> 0 | L30: X energetico desayuno | N30: =G33 -> 222.96563
B31: Pandequeso | C31: =+VLOOKUP(B31,'[7]Resumen E.P'!A28:I224,9,0) -> 20.801803 | D31: undx28gr | E31: 1 | F31: undx28gr | G31: =E31*C31/1 -> 20.801803
B32: Palito de queso | C32: =+VLOOKUP(B32,'[7]Resumen E.P'!A29:I225,9,0) -> 1850 | D32: undx28gr | E32: 1 | F32: undx28gr | G32: =E32*C32 -> 1850
G33: =SUM(G24:G32)/9 -> 222.96563 | H33: X
A35: 4. Queso, quesito , | B35: Quesito | C35: =+VLOOKUP(B35,'[7]Resumen E.P'!A32:I228,9,0) -> 10.186364 | D35: undx220gr | E35: 30 | F35: undx220gr | G35: =E35*C35 -> 305.59091 | L35: X queso, quesito o huevo
A36: huevo y otros. | B36: Queso | C36: =+VLOOKUP(B36,'[7]Resumen E.P'!A33:I229,9,0) -> 14.550833 | D36: kg | E36: 30 | F36: gr | G36: =C36*E36 -> 436.525 | N36: =(G37*9+G38*4+G39*1+G40*2+G41*1)/17 -> 416.2248
G37: =SUM(G35:G36)/2 -> 371.05795 | H37: X | J37: 9 días en los 20 días del ciclo
B38: Huevo A | C38: =+VLOOKUP(B38,'[7]Resumen E.P'!A35:I231,9,0) -> 259.375 | D38: und tipo A | E38: 1 | F38: und tipo A | G38: =E38*C38 -> 259.375 | J38: 4 días en los 20 días del ciclo
B39: morcilla | C39: 9 | D39: lb | E39: 60 | G39: =E39*C39 -> 540 | J39: 1 dia en el ciclo
B40: Salchicha | C40: =+VLOOKUP(B40,'[7]Resumen E.P'!$A$4:$I$226,9,0) -> 12.437593 | D40: lb | E40: 60 | F40: gr | G40: =E40*C40 -> 746.25556 | J40: 2 día en los 20 días del ciclo
B41: Mortadela | C41: =+VLOOKUP(B41,'[7]Resumen E.P'!$A$4:$I$226,9,0) -> 11.104815 | D41: lb | E41: 60 | F41: gr | G41: =E41*C41 -> 666.28889 | J41: 1 día en los 20 días del ciclo
A44: 5. Margarina | B44: Mantequilla | C44: =+VLOOKUP(B44,'[7]Resumen E.P'!A42:I237,9,0) -> 10.661667 | D44: Lb | E44: 6 | F44: gr | G44: =E44*C44 -> 63.97 | H44: X
A46: media mañana | B46: Alimento | C46: Precio mayorista | E46: Valor x porcion
A48: 1. Bebida jugo de fruta natural | E48: Porción de 80gr neto
A49: Fruta | B49: Guayaba común | C49: =+VLOOKUP(B49,'[7]Resumen E.P'!A4:I242,9,0) -> 1.2966667 | D49: k | E49: 99 | F49: gr | G49: =E49*C49 -> 128.37
B50: Curuba | C50: =+VLOOKUP(B50,'[7]Resumen E.P'!A48:I243,9,0) -> 2.2683333 | D50: k | E50: 160 | F50: gr | G50: =E50*C50 -> 362.93333
B51: Mango | C51: =+VLOOKUP(B51,'[7]Resumen E.P'!A49:I244,9,0) -> 3.2183333 | D51: k | E51: 115 | F51: gr | G51: =E51*C51 -> 370.10833
B52: Guanábana | C52: =+VLOOKUP(B52,'[7]Resumen E.P'!A50:I245,9,0) -> 3.1625 | D52: k | E52: 114 | F52: gr | G52: =E52*C52 -> 360.525
B53: Lulo | C53: =+VLOOKUP(B53,'[7]Resumen E.P'!A51:I246,9,0) -> 2.94875 | D53: k | E53: 132 | F53: gr | G53: =E53*C53 -> 389.235
B54: Tomate de árbol | C54: =+VLOOKUP(B54,'[7]Resumen E.P'!A52:I247,9,0) -> 2.408 | D54: k | E54: 132 | F54: gr | G54: =E54*C54 -> 317.856
B55: Mora | C55: =+VLOOKUP(B55,'[7]Resumen E.P'!A53:I248,9,0) -> 3.85325 | D55: k | E55: 83 | F55: gr | G55: =E55*C55 -> 319.81975
B56: Piña | C56: =+VLOOKUP(B56,'[7]Resumen E.P'!A54:I249,9,0) -> 1.945 | D56: k | E56: 153 | F56: gr | G56: =E56*C56 -> 297.585
B57: Maracuyá | C57: =+VLOOKUP(B57,'[7]Resumen E.P'!A55:I250,9,0) -> 3.46 | D57: k | E57: 160 | F57: gr | G57: =E57*C57 -> 553.6
G58: =SUM(G49:G57)/9 -> 344.44805 | H58: X
A60: Azucar blancoes y dulces | B60: =+'[7] E.PRECIOS'!A25 -> Azúcar | C60: =+VLOOKUP(B60,'[7]Resumen E.P'!$A$4:$I$226,9,0) -> 2.2658333 | D60: lb | E60: 23 | F60: gr | G60: =E60*C60 -> 52.114167
A62: 2. Acompañante o | B62: Galleta ducales | C62: =+VLOOKUP(B62,'[7]Resumen E.P'!$A$4:$I$226,9,0) -> 10.817308 | D62: taco x 40 | E62: 3 | F62: und | G62: =E62*C62 -> 32.451923
A63: energético (cereales, | B63: Galleta de soda | C63: =+VLOOKUP(B63,'[7]Resumen E.P'!$A$4:$I$226,9,0) -> 11.034722 | D63: taco x 36 | E63: 3 | F63: und | G63: =E63*C63 -> 33.104167
A64: plátanos y tubérculos) | B64: Pan tajado | C64: =+VLOOKUP(B64,'[7]Resumen E.P'!$A$4:$I$226,9,0) -> 5.3680792 | D64: paq x 500gr | E64: 1 | F64: undx22gr | G64: =E64*C64 -> 5.3680792
B65: Pan bola | C65: =+VLOOKUP(B65,'[7]Resumen E.P'!$A$4:$I$226,9,0) -> 13.292857 | D65: undx26gr | E65: 1 | F65: undx26gr | G65: =E65*C65 -> 13.292857
B66: Tostadas | C66: =+VLOOKUP(B66,'[7]Resumen E.P'!$A$4:$I$226,9,0) -> 10.04883 | D66: undx16gr | E66: 2 | F66: undx16gr | G66: =E66*C66 -> 20.097661
B67: Caladitos | C67: =+VLOOKUP(B67,'[7]Resumen E.P'!$A$4:$I$226,9,0) -> 15.787071 | D67: undx16gr | E67: 2 | F67: undx16gr | G67: =E67*C67 -> 31.574142
B68: Galleta wafer | C68: =+VLOOKUP(B68,'[7]Resumen E.P'!$A$4:$I$226,9,0) -> 12.667782 | D68: undx25gr | E68: 1 | F68: undx25gr | G68: =E68*C68 -> 12.667782
B69: Lengua dulce | C69: =+VLOOKUP(B69,'[7]Resumen E.P'!A67:I262,9,0) -> 441 | D69: undx30gr | E69: 1 | F69: undx30gr | G69: =E69*C69 -> 441
B70: Pastel de arequipe | C70: =+VLOOKUP(B70,'[7]Resumen E.P'!$A$4:$I$226,9,0) -> 577.29167 | D70: undx30gr | E70: 1 | F70: undx30gr | G70: =E70*C70 -> 577.29167
B71: Roscón | C71: =+VLOOKUP(B71,'[7]Resumen E.P'!$A$4:$I$226,9,0) -> 2320 | D71: undx30gr | E71: 1 | F71: undx30gr | G71: =E71*C71 -> 2320
B72: Pastel de arequipe | C72: =+VLOOKUP(B72,'[7]Resumen E.P'!$A$4:$I$226,9,0) -> 577.29167 | D72: undx30gr | E72: 1 | F72: undx30gr | G72: =E72*C72 -> 577.29167
B73: Ponqué ramito | C73: =+VLOOKUP(B73,'[7]Resumen E.P'!$A$4:$I$226,9,0) -> 8.8416667 | D73: undx30gr | E73: 1 | F73: undx30gr | G73: =E73*C73 -> 8.8416667
B74: Rollo dulce | C74: =+VLOOKUP(B74,'[7]Resumen E.P'!A72:I267,9,0) -> 704 | D74: undx30gr | E74: 1 | F74: undx30gr | G74: =E74*C74 -> 704
G75: =SUM(G62:G74)/13 -> 367.46012 | H75: X
A78: ALMUERZO HOMBRES Y MUJERES | B78: Alimento | C78: Precio mayorista | E78: Valor x porcion
A80: 1. Bebida jugo de fruta natural | E80: Porción de 80gr neto
A81: Fruta | B81: Guayaba común | C81: =+VLOOKUP(B81,'[7]Resumen E.P'!$A$4:$I$226,9,0) -> 1.2966667 | D81: k | E81: 99 | F81: gr | G81: =E81*C81 -> 128.37
B82: Curuba | C82: =+VLOOKUP(B82,'[7]Resumen E.P'!$A$4:$I$226,9,0) -> 2.2683333 | D82: k | E82: 160 | F82: gr | G82: =E82*C82 -> 362.93333
B83: Mango | C83: =+VLOOKUP(B83,'[7]Resumen E.P'!A81:I276,9,0) -> 3.2183333 | D83: k | E83: 115 | F83: gr | G83: =E83*C83 -> 370.10833
B84: Guanábana | C84: =+VLOOKUP(B84,'[7]Resumen E.P'!$A$4:$I$226,9,0) -> 3.1625 | D84: k | E84: 114 | F84: gr | G84: =E84*C84 -> 360.525
B85: Lulo | C85: =+VLOOKUP(B85,'[7]Resumen E.P'!A83:I278,9,0) -> 2.94875 | D85: k | E85: 132 | F85: gr | G85: =E85*C85 -> 389.235
B86: Tomate de árbol | C86: =+VLOOKUP(B86,'[7]Resumen E.P'!$A$4:$I$226,9,0) -> 2.408 | D86: k | E86: 132 | F86: gr | G86: =E86*C86 -> 317.856
B87: Mora | C87: =+VLOOKUP(B87,'[7]Resumen E.P'!A85:I280,9,0) -> 3.85325 | D87: k | E87: 83 | F87: gr | G87: =E87*C87 -> 319.81975
B88: Piña | C88: =+VLOOKUP(B88,'[7]Resumen E.P'!A86:I281,9,0) -> 1.945 | D88: k | E88: 153 | F88: gr | G88: =E88*C88 -> 297.585
B89: Maracuyá | C89: =+VLOOKUP(B89,'[7]Resumen E.P'!$A$4:$I$226,9,0) -> 3.46 | D89: k | E89: 160 | F89: gr | G89: =E89*C89 -> 553.6
G90: =SUM(G81:G89)/9 -> 344.44805 | H90: X
A92: Azucar blancoes y dulces | B92: Azúcar | C92: =+VLOOKUP(B92,'[7]Resumen E.P'!$A$4:$I$226,9,0) -> 2.2658333 | D92: lb | E92: 23 | F92: gr | G92: =E92*C92 -> 52.114167
A94: 2. Sopa
A95: Cereales, plátanos y | B95: Arroz | C95: =+VLOOKUP(B95,'[7]Resumen E.P'!$A$4:$I$226,9,0) -> 2.9083333 | D95: k | E95: 26.6 | F95: gr | G95: =E95*C95 -> 77.361667
A96: tubérculos | B96: Avena comercial | C96: =+VLOOKUP(B96,'[7]Resumen E.P'!$A$4:$I$226,9,0) -> 4.5694444 | D96: lb | E96: 24 | F96: gr | G96: =E96*C96 -> 109.66667
B97: Pasta fideo | C97: =+VLOOKUP(B97,'[7]Resumen E.P'!$A$4:$I$226,9,0) -> 5.305 | D97: paqx250gr | E97: 27 | F97: gr | G97: =E97*C97 -> 143.235
B98: Arracacha | C98: =+VLOOKUP(B98,'[7]Resumen E.P'!$A$4:$I$226,9,0) -> 2.8166667 | D98: k | E98: 120 | F98: gr | G98: =E98*C98 -> 338 | J98: Papa capira
B99: Papa capira | C99: =+VLOOKUP(B99,'[7]Resumen E.P'!A97:I292,9,0) -> 1.3066667 | D99: k | E99: 104 | F99: gr | G99: =E99*C99 -> 135.89333
B100: Papa criolla | C100: =+VLOOKUP(B100,'[7]Resumen E.P'!A98:I293,9,0) -> 3.05 | D100: k | E100: 120 | F100: gr | G100: =E100*C100 -> 366
B101: Papa nevada | C101: =+VLOOKUP(B101,'[7]Resumen E.P'!A99:I294,9,0) -> 1.84125 | D101: k | E101: 99 | F101: gr | G101: =E101*C101 -> 182.28375
B102: Yuca | C102: =+VLOOKUP(B102,'[7]Resumen E.P'!A100:I295,9,0) -> 1.8575 | D102: k | E102: 78 | F102: gr | G102: =E102*C102 -> 144.885
B103: Guineo | C103: =+VLOOKUP(B103,'[7]Resumen E.P'!$A$4:$I$226,9,0) -> 0.9275 | D103: k | E103: 130 | F103: gr | G103: =E103*C103 -> 120.575
B104: Plátano verde | C104: =+VLOOKUP(B104,'[7]Resumen E.P'!A102:I297,9,0) -> 1.1925 | D104: k | E104: 130 | F104: gr | G104: =E104*C104 -> 155.025
B105: Harina de trigo | C105: =+VLOOKUP(B105,'[7]Resumen E.P'!$A$4:$I$226,9,0) -> 2.3445 | D105: k | E105: 24 | F105: gr | G105: =E105*C105 -> 56.268
G106: =SUM(G95:G105)/11 -> 166.29031 | H106: X | J106: 10 días en los 20 días del ciclo | L106: X cereales, plátanos y tubérculos y leguminosas
A108: Leguminosas | B108: Frijol cargamanto | C108: =+VLOOKUP(B108,'[7]Resumen E.P'!$A$4:$I$226,9,0) -> 6.19 | D108: k | E108: 50 | F108: gr | G108: =E108*C108 -> 309.5 | J108: 4 días en los 20 días del ciclo | N108: =(G106*10+G108*4+G112*3)/17 -> 198.87053
B109: Lentejas | C109: =+VLOOKUP(B109,'[7]Resumen E.P'!$A$4:$I$226,9,0) -> 3.3191667 | D109: k | E109: 50 | F109: gr | G109: =E109*C109 -> 165.95833
B110: Blanquillo | C110: =+VLOOKUP(B110,'[7]Resumen E.P'!$A$4:$I$226,9,0) -> 4.06375 | D110: k | E110: 50 | F110: gr | G110: =E110*C110 -> 203.1875
B111: Arveja seca | C111: =+VLOOKUP(B111,'[7]Resumen E.P'!$A$4:$I$226,9,0) -> 2.215 | D111: k | E111: 50 | F111: gr | G111: =E111*C111 -> 110.75
G112: =SUM(G109:G111)/3 -> 159.96528 | H112: X | J112: 3 día en los 20 días del ciclo
E114: Porción de 40gr neto
A115: Verduras | B115: Cebolla de huevo | C115: =+VLOOKUP(B115,'[7]Resumen E.P'!$A$4:$I$226,9,0) -> 2.44425 | D115: k | E115: 44 | F115: gr | G115: =E115*C115 -> 107.547
B116: Repollo | C116: =+VLOOKUP(B116,'[7]Resumen E.P'!A114:I309,9,0) -> 1.21625 | D116: k | E116: 49 | F116: gr | G116: =E116*C116 -> 59.59625
B117: Coliflor | C117: =+VLOOKUP(B117,'[7]Resumen E.P'!$A$4:$I$226,9,0) -> 3.9545 | D117: k | E117: 44 | F117: gr | G117: =E117*C117 -> 173.998
B118: Habichuela | C118: =+VLOOKUP(B118,'[7]Resumen E.P'!$A$4:$I$226,9,0) -> 2.3748333 | D118: k | E118: 44 | F118: gr | G118: =E118*C118 -> 104.49267
B119: Ahuyama | C119: =+VLOOKUP(B119,'[7]Resumen E.P'!$A$4:$I$226,9,0) -> 0.9525 | D119: k | E119: 57 | F119: gr | G119: =E119*C119 -> 54.2925
B120: Zanahoria | C120: =+VLOOKUP(B120,'[7]Resumen E.P'!A118:I313,9,0) -> 1.05 | D120: k | E120: 45 | F120: gr | G120: =E120*C120 -> 47.25
...

Sheet Alimentacion
A1: MUNICIPIO DE MEDELLIN
A2: SECRETARIA DE BIENESTAR SOCIAL
A3: UNIDAD DE PROGRAMAS SOCIALES ESPECIALES
A5: CONTRATACION DEL SERVICIO DE SUMINISTRO, PROCESAMIENTO Y DISTRIBUCION DE LA ALIMENTACION
A6: CALOR DE HOGAR 1,2,3 SOCIAL
A7: CONTRATACION AÑO 2012
B8: MESES DEL CONTRATO | D8: =+#REF! -> #REF!
A9: Desayuno hombres y mujeres
A10: Valor promedio usuario/día
B11: Cantidad | C11: Valor promedio por usuario
A12: 1. Bebida caliente | B12: 1 porción de 350cc
A13: Leche | B13: 1 porción 200cc | C13: =+[7]GRUPOS!G11 -> 415.03333
A14: Azúcares y dulces | B14: 1 porción | C14: =+[7]GRUPOS!G14 -> 68.804167
A15: Sabor | B15: 1 porción | C15: =+[7]GRUPOS!G20 -> 194.15215
C16: =SUM(C13:C15) -> 677.98965
A17: 2. Arepa delgada | B17: 1 porción 60 gr | C17: =+[7]GRUPOS!G22 -> 244.35238
A18: 3. Acompañante o energético | B18: 1 porciones | C18: =+[7]GRUPOS!G33 -> 222.96563
A19: 4. Queso, quesito o huevo | B19: 1 porción | C19: =+[7]GRUPOS!G37 -> 371.05795
A20: 5. Margarina | B20: 1 porción | C20: =+[7]GRUPOS!G44 -> 63.97
A21: TOTAL | C21: =C16+C17+C18+C19+C20 -> 1580.3356
A23: Mediamañana hombres y mujeres
A24: Valor promedio usuario/día
B25: Cantidad | C25: Valor promedio por usuario
A26: 1. jugo de fruta natural | B26: 1 porción de 300 cc
A27: fruta | B27: 1 porción 80g | C27: =+[7]GRUPOS!G58 -> 344.44805
A28: Azúcares y dulces | B28: 1 porción | C28: =+[7]GRUPOS!G60 -> 52.114167
A29: 2.Cereales | B29: 1 porción | C29: =+[7]GRUPOS!G75 -> 367.46012
A30: TOTAL | C30: =SUM(C27:C29) -> 764.02234
A32: Almuerzo hombres y mujeres
A33: Valor promedio usuario/día
B34: Cantidad | C34: Valor promedio por usuario
A35: 1.Bebida jugo de fruta natural | B35: 1 porción de 200 cc
A36: Fruta | B36: 1 porción 80gr | C36: =+[7]GRUPOS!G90 -> 344.44805
A37: Azucares y dulces | B37: 1 porción | C37: =+[7]GRUPOS!G92 -> 52.114167
C38: =SUM(C36:C37) -> 396.56221
A39: 2. Sopa | B39: 1 porción
A40: Cereales, plátanos y tubérculos | B40: 1.5 porciones | C40: =+[7]GRUPOS!G106*1.5 -> 249.43547
A41: Verduras | B41: 1 porción 40gr | C41: =+[7]GRUPOS!G128 -> 160.22331
A42: Ingredientes adiciones para la preparacion | B42: 1 porción | C42: =+[7]GRUPOS!G135 -> 67.311589
C43: =SUM(C40:C42) -> 476.97037
A44: 3. Arroz | B44: 1 porción 120gr | C44: =+[7]GRUPOS!G138 -> 116.0425
A45: 4. Acompañante o energético | B45: 1 porción
A46: Cereales, plátanos y tubérculos | B46: 1 porción | C46: =+[7]GRUPOS!G155 -> 135.50156
A47: Ingredientes adiciones para la preparacion | B47: 1 porción | C47: =+[7]GRUPOS!G162 -> 66.496167
C48: =SUM(C46:C47) -> 201.99773
A49: 5. Carne | B49: 1 porción 80gr
A50: Carne | B50: 1 porción de 80gr | C50: =+[7]GRUPOS!N169 -> 999.11095
A51: Ingredientes adiciones para la preparacion | B51: 1 porción | C51: =+[7]GRUPOS!G178 -> 48.440895
C52: =SUM(C50:C51) -> 1047.5518
A53: 6. Verdura | B53: 1 porción 40gr | C53: =+[7]GRUPOS!G196 -> 167.16479
A54: 7. Grasas | B54: 2.5 porciones | C54: =+[7]GRUPOS!G201*2.5 -> 135.50625
A55: 8. postres | B55: 1 porcion | C55: =+[7]GRUPOS!G210 -> 332.65685
A56: TOTAL | C56: =SUM(C38+C43+C44+C48+C52+C53+C54+C55) -> 2874.4525
A58: algo hombres y mujeres
A59: Valor promedio usuario/día
B60: Cantidad | C60: Valor promedio por usuario
A61: 1. jugo de fruta natural | B61: 1 porción de 300 cc
A62: fruta | B62: 1 porción 80g | C62: =+[7]GRUPOS!G225 -> 344.44805
A63: Azúcares y dulces | B63: 1 porción | C63: =+[7]GRUPOS!G227 -> 52.114167
A64: 2.Cereales | B64: 1 porción | C64: =+[7]GRUPOS!G242 -> 189.71825
A65: TOTAL | C65: =SUM(C62:C64) -> 586.28046
A67: comida hombres y mujeres
A68: Valor promedio usuario/día
B69: Cantidad | C69: Valor promedio por usuario
A70: 1. Bebida caliente | B70: 1 porción de 300cc
A71: Leche | B71: 1 porción 200cc | C71: =+[7]GRUPOS!G247 -> 415.03333
A72: Azúcares y dulces | B72: 1 porción | C72: =+[7]GRUPOS!G251 -> 81.215625
A73: Sabor | B73: 1 porción | C73: =+[7]GRUPOS!G256 -> 188.83828
C74: =SUM(C71:C73) -> 685.08724
A76: 2. Sopa | B76: 1 porción
A77: Cereales, plátanos y tubérculos | B77: 1 porcion | C77: =+[7]GRUPOS!G270 -> 168.5669
A78: Verduras | B78: 1 porción 40gr | C78: =+[7]GRUPOS!G285 -> 160.22331
A79: Ingredientes adiciones para la preparacion | B79: 1 porción | C79: =+[7]GRUPOS!G293 -> 67.311589
C80: =SUM(C77:C79) -> 396.1018
A82: 3. Arroz | B82: 1 porción 80gr | C82: =+[7]GRUPOS!G296 -> 77.361667
A83: 4. Acompañante o energético | B83: 1 porción
A84: Cereales, plátanos y tubérculos | B84: 1 porción | C84: =+[7]GRUPOS!G313 -> 137.7687
A85: Ingredientes adiciones para la preparacion | B85: 1 porción | C85: =+[7]GRUPOS!G320 -> 66.496167
C86: =SUM(C84:C85) -> 204.26487
A87: 5. Carne | B87: 1 porción 80gr
A88: Carne | B88: 1 porción de 80gr | C88: =+[7]GRUPOS!N325 -> 993.29448
A89: Ingredientes adiciones para la preparacion | B89: 1 porción | C89: =+[7]GRUPOS!G335 -> 48.440895
C90: =SUM(C88:C89) -> 1041.7354
A91: 6. Verdura | B91: 1 porción 40gr | C91: =+[7]GRUPOS!G350 -> 160.22331
A92: 7. Grasas | B92: 2,5 porciones | C92: =+[7]GRUPOS!G355 -> 54.2025
A93: TOTAL | C93: =C74+C80+C82+C86+C90+C91+C92 -> 2618.9768
A96: Merienda
A97: Valor promedio usuario/día
B98: Cantidad | C98: Valor promedio por usuario
A99: 1. Bebida caliente | B99: 1 porción de 300 cc
A100: Leche | B100: 1 porción 200cc | C100: =+[7]GRUPOS!G361 -> 415.03333
A101: Azúcares y dulces | B101: 1 porción | C101: =+[7]GRUPOS!G363 -> 78.26375
A102: Sabor | B102: 1 porción | C102: =+[7]GRUPOS!G369 -> 69.3285
C103: =SUM(C100:C102) -> 562.62558
A104: 2. Acompañante o energético | B104: 1 porción | C104: =+[7]GRUPOS!G377 -> 22.648138
A105: TOTAL | C105: =SUM(C103:C104) -> 585.27372
A109: Valor total día de los víveres requeridos para la preparación de los 15 desayunos diarios. | C109: =C21*15 -> 23705.034
A110: Valor total mes de los víveres requeridos para la preparación de los 15 desayunos diarios (se calculó teniendo en cuenta 30 días en el mes) | C110: =C109*30 -> 711151.02
A112: Valor total día de los víveres requeridos para la preparación de las 15 mediamañanas diarias. | C112: =C30*15 -> 11460.335
A113: Valor total mes de los víveres requeridos para la preparación de las 15 mediamañanas diarias (se calculó teniendo en cuenta 30 días en el mes) | C113: =C112*30 -> 343810.05
...

Sheet PAPELERIA
A2: Municipio de Medellín
A3: Secretaria de Bienestar Social
A4: =+#REF! -> #REF!
A5: Estudio de Costos
A7: PAPELERIA Y SUMINISTRO
P8: 8
A10: CONCEPTO | B10: OBSERVACIONES | C10: CANTIDAD MES | D10: PERIODICIDAD | E10: IMPERIO PAPELERO | F10: PAPELERIA TENERIFE | G10: SURTIOFICINAS | H10: PAPELERIA LA COMUNA | I10: la 14 | J10: Tintas y Toner | K10: Mercado Libre | M10: PROMEDIO | N10: COSTO MES | O10: COSTO TOTAL
A12: Papel Para Fax | B12: Unidad | C12: 1 | D12: Mensual | H12: 3500 | I12: 4000 | M12: =+IF(AND(E12=0,F12=0,G12=0,H12=0,I12=0),O,AVERAGEIF(E12:I12,"<>")) -> 3750 | N12: =+M12*C12 -> 3750 | O12: =+N12*$P$8 -> 30000
A13: Bolígrafo negro | B13: Caja de lapiceros x 12 | C13: 1 | D13: Mensual | E13: 3000 | F13: =275*12 -> 3300 | G13: 4000 | M13: =+IF(AND(E13=0,F13=0,G13=0,H13=0,I13=0),O,AVERAGEIF(E13:I13,"<>")) -> 3433.3333 | N13: =+M13*C13 -> 3433.3333 | O13: =+N13*$P$8 -> 27466.667
A14: Sobres de Manila Carta | B14: Unidad | C14: 20 | D14: Mensual | H14: 200 | I14: 190 | M14: =+IF(AND(E14=0,F14=0,G14=0,H14=0,I14=0),O,AVERAGEIF(E14:I14,"<>")) -> 195 | N14: =+M14*C14 -> 3900 | O14: =+N14*$P$8 -> 31200
A15: Sobres de Manila Oficio | B15: Unidad | C15: 20 | D15: Mensual | E15: =2100/24 -> 87.5 | F15: 100 | G15: 125 | H15: 250 | I15: 200 | M15: =+IF(AND(E15=0,F15=0,G15=0,H15=0,I15=0),O,AVERAGEIF(E15:I15,"<>")) -> 152.5 | N15: =+M15*C15 -> 3050 | O15: =+N15*$P$8 -> 24400
A16: Carpeta carta sencilla de yute | B16: Unidad | C16: 100 | D16: Mensual | E16: 142 | F16: 150 | G16: 140 | M16: =+IF(AND(E16=0,F16=0,G16=0,H16=0,I16=0),O,AVERAGEIF(E16:I16,"<>")) -> 144 | N16: =+M16*C16 -> 14400 | O16: =+N16*$P$8 -> 115200
A17: Carpeta oficio colgante de yute | B17: Unidad | C17: 100 | D17: Mensual | E17: 450 | F17: 500 | G17: 490 | M17: =+IF(AND(E17=0,F17=0,G17=0,H17=0,I17=0),O,AVERAGEIF(E17:I17,"<>")) -> 480 | N17: =+M17*C17 -> 48000 | O17: =+N17*$P$8 -> 384000
A18: CD | B18: Unidad | C18: 5 | D18: Mensual | H18: =50000/100 -> 500 | I18: 600 | M18: =+IF(AND(E18=0,F18=0,G18=0,H18=0,I18=0),O,AVERAGEIF(E18:I18,"<>")) -> 550 | N18: =+M18*C18 -> 2750 | O18: =+N18*$P$8 -> 22000
A19: Cinta adhesiva transparente delgada | B19: Unidad | C19: 2 | D19: Mensual | E19: 450 | F19: 700 | G19: 500 | H19: 600 | M19: =+IF(AND(E19=0,F19=0,G19=0,H19=0,I19=0),O,AVERAGEIF(E19:I19,"<>")) -> 562.5 | N19: =+M19*C19 -> 1125 | O19: =+N19*$P$8 -> 9000
A20: Clip mariposa gema | B20: Caja por 50 unidades | C20: 1 | D20: Mensual | E20: 1450 | F20: 1450 | G20: 1500 | H20: 1650 | M20: =+IF(AND(E20=0,F20=0,G20=0,H20=0,I20=0),O,AVERAGEIF(E20:I20,"<>")) -> 1512.5 | N20: =+M20*C20 -> 1512.5 | O20: =+N20*$P$8 -> 12100
A21: Clip pequeño | B21: Caja por 100 unidades | C21: 1 | D21: Mensual | E21: 350 | F21: 350 | G21: 375 | M21: =+IF(AND(E21=0,F21=0,G21=0,H21=0,I21=0),O,AVERAGEIF(E21:I21,"<>")) -> 358.33333 | N21: =+M21*C21 -> 358.33333 | O21: =+N21*$P$8 -> 2866.6667
A22: Folder A-Z carta | B22: Unidad | C22: 5 | D22: Mensual | E22: 3500 | F22: 4200 | G22: 3300 | M22: =+IF(AND(E22=0,F22=0,G22=0,H22=0,I22=0),O,AVERAGEIF(E22:I22,"<>")) -> 3666.6667 | N22: =+M22*C22 -> 18333.333 | O22: =+N22*$P$8 -> 146666.67
A23: Marcadores Borrables | B23: Caja x 4 | C23: 1 | D23: Mensual | H23: =1400*4 -> 5600 | I23: 6400 | M23: =+IF(AND(E23=0,F23=0,G23=0,H23=0,I23=0),O,AVERAGEIF(E23:I23,"<>")) -> 6000 | N23: =+M23*C23 -> 6000 | O23: =+N23*$P$8 -> 48000
A24: Gancho legajador plástico | B24: Caja por 20 unidades | C24: 5 | D24: Mensual | E24: 750 | F24: 1200 | G24: 1250 | M24: =+IF(AND(E24=0,F24=0,G24=0,H24=0,I24=0),O,AVERAGEIF(E24:I24,"<>")) -> 1066.6667 | N24: =+M24*C24 -> 5333.3333 | O24: =+N24*$P$8 -> 42666.667
A25: Gancho para cosedora | B25: Caja por 5000 unidades | C25: 2 | D25: Mensual | E25: 1500 | F25: 1600 | G25: 1650 | M25: =+IF(AND(E25=0,F25=0,G25=0,H25=0,I25=0),O,AVERAGEIF(E25:I25,"<>")) -> 1583.3333 | N25: =+M25*C25 -> 3166.6667 | O25: =+N25*$P$8 -> 25333.333
A26: Lápiz | B26: Caja de Lápices No. 2 x 12 | C26: 1 | D26: Mensual | E26: 2400 | F26: =350*8 -> 2800 | G26: 3600 | M26: =+IF(AND(E26=0,F26=0,G26=0,H26=0,I26=0),O,AVERAGEIF(E26:I26,"<>")) -> 2933.3333 | N26: =+M26*C26 -> 2933.3333 | O26: =+N26*$P$8 -> 23466.667
A27: Corrector en barra | B27: Unidad | C27: 5 | D27: Mensual | E27: 700 | F27: 800 | G27: 3100 | M27: =+IF(AND(E27=0,F27=0,G27=0,H27=0,I27=0),O,AVERAGEIF(E27:I27,"<>")) -> 1533.3333 | N27: =+M27*C27 -> 7666.6667 | O27: =+N27*$P$8 -> 61333.333
A28: Cinta de Eemascarar 40m x 12mm | B28: Unidad | C28: 2 | D28: Mensual | H28: 2750 | I28: 2750 | M28: =+IF(AND(E28=0,F28=0,G28=0,H28=0,I28=0),O,AVERAGEIF(E28:I28,"<>")) -> 2750 | N28: =+M28*C28 -> 5500 | O28: =+N28*$P$8 -> 44000
A29: Pegastic x 20 grms | B29: Unidad | C29: 3 | D29: Mensual | E29: 3200 | F29: 3000 | G29: 3000 | M29: =+IF(AND(E29=0,F29=0,G29=0,H29=0,I29=0),O,AVERAGEIF(E29:I29,"<>")) -> 3066.6667 | N29: =+M29*C29 -> 9200 | O29: =+N29*$P$8 -> 73600
A30: Resaltador | B30: Caja de 10 unidades | C30: 0.5 | D30: Mensual | E30: 800 | F30: 850 | G30: 950 | M30: =+IF(AND(E30=0,F30=0,G30=0,H30=0,I30=0),O,AVERAGEIF(E30:I30,"<>")) -> 866.66667 | N30: =+M30*C30 -> 433.33333 | O30: =+N30*$P$8 -> 3466.6667
A31: Resma tamaño carta | B31: Resma | C31: 3 | D31: Mensual | E31: 6800 | F31: 6900 | G31: 6700 | M31: =+IF(AND(E31=0,F31=0,G31=0,H31=0,I31=0),O,AVERAGEIF(E31:I31,"<>")) -> 6800 | N31: =+M31*C31 -> 20400 | O31: =+N31*$P$8 -> 163200
A32: Resma tamaño oficio | B32: Resma | C32: 3 | D32: Mensual | E32: 8900 | F32: 9000 | G32: 8200 | M32: =+IF(AND(E32=0,F32=0,G32=0,H32=0,I32=0),O,AVERAGEIF(E32:I32,"<>")) -> 8700 | N32: =+M32*C32 -> 26100 | O32: =+N32*$P$8 -> 208800
E33: PAPELERIA DOFA | F33: FOTOCOPIAS ATHENEA | G33: ARCHIVO CENTRO DE COPIADO | O33: =+N33*$P$8 -> 0
A34: Fotocopia a dos caras (carta - oficio) | B34: Unidad | C34: =300+(36000/8.5) -> 4535.2941 | D34: Mensual | E34: 120 | F34: 100 | G34: 45 | M34: =+IF(AND(E34=0,F34=0,G34=0,H34=0,I34=0),O,AVERAGEIF(E34:I34,"<>")) -> 88.333333 | N34: =+M34*C34 -> 400617.65 | O34: =+N34*$P$8 -> 3204941.2
A35: Cartucho HP 45 negro (6122) original | B35: Unidad | C35: 2 | D35: Mensual | J35: 68000 | K35: 35000 | M35: =+IF(AND(J35=0,K35=0,L35=0),O,AVERAGEIF(J35:L35,"<>")) -> 51500 | N35: =+M35*C35 -> 103000 | O35: =+N35*$P$8 -> 824000
A36: Cartucho HP 78 color (6122) original | B36: Unidad | C36: 2 | D36: Mensual | J36: 89000 | K36: 35000 | M36: =+IF(AND(J36=0,K36=0,L36=0),O,AVERAGEIF(J36:L36,"<>")) -> 62000 | N36: =+M36*C36 -> 124000 | O36: =+N36*$P$8 -> 992000
A37: Cartucho HP 27 negro (3745) original | B37: Unidad | C37: 1 | D37: Mensual | J37: 44000 | K37: 32500 | M37: =+IF(AND(J37=0,K37=0,L37=0),O,AVERAGEIF(J37:L37,"<>")) -> 38250 | N37: =+M37*C37 -> 38250 | O37: =+N37*$P$8 -> 306000
A38: Cartucho HP 28 color (3745) original | B38: Unidad | C38: 1 | D38: Mensual | J38: 51000 | K38: 32500 | M38: =+IF(AND(J38=0,K38=0,L38=0),O,AVERAGEIF(J38:L38,"<>")) -> 41750 | N38: =+M38*C38 -> 41750 | O38: =+N38*$P$8 -> 334000
A39: Toner HP Q 2612 A (1020) original | B39: Unidad | C39: 1 | D39: Mensual | J39: 189000 | K39: 109000 | M39: =+IF(AND(J39=0,K39=0,L39=0),O,AVERAGEIF(J39:L39,"<>")) -> 149000 | N39: =+M39*C39 -> 149000 | O39: =+N39*$P$8 -> 1192000
A40: COSTO TOTAL | N40: =SUM(N12:N39) -> 1043963.5 | O40: =SUM(O12:O39) -> 8351707.8
A47: Fecha: | C47: =+#REF! -> #REF!

Sheet Hoja4
A6: INSUMOS DE COCINA
A7: PRODUCTOS | B7: Cantidad | C7: PRESENTACION | D7: DETALLES | E7: makro | F7: Supermercados Olimpico | G7: Homcenter | H7: Supermercado Boom | I7: Merkepaisa | J7: Promedio | K7: Total | M7: PRODUCTOS | N7: CANTIDAD | O7: PRESENTACION | P7: DETALLES
A8: Cepillos para uñas | C8: Unidades | G8: 6500 | H8: 1770 | J8: =+H8 -> 1770 | K8: =+ROUNDDOWN(B8*J8,0) -> 0 | M8: Esponjilla | N8: 5 | O8: Paquetes de 2 unidades | P8: De malla y espuma
A9: Esponjilla | C9: Unidades | D9: de malla y espuma | F9: =1610/12 -> 134.16667 | H9: 143.33333 | I9: 950 | J9: =+AVERAGE(F9,H9) -> 138.75 | K9: =+ROUNDDOWN(B9*J9,0) -> 0 | M9: Guantes plásticos | N9: 3 | O9: Caja x 200 unidades | P9: Tamaño pequeño S
A10: Esponjilla brillo | B10: 10 | C10: Unidades | D10: De brillo | F10: =1690/12 -> 140.83333 | H10: 1270 | I10: 195.83333 | J10: =+F10 -> 140.83333 | K10: =+ROUNDDOWN(B10*J10,0) -> 1408 | M10: Guantes plásticos | N10: 3 | O10: Caja x 200 unidades | P10: Tamaño grade M
A11: Pilas AA | C11: Pares | D11: Doble AA | F11: 2430 | H11: 3120 | I11: 2900 | J11: =+F11 -> 2430 | K11: =+ROUNDDOWN(B11*J11,0) -> 0 | M11: Guantes plásticos | N11: 3 | O11: Caja x 200 unidades | P11: Tamaño grade L
A12: Desengrasante liquido | C12: frasco x 500 cc | D12: liquido frasco | F12: 4820 | I12: 5500 | J12: =+F12 -> 4820 | K12: =+ROUNDDOWN(B12*J12,0) -> 0 | M12: Bolsa negra de basura | N12: 1 | O12: Paquetes de 100 unidades | P12: Tamaño mediano (60x80)
A13: Bolsa resellables | C13: Unidades | D13: Tamaño mediano | F13: 667.33333 | H13: 359.6 | I13: 388 | J13: =+AVERAGE(H13:I13) -> 373.8 | K13: =+ROUNDDOWN(B13*J13,0) -> 0 | M13: Delantales plásticos | N13: 10 | O13: Paquetes de 100 unidades | P13: 1.000 unidades desechables
A14: Bolsa resellable | C14: Unidades | D14: Tamaño pequeño | F14: 191 | H14: 189 | I14: 194 | J14: =+AVERAGE(F14:I14) -> 191.33333 | K14: =+ROUNDDOWN(B14*J14,0) -> 0 | M14: Gorro desechable plástico | N14: 10 | O14: Paquetes de 100 unidades | P14: 1.000 unidades desechables
A15: Bolsa resellable | C15: Unidades | D15: Tamaño grande | F15: 477.5 | H15: 449.5 | I15: 485 | J15: =+AVERAGE(F15:I15) -> 470.66667 | K15: =+ROUNDDOWN(B15*J15,0) -> 0 | M15: Tapabocas | N15: 1 | O15: Caja x 100 unidades | P15: Desechables
E16: OXL | F16: farmalisto | G16: Mercado Libre | M16: Platos medianos desechables #23 | N16: 10 | O16: Paquetes de 100 unidades | P16: 1.000 total
A17: Guantes quirúrgicos | B17: 600 | C17: Unidades | D17: Tamaño pequeño S | E17: 150 | F17: 187.96 | G17: 140 | J17: =+AVERAGE(E17,G17) -> 145 | K17: =+ROUNDDOWN(B17*J17,0) -> 87000 | M17: Cucharas soperas desechables | N17: 10 | O17: Paquetes de 100 unidades | P17: 1.000 total
A18: Guantes quirúrgicos | B18: 600 | C18: Unidades | D18: Tamaño grade L | E18: 150 | F18: 187.96 | G18: 140 | J18: =+AVERAGE(E18,G18) -> 145 | K18: =+ROUNDDOWN(B18*J18,0) -> 87000 | M18: Tenedores desechables | N18: 10 | O18: Paquetes de 100 unidades | P18: 1.000 total
A19: Guantes quirúrgicos | B19: 600 | C19: Unidades | D19: Tamaño grade M | E19: 150 | F19: 187.96 | G19: 140 | J19: =+AVERAGE(E19,G19) -> 145 | K19: =+ROUNDDOWN(B19*J19,0) -> 87000 | M19: Cuchillos desechables | N19: 10 | O19: Paquetes de 100 unidades | P19: 1.000 total
A20: Bolsa negra de basura | B20: 100 | C20: unidades | D20: Tamaño mediano (60x80) | F20: 240 | I20: 395 | J20: =+F20 -> 240 | K20: =+ROUNDDOWN(B20*J20,0) -> 24000
A21: Delantales Plasticos | B21: 1000 | C21: Unidades | D21: 5000 unidades desechables | E21: 645 | H21: =75777/100 -> 757.77 | I21: 380 | J21: =+I21 -> 380 | K21: =+ROUNDDOWN(B21*J21,0) -> 380000
A22: Gorro desechable plastico | B22: 1000 | C22: Unidades | D22: 5000 unidades desechables | F22: 281.16667 | G22: =48777/100 -> 487.77 | J22: =+F22 -> 281.16667 | K22: =+ROUNDDOWN(B22*J22,0) -> 281166
A23: Gel antibacterial | C23: Tarros x litro | D23: frascos de litro gel | E23: 18000 | F23: 18300 | G23: 19850 | J23: =+AVERAGE(E23:F23) -> 18150 | K23: =+ROUNDDOWN(B23*J23,0) -> 0
E24: Full Mineria | F24: Makro | G24: Mercado Libre
A25: Tapabocas | B25: 100 | C25: unidades | D25: desechables | E25: 440 | F25: 278 | G25: 200 | J25: =+G25 -> 200 | K25: =+ROUNDDOWN(B25*J25,0) -> 20000
A26: Trapeadora | C26: unidades | D26: palo de madera | E26: 7400 | F26: 6000 | G26: 10900 | H26: 5620 | I26: 5200 | J26: =+I26 -> 5200 | K26: =+ROUNDDOWN(B26*J26,0) -> 0
A27: Escoba | C27: unidades | D27: palo de madera | E27: 5900 | F27: 5900 | G27: 4500 | H27: 4640 | I27: 3950 | J27: =+I27 -> 3950 | K27: =+ROUNDDOWN(B27*J27,0) -> 0
H28: Homcenter
A29: Cuchillos | C29: unidades | D29: Cacha de plastico (tramontina) no de nomadera no metalico | E29: 25500 | G29: 21710 | H29: 36900 | J29: =+AVERAGE(E29:G29) -> 23605 | K29: =+ROUNDDOWN(B29*J29,0) -> 0
E30: Cotizacion 1 | F30: Cotizacion 2 | G30: Cotizacion 3 | H30: Cotizacion 4 | I30: Cotizacion 5
A31: Platos pequeños | B31: 10 | C31: paquete x 100 | D31: paquete de 100 unidades | E31: =+[8]Viveres!H55 -> 9250 | F31: =+[8]Viveres!I55 -> 8950 | G31: =+[8]Viveres!J55 -> 7050 | I31: 4125 | J31: =+I31 -> 4125 | K31: =+ROUNDDOWN(B31*J31,0) -> 41250
A32: Cucharas desechables | B32: 10 | C32: paquete x 100 | D32: paquete de 100 unidades | E32: =+[8]Viveres!H21 -> 5360 | F32: =+[8]Viveres!I21 -> 7050 | I32: 2850 | J32: =+I32 -> 2850 | K32: =+ROUNDDOWN(B32*J32,0) -> 28500
A33: Cucharas postreras desechables | B33: 10 | C33: paquete x 100 | D33: paquete de 100 unidades | E33: 3400 | F33: 4400 | I33: 1650 | J33: =+I33 -> 1650 | K33: =+ROUNDDOWN(B33*J33,0) -> 16500
A34: cuchillos desechables | B34: 10 | C34: paquete x 100 | D34: paquete de 100 unidades | E34: 6900 | F34: 7900 | G34: 4400 | I34: 2850 | J34: =+I34 -> 2850 | K34: =+ROUNDDOWN(B34*J34,0) -> 28500
A35: Total | K35: =SUM(K8:K34) -> 1082324

Sheet Hoja3
A6: PROYECCION PROMEDIO ENCUENTROS EDUCATIVOS
A7: Participantes mes | B7: Tamaño promedio de grupos*encuentro | C7: Encuentros promedio mes | D7: Tiempo total para realizar los encuentros | E7: Número aproximado de encuentros a realizar en total
A8: Aprox.
A9: 917 | B9: 30 | C9: 31 | D9: 7 meses | E9: 217
B11: =+B9*C9 -> 930

Sheet Refrigerios
A1: MUNICIPIO DE TURBANA BOLIVAR
A2: SECRETARIA DE GOBIERNO
A3: ESAL-007-2019
A4: FORMATO PARA PRESENTACION DE OFERTA
A6: Refrigerios e hidratación
A7: ARTICULO | B7: Unidad | C7: Cantidad | D7: OLIMPICA | E7: MAKRO | F7: MEGATIENDAS | G7: PRECIO PROMEDIO | H7: Total | I7: VALOR UNITARIO DEL PROPONENTE ESAL | J7: VALOR TOTAL DEL PROPONENTE ESAL
A8: Refrigerios e hidratación | B8: Unidad | C8: 2000 | D8: 2500 | E8: 3000 | F8: 3000 | G8: =+F8 -> 3000 | H8: =+C8*G8 -> 6000000 | J8: =C8*I8 -> 0
A9: Insumo Para Talleres | B9: Unidad | C9: 0 | G9: 0 | H9: =+C9*G9 -> 0 | J9: =+D9*H9 -> 0
A10: Costo Total | H10: =SUM(H8:H9) -> 6000000 | J10: =SUM(J8) -> 0

Sheet Gestión documental
A1: MUNICIPIO DE TURBANA BOLIVAR
A2: SECRETARIA DE GOBIERNO
A3: ESAL-007-2019
A4: FORMATO PARA PRESENTACION DE OFERTA
A6: GESTION DOCUMENTAL
A7: ARTICULO | B7: Cantidad | C7: Valor unidad | D7: Valor total | E7: Valor Unitario del Proponente ESAL | F7: Valor total del Proponente ESAL
A8: Proceso de digitalización de acuerdo a los lineamientos de la ESAL | B8: 500 | C8: 2000 | D8: =+C8*B8 -> 1000000 | F8: =B8*E8 -> 0
A9: Insumo Para Talleres | B9: Unidad | C9: 0 | D9: =+C9*#REF! -> #REF! | F9: =+E9*#REF! -> #REF!
A10: Costo Total | D10: =D8 -> 1000000 | F10: =SUM(F8) -> 0

Sheet Poliza
A1: SECRETARIA DE SOLIDARIDAD
A2: POLIZAS LEGALES
A5: CONCEPTO | B5: VALOR | C5: DECRETO 734 | D5: TASA | E5: TASA | F5: VALOR | G5: PERIODO/VIGENCIA | H5: VIGENCIA DE LA | I5: VALOR | J5: IVA | K5: GTOS. | L5: TOTAL
B6: CONTRATO | C6: ART. 5.1.7. | D6: A ASEGURAR | E6: ASEGURADA | F6: ASEGURADO | G6: CONTRATO | H6: POLIZA | I6: PRIMA | K6: EXPEDICION | L6: PAGADO
D7: (POR MPIO MEDE) | F7: $ | G7: AÑO | H7: AÑO | I7: $ | K7: $ | L7: $
A9: PAGO DE SALARIOS, P. SOCIALES | B9: =+[9]Consolidado!C17 -> 2.4737854e+09 | C9: no inferior al 5% | D9: 0.1 | E9: 0.0025 | F9: =B9*D9 -> 2.4737854e+08 | G9: 1 | H9: 4 | I9: =F9*E9*H9 -> 2473785.4 | J9: 1.16 | K9: =(6000+5000)/2 -> 5500 | L9: =(I9*J9)+K9 -> 2875091.1
A10: CUMPLIMIENTO | B10: =+[9]Consolidado!C29 -> 2.4795632e+09 | C10: no inferior al 10% | D10: 0.1 | E10: 0.0075 | F10: =B10*D10 -> 2.4795632e+08 | G10: 1 | H10: 1.4 | I10: =F10*E10*H10 -> 2603541.3 | J10: 1.16 | K10: =(6000+5000)/2 -> 5500 | L10: =(I10*J10)+K10 -> 3025608
A11: CALIDAD | B11: =+B10 -> 2.4795632e+09 | D11: 0.1 | E11: 0.003 | F11: =B11*D11 -> 2.4795632e+08 | G11: 1 | H11: 1.4 | I11: =F11*E11*H11 -> 1041416.5 | J11: 1.16 | K11: =(6000+5000)/2 -> 5500 | L11: =(I11*J11)+K11 -> 1213543.2
A12: RESPONSABILIDAD CIVIL EXTRACON. | B12: =+B11 -> 2.4795632e+09 | C12: no inferior al 5% | D12: 0.1 | E12: 0.003 | F12: =B12*D12 -> 2.4795632e+08 | G12: 1 | H12: 1.4 | I12: =F12*E12*H12 -> 1041416.5 | J12: 1.16 | K12: =(6000+5000)/2 -> 5500 | L12: =(I12*J12)+K12 -> 1213543.2
A13: MANEJO DE ANTICIPO | B13: =B12*D13 -> 4.9591264e+08 | C13: 100% del valor del monto del anticipo | D13: 0.2 | E13: 0.0025 | F13: =+B13 -> 4.9591264e+08 | G13: 1 | H13: 1.4 | I13: =F13*E13*H13 -> 1735694.2 | J13: 1.16 | K13: =(6000+5000)/2 -> 5500 | L13: 0
L14: =SUM(L9:L13) -> 8327785.4
A18: PAGO DE SALARIOS, P. SOCIALES | B18: =+'Consolidado '!C25 -> 0 | D18: 0.05 | E18: 0.003 | F18: =+B18*D18 -> 0 | G18: =+'Consolidado '!B8*30 -> 30 | H18: =G18+(3*365) -> 1125 | I18: =(F18*E18)*H18/366 -> 0 | J18: 1.19 | K18: 0 | L18: =ROUNDDOWN((I18*J18)+K18,0) -> 0
A19: CUMPLIMIENTO | B19: =+B18 -> 0 | D19: 0.1 | E19: 0.004 | F19: =+B19*D19 -> 0 | G19: =+G18 -> 30 | H19: =(G19+120) -> 150 | I19: =(F19*E19)*H19/366 -> 0 | J19: 1.19 | K19: 0 | L19: =ROUNDDOWN((I19*J19)+K19,0) -> 0
A20: CALIDAD | B20: =+B19 -> 0 | D20: =+D11 -> 0.1 | E20: 0.004 | F20: =+B20*D20 -> 0 | G20: =+G19 -> 30 | H20: =(G20+120) -> 150 | I20: =(F20*E20)*H20/366 -> 0 | J20: 1.19 | K20: 0 | L20: =ROUNDDOWN((I20*J20)+K20,0) -> 0
A21: RESPONSABILIDAD CIVIL EXTRACON. | B21: =+B20 -> 0 | D21: 0.05 | E21: 0.005 | F21: =+B21*D21 -> 0 | G21: =+G20 -> 30 | H21: =+G21 -> 30 | I21: =(F21*E21)*H21/366 -> 0 | J21: 1.19 | K21: 0 | L21: =ROUNDDOWN((I21*J21)+K21,0) -> 0
A22: MANEJO DE ANTICIPO | B22: =B21*D22 -> 0 | D22: 0.5 | E22: 0.0025 | F22: 1.9398401e+09 | G22: =6*30 -> 180 | H22: =(180+120) -> 300 | I22: =(F22*E22)*H22/365 -> 3985972.7 | J22: 1.19 | K22: =(6000+5000)/2 -> 5500 | L22: 0
L23: =SUM(L18:L22)+K19 -> 0
A27: PARA CONTRATOS DE 1 MES (30 DIAS)
A29: PAGO DE SALARIOS, P. SOCIALES | B29: 46085497 | D29: 0.1 | E29: 0.0025 | F29: =B29*D29 -> 4608549.7 | G29: 30 | H29: =G29+(3*365) -> 1125 | I29: =(F29*E29)*H29/365 -> 35511.085 | J29: 1.16 | K29: =(6000+5000)/2 -> 5500 | L29: =(I29*J29)+K29 -> 46692.858
A30: CUMPLIMIENTO | B30: 46085497 | D30: =+D21 -> 0.05 | E30: =+E21 -> 0.005 | F30: =B30*D30 -> 2304274.8 | G30: 30 | H30: =(30+120) -> 150 | I30: =(F30*E30)*H30/365 -> 4734.8113 | J30: 1.16 | K30: =(6000+5000)/2 -> 5500 | L30: =(I30*J30)+K30 -> 10992.381
A31: CALIDAD | B31: 46085497 | D31: 0.1 | E31: =+E22 -> 0.0025 | F31: =B31*D31 -> 4608549.7 | G31: 30 | H31: =(30+120) -> 150 | I31: =(F31*E31)*H31/365 -> 4734.8113 | J31: 1.16 | K31: =(6000+5000)/2 -> 5500 | L31: =(I31*J31)+K31 -> 10992.381
A32: RESPONSABILIDAD CIVIL EXTRACON. | B32: 46085497 | D32: 0.1 | E32: 0.003 | F32: =B32*D32 -> 4608549.7 | G32: 30 | H32: =(30+120) -> 150 | I32: =(F32*E32)*H32/365 -> 5681.7736 | J32: 1.16 | K32: =(6000+5000)/2 -> 5500 | L32: =(I32*J32)+K32 -> 12090.857
A33: MANEJO DE ANTICIPO | B33: =B32*D33 -> 9217099.3 | D33: 0.2 | E33: 0.0025 | F33: =+B33 -> 9217099.3 | G33: 30 | H33: =(30+120) -> 150 | I33: =(F33*E33)*H33/365 -> 9469.6226 | J33: 1.16 | K33: =(6000+5000)/2 -> 5500 | L33: =(I33*J33)+K33 -> 16484.762
A35: POLIZA COMERCIAL DE MANEJO | B35: 430000644 | D35: 3.884509e+08
A36: 0.05 | B36: =+B35*5% -> 21500032 | D36: =+D35*5% -> 19422545
A37: DIVIDIDO 12 MESES | B37: =+B36/12 -> 1791669.4 | D37: =+D36/12 -> 1618545.4
A38: CUATRO MESES | B38: =+B37*4 -> 7166677.4 | D38: =+D37*4 -> 6474181.6
A39: MAS IVA | B39: =+B38*1.16 -> 8313345.8 | D39: =+D38*1.16 -> 7510050.7
G42: PERIODO/VIGENCIA
A43: SERIEDAD DE LA OFERTA | B43: PRESUPUESTO | C43: 0.1 | G43: DE LA PRESENTACION DE LA OFERTA HASTA LA APROBACION DE GARANTIAS DEL CONTRATO

Sheet SALARIOS
A1: MUNICIPIO DE MEDELLIN
A2: SECRETARIA DE BIENESTAR SOCIAL
A3: EQUIPO DE COSTOS
I5: 2008 | K5: 2009 | M5: 2010 | O5: 2011
G6: IPC REAL | I6: 0.0767 | K6: 0.02 | M6: 0.0317
G7: IPC PROYECTADO | M7: 0.029 | O7: 0.0377
G8: SMMLV | I8: 0.0767 | K8: 0.0364258 | M8: 0.04 | O8: 0.058
A9: NIVEL DE FORMACION | B9: EXPERIENCIA | E9: ESTUDIOS | I9: SALARIO
I10: 2009 | K10: 2010 | M10: 2011 | O10: 2012
B11: SIN EXPERIENCIA | C11: 1 A 2 AÑOS | D11: 2 A 5 AÑOS | E11: PREGRADO | F11: ESPECIA LIZACION | G11: MAESTRIA | H11: BILINGÜE | I11: BASICO MENSUAL | J11: SUBSIDIO DE TRANSPORTE | K11: BASICO MENSUAL | L11: SUBSIDIO DE TRANSPORTE | M11: BASICO MENSUAL | N11: SUBSIDIO DE TRANSPORTE | O11: BASICO MENSUAL | P11: SUBSIDIO DE TRANSPORTE
A12: COORDINADOR
A13: Coordinador General del Programa (1) | B13: X | E13: X | J13: =+IF(I13>(496900*2),0,59300) -> 59300 | K13: 1523738 | L13: =+IF(K13>(515000*2),0,61500) -> 0 | M13: =+K13*1.029 -> 1567926.4 | N13: =+IF(M13>(535600*2),0,63600) -> 0 | O13: =+M13*1.0377 -> 1627037.2 | P13: =+IF(O13>(566700*2),0,67800) -> 0 | Q13: =+M13*3.77% -> 59110.825 | R13: =+M13+Q13 -> 1627037.2
A14: Coordinador General del Programa (2) | C14: X | E14: X | I14: 1915271.3 | J14: =+IF(I14>(496900*2),0,59300) -> 0 | K14: 1961909.7 | L14: =+IF(K14>(515000*2),0,61500) -> 0 | M14: =+K14*1.029 -> 2018805.1 | N14: =+IF(M14>(535600*2),0,63600) -> 0 | O14: =+M14*1.0377 -> 2094914.1 | P14: =+IF(O14>(566700*2),0,67800) -> 0
A15: Coordinador General del Programa (3) | D15: X | F15: X | I15: 2992611.4 | J15: =+IF(I15>(496900*2),0,59300) -> 0 | K15: 3082389.8 | L15: =+IF(K15>(515000*2),0,61500) -> 0 | M15: =+K15*1.029 -> 3171779.1 | N15: =+IF(M15>(535600*2),0,63600) -> 0 | O15: =+M15*1.0377 -> 3291355.1 | P15: =+IF(O15>(566700*2),0,67800) -> 0
A16: Coordinador General del Programa (4) | D16: X | G16: X | I16: 3202707.2 | J16: =+IF(I16>(496900*2),0,59300) -> 0 | K16: 3298788.4 | L16: =+IF(K16>(515000*2),0,61500) -> 0 | M16: =+K16*1.029 -> 3394453.3 | N16: =+IF(M16>(535600*2),0,63600) -> 0 | O16: =+M16*1.0377 -> 3522424.1 | P16: =+IF(O16>(566700*2),0,67800) -> 0
A17: Auxiliar Coordinador (1) | C17: X | F17: X | I17: 2510202.9 | J17: =+IF(I17>(496900*2),0,59300) -> 0 | K17: 2585509 | L17: =+IF(K17>(515000*2),0,61500) -> 0 | M17: =+K17*1.029 -> 2660488.8 | N17: =+IF(M17>(535600*2),0,63600) -> 0 | O17: =+M17*1.0377 -> 2760789.2 | P17: =+IF(O17>(566700*2),0,67800) -> 0
A18: Auxiliar Coordinador (2) | C18: X | I18: 1631632 | J18: =+IF(I18>(496900*2),0,59300) -> 0 | K18: 1680581 | L18: =+IF(K18>(515000*2),0,61500) -> 0 | M18: =+K18*1.029 -> 1729317.8 | N18: =+IF(M18>(535600*2),0,63600) -> 0 | O18: =+M18*1.0377 -> 1794513.1 | P18: =+IF(O18>(566700*2),0,67800) -> 0
A19: Operador Coordinador (Bachiller) | D19: X | I19: 957635.65 | J19: =+IF(I19>(496900*2),0,59300) -> 59300 | K19: 986364.72 | L19: =+IF(K19>(515000*2),0,61500) -> 61500 | M19: =+K19*1.029 -> 1014969.3 | N19: =+IF(M19>(535600*2),0,63600) -> 63600 | O19: =+M19*1.0377 -> 1053233.6 | P19: =+IF(O19>(566700*2),0,67800) -> 67800
A20: TÉCNICO
A21: Técnico (1) | B21: X | J21: =+IF(I21>(496900*2),0,59300) -> 59300 | K21: 635270 | L21: =+IF(K21>(515000*2),0,61500) -> 61500 | M21: =+K21*1.029 -> 653692.83 | N21: =+IF(M21>(535600*2),0,63600) -> 63600 | O21: =+M21*1.0377 -> 678337.05 | P21: =+IF(O21>(566700*2),0,67800) -> 67800
A22: Técnico (2) | C22: X | I22: 753061.1 | J22: =+IF(I22>(496900*2),0,59300) -> 59300 | K22: 714366.97 | L22: =+IF(K22>(515000*2),0,61500) -> 61500 | M22: =+K22*1.029 -> 735083.61 | N22: =+IF(M22>(535600*2),0,63600) -> 63600 | O22: =+M22*1.0377 -> 762796.26 | P22: =+IF(O22>(566700*2),0,67800) -> 67800
A23: Técnico (3) | D23: X | J23: =+IF(I23>(496900*2),0,59300) -> 59300 | K23: 812648 | L23: =+IF(K23>(515000*2),0,61500) -> 61500 | M23: =+K23*1.029 -> 836214.79 | N23: =+IF(M23>(535600*2),0,63600) -> 63600 | O23: =+M23*1.0377 -> 867740.09 | P23: =+IF(O23>(566700*2),0,67800) -> 67800
A24: Técnico (4) | D24: X | H24: X | J24: =+IF(I24>(496900*2),0,59300) -> 59300 | K24: 1258666 | L24: =+IF(K24>(515000*2),0,61500) -> 0 | M24: =+K24*1.029 -> 1295167.3 | N24: =+IF(M24>(535600*2),0,63600) -> 0 | O24: =+M24*1.0377 -> 1343995.1 | P24: =+IF(O24>(566700*2),0,67800) -> 0
A25: TECNÓLOGO | J25: =+IF(I25>(496900*2),0,59300) -> 59300
A26: Tecnólogo (1) | B26: X | J26: =+IF(I26>(496900*2),0,59300) -> 59300 | K26: 831194 | L26: =+IF(K26>(515000*2),0,61500) -> 61500 | M26: =+K26*1.029 -> 855298.63 | N26: =+IF(M26>(535600*2),0,63600) -> 63600 | O26: =+M26*1.0377 -> 887543.38 | P26: =+IF(O26>(566700*2),0,67800) -> 67800
A27: Tecnólogo (2) | C27: X | I27: 941326.38 | J27: =+IF(I27>(496900*2),0,59300) -> 59300 | K27: 1048808.1 | L27: =+IF(K27>(515000*2),0,61500) -> 0 | M27: =+K27*1.029 -> 1079223.5 | N27: =+IF(M27>(535600*2),0,63600) -> 0 | O27: =+M27*1.0377 -> 1119910.2 | P27: =+IF(O27>(566700*2),0,67800) -> 67800
A28: Tecnólogo (3) | C28: X | H28: X | J28: =+IF(I28>(496900*2),0,59300) -> 59300 | K28: 1424905 | L28: =+IF(K28>(515000*2),0,61500) -> 0 | M28: =+K28*1.029 -> 1466227.2 | N28: =+IF(M28>(535600*2),0,63600) -> 0 | O28: =+M28*1.0377 -> 1521504 | P28: =+IF(O28>(566700*2),0,67800) -> 0
A29: Tecnólogo (4) | D29: X | I29: 1089519.1 | J29: =+IF(I29>(496900*2),0,59300) -> 0 | K29: 1273554.8 | L29: =+IF(K29>(515000*2),0,61500) -> 0 | M29: =+K29*1.029 -> 1310487.9 | N29: =+IF(M29>(535600*2),0,63600) -> 0 | O29: =+M29*1.0377 -> 1359893.3 | P29: =+IF(O29>(566700*2),0,67800) -> 0
A30: PROFESIONAL
A31: Profesional (1) | B31: X | E31: X | J31: =+IF(I31>(496900*2),0,59300) -> 59300 | K31: 1535296 | L31: =+IF(K31>(515000*2),0,61500) -> 0 | M31: =+K31*1.029 -> 1579819.6 | N31: =+IF(M31>(535600*2),0,63600) -> 0 | O31: =+M31*1.0377 -> 1639378.8 | P31: =+IF(O31>(566700*2),0,67800) -> 0
A32: Profesional (2) | B32: X | E32: X | H32: X | J32: =+IF(I32>(496900*2),0,59300) -> 59300 | K32: 2015049 | L32: =+IF(K32>(515000*2),0,61500) -> 0 | M32: =+K32*1.029 -> 2073485.4 | N32: =+IF(M32>(535600*2),0,63600) -> 0 | O32: =+M32*1.0377 -> 2151655.8 | P32: =+IF(O32>(566700*2),0,67800) -> 0
A33: Profesional (3) | C33: X | E33: X | I33: 1506121.1 | J33: =+IF(I33>(496900*2),0,59300) -> 0 | K33: 1610313.8 | L33: =+IF(K33>(515000*2),0,61500) -> 0 | M33: =+K33*1.029 -> 1657012.9 | N33: =+IF(M33>(535600*2),0,63600) -> 0 | O33: =+M33*1.0377 -> 1719482.3 | P33: =+IF(O33>(566700*2),0,67800) -> 0 | Q33: =+[10]R.H.!$D$11-O33 -> 450155.98
A34: Profesional (4) | D34: X | E34: X | J34: =+IF(I34>(496900*2),0,59300) -> 59300 | K34: 1784567.5 | L34: =+IF(K34>(515000*2),0,61500) -> 0 | M34: =+K34*1.029 -> 1836320 | N34: =+IF(M34>(535600*2),0,63600) -> 0 | O34: =+M34*1.0377 -> 1905549.2 | P34: =+IF(O34>(566700*2),0,67800) -> 0
A35: Profesional (6) | B35: X | F35: X | J35: =+IF(I35>(496900*2),0,59300) -> 59300 | K35: 2144996 | L35: =+IF(K35>(515000*2),0,61500) -> 0 | M35: =+K35*1.029 -> 2207200.9 | N35: =+IF(M35>(535600*2),0,63600) -> 0 | O35: =+M35*1.0377 -> 2290412.4 | P35: =+IF(O35>(566700*2),0,67800) -> 0
A36: Profesional (7) | B36: X | F36: X | H36: X | J36: =+IF(I36>(496900*2),0,59300) -> 59300 | K36: 2681245 | L36: =+IF(K36>(515000*2),0,61500) -> 0 | M36: =+K36*1.029 -> 2759001.1 | N36: =+IF(M36>(535600*2),0,63600) -> 0 | O36: =+M36*1.0377 -> 2863015.4 | P36: =+IF(O36>(566700*2),0,67800) -> 0
A37: Profesional (8) | C37: X | F37: X | I37: 2259182.2 | J37: =+IF(I37>(496900*2),0,59300) -> 0 | K37: 2326957.6 | L37: =+IF(K37>(515000*2),0,61500) -> 0 | M37: =+K37*1.029 -> 2394439.4 | N37: =+IF(M37>(535600*2),0,63600) -> 0 | O37: =+M37*1.0377 -> 2484709.8 | P37: =+IF(O37>(566700*2),0,67800) -> 0
A38: Profesional (9) | D38: X | F38: X | J38: =+IF(I38>(496900*2),0,59300) -> 59300 | K38: 2681245 | L38: =+IF(K38>(515000*2),0,61500) -> 0 | M38: =+K38*1.029 -> 2759001.1 | N38: =+IF(M38>(535600*2),0,63600) -> 0 | O38: =+M38*1.0377 -> 2863015.4 | P38: =+IF(O38>(566700*2),0,67800) -> 0
A39: Profesional (10) | D39: X | F39: X | H39: X | J39: =+IF(I39>(496900*2),0,59300) -> 59300 | K39: 3002995 | L39: =+IF(K39>(515000*2),0,61500) -> 0 | M39: =+K39*1.029 -> 3090081.9 | N39: =+IF(M39>(535600*2),0,63600) -> 0 | O39: =+M39*1.0377 -> 3206577.9 | P39: =+IF(O39>(566700*2),0,67800) -> 0
A40: Profesional (11) | B40: X | G40: X | J40: =+IF(I40>(496900*2),0,59300) -> 59300 | K40: 2788495 | L40: =+IF(K40>(515000*2),0,61500) -> 0 | M40: =+K40*1.029 -> 2869361.4 | N40: =+IF(M40>(535600*2),0,63600) -> 0 | O40: =+M40*1.0377 -> 2977536.3 | P40: =+IF(O40>(566700*2),0,67800) -> 0
A41: Profesional (12) | B41: X | G41: X | H41: X | J41: =+IF(I41>(496900*2),0,59300) -> 59300 | K41: 3217494 | L41: =+IF(K41>(515000*2),0,61500) -> 0 | M41: =+K41*1.029 -> 3310801.3 | N41: =+IF(M41>(535600*2),0,63600) -> 0 | O41: =+M41*1.0377 -> 3435618.5 | P41: =+IF(O41>(566700*2),0,67800) -> 0
A42: Profesional (13) | D42: X | G42: X | I42: 2886732.3 | J42: =+IF(I42>(496900*2),0,59300) -> 0 | K42: 3095414.1 | L42: =+IF(K42>(515000*2),0,61500) -> 0 | M42: =+K42*1.029 -> 3185181.2 | N42: =+IF(M42>(535600*2),0,63600) -> 0 | O42: =+M42*1.0377 -> 3305262.5 | P42: =+IF(O42>(566700*2),0,67800) -> 0
A43: Profesional (14) | D43: X | G43: X | H43: X | J43: =+IF(I43>(496900*2),0,59300) -> 59300 | K43: 3753743 | L43: =+IF(K43>(515000*2),0,61500) -> 0 | M43: =+K43*1.029 -> 3862601.5 | N43: =+IF(M43>(535600*2),0,63600) -> 0 | O43: =+M43*1.0377 -> 4008221.6 | P43: =+IF(O43>(566700*2),0,67800) -> 0
A44: MEDICINA
A45: Medico General | B45: X | E45: X | J45: =+IF(I45>(496900*2),0,59300) -> 59300 | K45: 3366952 | L45: =+IF(K45>(515000*2),0,61500) -> 0 | M45: =+K45*1.029 -> 3464593.6 | N45: =+IF(M45>(535600*2),0,63600) -> 0 | O45: =+M45*1.0377 -> 3595208.8 | P45: =+IF(O45>(566700*2),0,67800) -> 0
A46: Medico General | C46: X | E46: X | I46: 2070916.9 | J46: =+IF(I46>(496900*2),0,59300) -> 0 | K46: 2813977.7 | L46: =+IF(K46>(515000*2),0,61500) -> 0 | M46: =+K46*1.029 -> 2895583.1 | N46: =+IF(M46>(535600*2),0,63600) -> 0 | O46: =+M46*1.0377 -> 3004746.5 | P46: =+IF(O46>(566700*2),0,67800) -> 0
A47: Medico General | C47: X | F47: X | I47: 2864291.2 | J47: =+IF(I47>(496900*2),0,59300) -> 0 | K47: 2950219.9 | L47: =+IF(K47>(515000*2),0,61500) -> 0 | M47: =+K47*1.029 -> 3035776.3 | N47: =+IF(M47>(535600*2),0,63600) -> 0 | O47: =+M47*1.0377 -> 3150225.1 | P47: =+IF(O47>(566700*2),0,67800) -> 0
A48: Medico General | D48: X | E48: X | J48: =+IF(I48>(496900*2),0,59300) -> 59300 | K48: 3623238 | L48: =+IF(K48>(515000*2),0,61500) -> 0 | M48: =+K48*1.029 -> 3728311.9 | N48: =+IF(M48>(535600*2),0,63600) -> 0 | O48: =+M48*1.0377 -> 3868869.3 | P48: =+IF(O48>(566700*2),0,67800) -> 0
A49: Enfermero Profesional | B49: X | J49: =+IF(I49>(496900*2),0,59300) -> 59300 | K49: 1700000 | L49: =+IF(K49>(515000*2),0,61500) -> 0 | M49: =+K49*1.029 -> 1749300 | N49: =+IF(M49>(535600*2),0,63600) -> 0 | O49: =+M49*1.0377 -> 1815248.6 | P49: =+IF(O49>(566700*2),0,67800) -> 0
A50: Enfermero Profesional | C50: X | J50: =+IF(I50>(496900*2),0,59300) -> 59300 | K50: 1980000 | L50: =+IF(K50>(515000*2),0,61500) -> 0 | M50: =+K50*1.029 -> 2037420 | N50: =+IF(M50>(535600*2),0,63600) -> 0 | O50: =+M50*1.0377 -> 2114230.7 | P50: =+IF(O50>(566700*2),0,67800) -> 0
A51: Auxiliar de Enfermería | C51: X | I51: 838091.6 | J51: =+IF(I51>(496900*2),0,59300) -> 59300 | K51: 863234.35 | L51: =+IF(K51>(515000*2),0,61500) -> 61500 | M51: =+K51*1.029 -> 888268.14 | N51: =+IF(M51>(535600*2),0,63600) -> 63600 | O51: =+M51*1.0377 -> 921755.85 | P51: =+IF(O51>(566700*2),0,67800) -> 67800
A52: Auxiliar de Gerontología | C52: X | I52: 753061.1 | J52: =+IF(I52>(496900*2),0,59300) -> 59300 | K52: 775652.94 | L52: =+IF(K52>(515000*2),0,61500) -> 61500 | M52: =+K52*1.029 -> 798146.87 | N52: =+IF(M52>(535600*2),0,63600) -> 63600 | O52: =+M52*1.0377 -> 828237.01 | P52: =+IF(O52>(566700*2),0,67800) -> 67800
A53: Medico Psiquiatra | D53: X | F53: X | I53: 3295628.8 | J53: =+IF(I53>(496900*2),0,59300) -> 0 | K53: 3394497.7 | L53: =+IF(K53>(515000*2),0,61500) -> 0 | M53: =+K53*1.029 -> 3492938.1 | N53: =+IF(M53>(535600*2),0,63600) -> 0 | O53: =+M53*1.0377 -> 3624621.9 | P53: =+IF(O53>(566700*2),0,67800) -> 0
A54: Odontologo | C54: X | I54: 2259182.2 | J54: =+IF(I54>(496900*2),0,59300) -> 0 | K54: 2326957.6 | L54: =+IF(K54>(515000*2),0,61500) -> 0 | M54: =+K54*1.029 -> 2394439.4 | N54: =+IF(M54>(535600*2),0,63600) -> 0 | O54: =+M54*1.0377 -> 2484709.8 | P54: =+IF(O54>(566700*2),0,67800) -> 0
A55: SECRETARIA | J55: =+IF(I55>(496900*2),0,59300) -> 59300
A56: Secretaria General (Técnica) | C56: X | I56: 838091.6 | J56: =+IF(I56>(496900*2),0,59300) -> 59300 | K56: 866460.67 | L56: =+IF(K56>(515000*2),0,61500) -> 61500 | M56: =+K56*1.029 -> 891588.03 | N56: =+IF(M56>(535600*2),0,63600) -> 63600 | O56: =+M56*1.0377 -> 925200.9 | P56: =+IF(O56>(566700*2),0,67800) -> 67800
A57: Secretaria General (Atención al Público) | C57: X | J57: =+IF(I57>(496900*2),0,59300) -> 59300 | K57: 918924 | L57: =+IF(K57>(515000*2),0,61500) -> 61500 | M57: =+K57*1.029 -> 945572.8 | N57: =+IF(M57>(535600*2),0,63600) -> 63600 | O57: =+M57*1.0377 -> 981220.89 | P57: =+IF(O57>(566700*2),0,67800) -> 67800
A58: Secretaria Auxiliar Contable (Tecnica) | C58: X | I58: 838091.6 | J58: =+IF(I58>(496900*2),0,59300) -> 59300 | K58: 863234.35 | L58: =+IF(K58>(515000*2),0,61500) -> 61500 | M58: =+K58*1.029 -> 888268.14 | N58: =+IF(M58>(535600*2),0,63600) -> 63600 | O58: =+M58*1.0377 -> 921755.85 | P58: =+IF(O58>(566700*2),0,67800) -> 67800
A59: Secretaria Digitadora | C59: X | I59: 515572.41 | J59: =+IF(I59>(496900*2),0,59300) -> 59300 | K59: 531039.58 | L59: =+IF(K59>(515000*2),0,61500) -> 61500 | M59: =+K59*1.029 -> 546439.73 | N59: =+IF(M59>(535600*2),0,63600) -> 63600 | O59: =+M59*1.0377 -> 567040.51 | P59: =+IF(O59>(566700*2),0,67800) -> 67800
A60: Secretarias administrativas y asistentes personales (Técnico) | B60: X | J60: =+IF(I60>(496900*2),0,59300) -> 59300 | K60: 613625 | L60: =+IF(K60>(515000*2),0,61500) -> 61500 | M60: =+K60*1.029 -> 631420.12 | N60: =+IF(M60>(535600*2),0,63600) -> 63600 | O60: =+M60*1.0377 -> 655224.66 | P60: =+IF(O60>(566700*2),0,67800) -> 67800
A61: Secretarias administrativas y asistentes personales (Técnico) | C61: X | J61: =+IF(I61>(496900*2),0,59300) -> 59300 | K61: 642292 | L61: =+IF(K61>(515000*2),0,61500) -> 61500 | M61: =+K61*1.029 -> 660918.47 | N61: =+IF(M61>(535600*2),0,63600) -> 63600 | O61: =+M61*1.0377 -> 685835.09 | P61: =+IF(O61>(566700*2),0,67800) -> 67800
A62: Secretarias administrativas y asistentes personales (Técnico) | D62: X | J62: =+IF(I62>(496900*2),0,59300) -> 59300 | K62: 674184 | L62: =+IF(K62>(515000*2),0,61500) -> 61500 | M62: =+K62*1.029 -> 693735.34 | N62: =+IF(M62>(535600*2),0,63600) -> 63600 | O62: =+M62*1.0377 -> 719889.16 | P62: =+IF(O62>(566700*2),0,67800) -> 67800
A63: VARIOS
A64: Operador Calificado | C64: X | I64: 837931.2 | J64: =+IF(I64>(496900*2),0,59300) -> 59300 | K64: 863069.13 | L64: =+IF(K64>(515000*2),0,61500) -> 61500 | M64: =+K64*1.029 -> 888098.14 | N64: =+IF(M64>(535600*2),0,63600) -> 63600 | O64: =+M64*1.0377 -> 921579.44 | P64: =+IF(O64>(566700*2),0,67800) -> 67800
A65: Auxiliar Educativo (Bachiller) | D65: X | I65: 496900 | J65: =+IF(I65>(496900*2),0,59300) -> 59300 | K65: 515000 | L65: =+IF(K65>(515000*2),0,61500) -> 61500 | M65: =+K65*1.04 -> 535600 | N65: =+IF(M65>(535600*2),0,63600) -> 63600 | O65: 566700 | P65: =+IF(O65>(566700*2),0,67800) -> 67800
A66: Bachiller | B66: X | I66: 496900 | J66: =+IF(I66>(496900*2),0,59300) -> 59300 | K66: 515000 | L66: =+IF(K66>(515000*2),0,61500) -> 61500 | M66: =+K66*1.04 -> 535600 | N66: =+IF(M66>(535600*2),0,63600) -> 63600 | O66: 566700 | P66: =+IF(O66>(566700*2),0,67800) -> 67800
A67: Oficios Varios | C67: X | I67: 496900 | J67: =+IF(I67>(496900*2),0,59300) -> 59300 | K67: 515000 | L67: =+IF(K67>(515000*2),0,61500) -> 61500 | M67: =+K67*1.04 -> 535600 | N67: =+IF(M67>(535600*2),0,63600) -> 63600 | O67: 566700 | P67: =+IF(O67>(566700*2),0,67800) -> 67800
A68: Vigilante | C68: X | I68: 496900 | J68: =+IF(I68>(496900*2),0,59300) -> 59300 | K68: 515000 | L68: =+IF(K68>(515000*2),0,61500) -> 61500 | M68: =+K68*1.04 -> 535600 | N68: =+IF(M68>(535600*2),0,63600) -> 63600 | O68: 566700 | P68: =+IF(O68>(566700*2),0,67800) -> 67800
A72: VICTOR MANUEL MONSALVE RIOS
A73: Secretario (e) de la Secretaria de Bienestar Social
